Workbook

Sheet Planilha Orçamentária
B2: PREFEITURA MUNICIPAL DE SÃO ROQUE DO CANAÃ
B8: PLANILHA ORÇAMENTÁRIA
B9: OBRA: Reforma Unidade de Saúde Ethevaldo Francisco Roldi
B10: LOCAL: Rua Olivio Perini- n: 107, Cinco Casinhas - São Roque do Canaã | G10: BDI: | H10: MATERIAL | I10: GERAL | J10: DATA
B11: REFERÊNCIAS (PLANILHA): DER/ES EDIFICAÇÕES – NOVEMBRO/2023, Sem Desoneração: Encargos Sociais: 157,27% | H11: 0.1557 | I11: 0.3325 | J11: FEVEREIRO/2024
B12: REFERÊNCIAS (COMPOSIÇÕES): DER/ES EDIFICAÇÕES; SINAPI; ORSE; SCO RIO – NOVEMBRO/2023, Sem Desoneração: Encargos Sociais de acordo com cada órgão referencial | L12: 0.2229
B13: ITEM | C13: CÓDIGO | D13: REF. | E13: DESCRIÇÃO | F13: UND | G13: QUANT. | H13: UNIT. S/ BDI | I13: UNIT. C/ BDI | J13: TOTAL
B14: 1 | E14: INSTALAÇÃO DO CANTEIRO DE OBRAS
B15: 1.1 | C15: 20305 | D15: =VLOOKUP(C15,'SERVIÇOS SINAPI-DER NOV-2023'!$A$2:$E$890400,2,0) -> DER/ES | E15: =VLOOKUP(C15,'SERVIÇOS SINAPI-DER NOV-2023'!$A$2:$E$890400,3,0) -> Placa de obra nas dimensões de 2.0 x 4.0 m, padrão DER | F15: =VLOOKUP(C15,'SERVIÇOS SINAPI-DER NOV-2023'!$A$2:$E$890400,4,0) -> m2 | G15: =VLOOKUP(C15,'Memória de Cálculo'!B11:G531,6,0) -> 8 | H15: =VLOOKUP(C15,'SERVIÇOS SINAPI-DER NOV-2023'!$A$2:$E$890400,5,0) -> 329.94 | I15: =H15*(1+$L$12) -> 403.48363 | J15: =G15*I15 -> 3227.869 | L15: =C15 -> 20305 | M15: =B15 -> 1.1 | N15: =F15 -> m2 | O15: =E15 -> Placa de obra nas dimensões de 2.0 x 4.0 m, padrão DER
B16: 1.2 | C16: 20702 | D16: =VLOOKUP(C16,'SERVIÇOS SINAPI-DER NOV-2023'!$A$2:$E$890400,2,0) -> DER/ES | E16: =VLOOKUP(C16,'SERVIÇOS SINAPI-DER NOV-2023'!$A$2:$E$890400,3,0) -> Barracão para almoxarifado área de 10.90m2, de chapa de compensado de 12mm e pontalete 8x8cm, piso cimentado e cobertura de telhas de fibrocimento de 6mm, incl. ponto de luz, conf. projeto (1 utilização) | F16: =VLOOKUP(C16,'SERVIÇOS SINAPI-DER NOV-2023'!$A$2:$E$890400,4,0) -> m2 | G16: =VLOOKUP(C16,'Memória de Cálculo'!B12:G532,6,0) -> 10.9 | H16: =VLOOKUP(C16,'SERVIÇOS SINAPI-DER NOV-2023'!$A$2:$E$890400,5,0) -> 611.26 | I16: =H16*(1+$L$12) -> 747.50985 | J16: =G16*I16 -> 8147.8574 | L16: =C16 -> 20702 | M16: =B16 -> 1.2 | N16: =F16 -> m2 | O16: =E16 -> Barracão para almoxarifado área de 10.90m2, de chapa de compensado de 12mm e pontalete 8x8cm, piso cimentado e cobertura de telhas de fibrocimento de 6mm, incl. ponto de luz, conf. projeto (1 utilização)
B17: Total do item | J17: =SUM(J15:J16) -> 11375.726 | L17: =C17 -> 0 | M17: =B17 -> Total do item | N17: =F17 -> 0 | O17: =E17 -> 0
B19: 2 | E19: SERVIÇOS PRELIMINARES | L19: =C19 -> 0 | M19: =B19 -> 2 | N19: =F19 -> 0 | O19: =E19 -> SERVIÇOS PRELIMINARES
B20: 2.1 | C20: 10209 | D20: =VLOOKUP(C20,'SERVIÇOS SINAPI-DER NOV-2023'!$A$2:$E$890400,2,0) -> DER/ES | E20: =VLOOKUP(C20,'SERVIÇOS SINAPI-DER NOV-2023'!$A$2:$E$890400,3,0) -> Demolição de alvenaria | F20: =VLOOKUP(C20,'SERVIÇOS SINAPI-DER NOV-2023'!$A$2:$E$890400,4,0) -> m3 | G20: =VLOOKUP(C20,'Memória de Cálculo'!B16:G536,6,0) -> 18.91 | H20: =VLOOKUP(C20,'SERVIÇOS SINAPI-DER NOV-2023'!$A$2:$E$890400,5,0) -> 57.46 | I20: =H20*(1+$L$12) -> 70.267834 | J20: =G20*I20 -> 1328.7647 | L20: =C20 -> 10209 | M20: =B20 -> 2.1 | N20: =F20 -> m3 | O20: =E20 -> Demolição de alvenaria
B21: 2.2 | C21: 10246 | D21: =VLOOKUP(C21,'SERVIÇOS SINAPI-DER NOV-2023'!$A$2:$E$890400,2,0) -> DER/ES | E21: =VLOOKUP(C21,'SERVIÇOS SINAPI-DER NOV-2023'!$A$2:$E$890400,3,0) -> Lixamento de parede com pintura antiga PVA para recebimento de nova camada de tinta | F21: =VLOOKUP(C21,'SERVIÇOS SINAPI-DER NOV-2023'!$A$2:$E$890400,4,0) -> m2 | G21: =VLOOKUP(C21,'Memória de Cálculo'!B17:G538,6,0) -> 463.58 | H21: =VLOOKUP(C21,'SERVIÇOS SINAPI-DER NOV-2023'!$A$2:$E$890400,5,0) -> 3.61 | I21: =H21*(1+$L$12) -> 4.414669 | J21: =G21*I21 -> 2046.5523 | L21: =C21 -> 10246 | M21: =B21 -> 2.2 | N21: =F21 -> m2 | O21: =E21 -> Lixamento de parede com pintura antiga PVA para recebimento de nova camada de tinta
B22: 2.3 | C22: 10225 | D22: =VLOOKUP(C22,'SERVIÇOS SINAPI-DER NOV-2023'!$A$2:$E$890400,2,0) -> DER/ES | E22: =VLOOKUP(C22,'SERVIÇOS SINAPI-DER NOV-2023'!$A$2:$E$890400,3,0) -> Retirada de bancada de pia | F22: =VLOOKUP(C22,'SERVIÇOS SINAPI-DER NOV-2023'!$A$2:$E$890400,4,0) -> m2 | G22: =VLOOKUP(C22,'Memória de Cálculo'!B17:G539,6,0) -> 8.88 | H22: =VLOOKUP(C22,'SERVIÇOS SINAPI-DER NOV-2023'!$A$2:$E$890400,5,0) -> 23.77 | I22: =H22*(1+$L$12) -> 29.068333 | J22: =G22*I22 -> 258.1268 | L22: =C22 -> 10225 | M22: =B22 -> 2.3 | N22: =F22 -> m2 | O22: =E22 -> Retirada de bancada de pia
B23: 2.4 | C23: 10214 | D23: =VLOOKUP(C23,'SERVIÇOS SINAPI-DER NOV-2023'!$A$2:$E$890400,2,0) -> DER/ES | E23: =VLOOKUP(C23,'SERVIÇOS SINAPI-DER NOV-2023'!$A$2:$E$890400,3,0) -> Retirada de portas e janelas de madeira, inclusive batentes | F23: =VLOOKUP(C23,'SERVIÇOS SINAPI-DER NOV-2023'!$A$2:$E$890400,4,0) -> m2 | G23: =VLOOKUP(C23,'Memória de Cálculo'!B18:G540,6,0) -> 15.96 | H23: =VLOOKUP(C23,'SERVIÇOS SINAPI-DER NOV-2023'!$A$2:$E$890400,5,0) -> 15.32 | I23: =H23*(1+$L$12) -> 18.734828 | J23: =G23*I23 -> 299.00785 | L23: =C23 -> 10214 | M23: =B23 -> 2.4 | N23: =F23 -> m2 | O23: =E23 -> Retirada de portas e janelas de madeira, inclusive batentes
B24: 2.5 | C24: 10208 | D24: =VLOOKUP(C24,'SERVIÇOS SINAPI-DER NOV-2023'!$A$2:$E$890400,2,0) -> DER/ES | E24: =VLOOKUP(C24,'SERVIÇOS SINAPI-DER NOV-2023'!$A$2:$E$890400,3,0) -> Retirada de revestimento antigo em reboco | F24: =VLOOKUP(C24,'SERVIÇOS SINAPI-DER NOV-2023'!$A$2:$E$890400,4,0) -> m2 | G24: =VLOOKUP(C24,'Memória de Cálculo'!B20:G543,6,0) -> 63.43 | H24: =VLOOKUP(C24,'SERVIÇOS SINAPI-DER NOV-2023'!$A$2:$E$890400,5,0) -> 9.58 | I24: =H24*(1+$L$12) -> 11.715382 | J24: =G24*I24 -> 743.10668 | L24: =C24 -> 10208 | M24: =B24 -> 2.5 | N24: =F24 -> m2 | O24: =E24 -> Retirada de revestimento antigo em reboco
B25: 2.6 | C25: 10259 | D25: =VLOOKUP(C25,'SERVIÇOS SINAPI-DER NOV-2023'!$A$2:$E$890400,2,0) -> DER/ES | E25: =VLOOKUP(C25,'SERVIÇOS SINAPI-DER NOV-2023'!$A$2:$E$890400,3,0) -> Retirada de rodapé de madeira ou cerâmica | F25: =VLOOKUP(C25,'SERVIÇOS SINAPI-DER NOV-2023'!$A$2:$E$890400,4,0) -> m | G25: =VLOOKUP(C25,'Memória de Cálculo'!B22:G545,6,0) -> 252.38 | H25: =VLOOKUP(C25,'SERVIÇOS SINAPI-DER NOV-2023'!$A$2:$E$890400,5,0) -> 2.23 | I25: =H25*(1+$L$12) -> 2.727067 | J25: =G25*I25 -> 688.25717 | L25: =C25 -> 10259 | M25: =B25 -> 2.6 | N25: =F25 -> m | O25: =E25 -> Retirada de rodapé de madeira ou cerâmica
B26: 2.7 | C26: 10215 | D26: =VLOOKUP(C26,'SERVIÇOS SINAPI-DER NOV-2023'!$A$2:$E$890400,2,0) -> DER/ES | E26: =VLOOKUP(C26,'SERVIÇOS SINAPI-DER NOV-2023'!$A$2:$E$890400,3,0) -> Retirada de esquadrias metálicas | F26: =VLOOKUP(C26,'SERVIÇOS SINAPI-DER NOV-2023'!$A$2:$E$890400,4,0) -> m2 | G26: =VLOOKUP(C26,'Memória de Cálculo'!B23:G546,6,0) -> 7.8 | H26: =VLOOKUP(C26,'SERVIÇOS SINAPI-DER NOV-2023'!$A$2:$E$890400,5,0) -> 9.58 | I26: =H26*(1+$L$12) -> 11.715382 | J26: =G26*I26 -> 91.37998 | L26: =C26 -> 10215 | M26: =B26 -> 2.7 | N26: =F26 -> m2 | O26: =E26 -> Retirada de esquadrias metálicas
B27: 2.8 | C27: 10323 | D27: =VLOOKUP(C27,'SERVIÇOS SINAPI-DER NOV-2023'!$A$2:$E$890400,2,0) -> DER/ES | E27: =VLOOKUP(C27,'SERVIÇOS SINAPI-DER NOV-2023'!$A$2:$E$890400,3,0) -> Retirada de torneiras e registros | F27: =VLOOKUP(C27,'SERVIÇOS SINAPI-DER NOV-2023'!$A$2:$E$890400,4,0) -> und | G27: =VLOOKUP(C27,'Memória de Cálculo'!B24:G547,6,0) -> 1 | H27: =VLOOKUP(C27,'SERVIÇOS SINAPI-DER NOV-2023'!$A$2:$E$890400,5,0) -> 10.48 | I27: =H27*(1+$L$12) -> 12.815992 | J27: =G27*I27 -> 12.815992 | L27: =C27 -> 10323 | M27: =B27 -> 2.8 | N27: =F27 -> und | O27: =E27 -> Retirada de torneiras e registros
B28: 2.9 | C28: 10271 | D28: =VLOOKUP(C28,'SERVIÇOS SINAPI-DER NOV-2023'!$A$2:$E$890400,2,0) -> DER/ES | E28: =VLOOKUP(C28,'SERVIÇOS SINAPI-DER NOV-2023'!$A$2:$E$890400,3,0) -> Retirada de caixas/quadros elétricos | F28: =VLOOKUP(C28,'SERVIÇOS SINAPI-DER NOV-2023'!$A$2:$E$890400,4,0) -> und | G28: =VLOOKUP(C28,'Memória de Cálculo'!B25:G548,6,0) -> 2 | H28: =VLOOKUP(C28,'SERVIÇOS SINAPI-DER NOV-2023'!$A$2:$E$890400,5,0) -> 14.23 | I28: =H28*(1+$L$12) -> 17.401867 | J28: =G28*I28 -> 34.803734 | L28: =C28 -> 10271 | M28: =B28 -> 2.9 | N28: =F28 -> und | O28: =E28 -> Retirada de caixas/quadros elétricos
B29: 2.10 | C29: 10240 | D29: =VLOOKUP(C29,'SERVIÇOS SINAPI-DER NOV-2023'!$A$2:$E$890400,2,0) -> DER/ES | E29: =VLOOKUP(C29,'SERVIÇOS SINAPI-DER NOV-2023'!$A$2:$E$890400,3,0) -> Retirada de pontos elétricos (luminárias, interruptores e tomadas) | F29: =VLOOKUP(C29,'SERVIÇOS SINAPI-DER NOV-2023'!$A$2:$E$890400,4,0) -> und | G29: =VLOOKUP(C29,'Memória de Cálculo'!B26:G549,6,0) -> 1 | H29: =VLOOKUP(C29,'SERVIÇOS SINAPI-DER NOV-2023'!$A$2:$E$890400,5,0) -> 10.48 | I29: =H29*(1+$L$12) -> 12.815992 | J29: =G29*I29 -> 12.815992 | L29: =C29 -> 10240 | M29: =B29 -> 2.10 | N29: =F29 -> und | O29: =E29 -> Retirada de pontos elétricos (luminárias, interruptores e tomadas)
B30: 2.11 | C30: 10264 | D30: =VLOOKUP(C30,'SERVIÇOS SINAPI-DER NOV-2023'!$A$2:$E$890400,2,0) -> DER/ES | E30: =VLOOKUP(C30,'SERVIÇOS SINAPI-DER NOV-2023'!$A$2:$E$890400,3,0) -> Demolição de piso granilite | F30: =VLOOKUP(C30,'SERVIÇOS SINAPI-DER NOV-2023'!$A$2:$E$890400,4,0) -> m2 | G30: =VLOOKUP(C30,'Memória de Cálculo'!B23:G546,6,0) -> 319.3 | H30: =VLOOKUP(C30,'SERVIÇOS SINAPI-DER NOV-2023'!$A$2:$E$890400,5,0) -> 26.59 | I30: =H30*(1+$L$12) -> 32.516911 | J30: =G30*I30 -> 10382.65 | L30: =C30 -> 10264 | M30: =B30 -> 2.11 | N30: =F30 -> m2 | O30: =E30 -> Demolição de piso granilite
B31: 2.12 | C31: 142202 | D31: =VLOOKUP(C31,'SERVIÇOS SINAPI-DER NOV-2023'!$A$2:$E$890400,2,0) -> DER/ES | E31: =VLOOKUP(C31,'SERVIÇOS SINAPI-DER NOV-2023'!$A$2:$E$890400,3,0) -> Abertura e fechamento de rasgos em alvenaria, para passagem de tubulações, diâm. 11/4" a 2" | F31: =VLOOKUP(C31,'SERVIÇOS SINAPI-DER NOV-2023'!$A$2:$E$890400,4,0) -> m | G31: =VLOOKUP(C31,'Memória de Cálculo'!B24:G547,6,0) -> 7.6 | H31: =VLOOKUP(C31,'SERVIÇOS SINAPI-DER NOV-2023'!$A$2:$E$890400,5,0) -> 18.34 | I31: =H31*(1+$L$12) -> 22.427986 | J31: =G31*I31 -> 170.45269 | L31: =C31 -> 142202 | M31: =B31 -> 2.12 | N31: =F31 -> m | O31: =E31 -> Abertura e fechamento de rasgos em alvenaria, para passagem de tubulações, diâm. 11/4" a 2"
B32: 2.13 | C32: 10238 | D32: =VLOOKUP(C32,'SERVIÇOS SINAPI-DER NOV-2023'!$A$2:$E$890400,2,0) -> DER/ES | E32: =VLOOKUP(C32,'SERVIÇOS SINAPI-DER NOV-2023'!$A$2:$E$890400,3,0) -> Apicoamento de superfície com revestimento em argamassa | F32: =VLOOKUP(C32,'SERVIÇOS SINAPI-DER NOV-2023'!$A$2:$E$890400,4,0) -> m2 | G32: =VLOOKUP(C32,'Memória de Cálculo'!B25:G548,6,0) -> 36.85 | H32: =VLOOKUP(C32,'SERVIÇOS SINAPI-DER NOV-2023'!$A$2:$E$890400,5,0) -> 9.58 | I32: =H32*(1+$L$12) -> 11.715382 | J32: =G32*I32 -> 431.71183 | L32: =C32 -> 10238 | M32: =B32 -> 2.13 | N32: =F32 -> m2 | O32: =E32 -> Apicoamento de superfície com revestimento em argamassa
B33: 2.14 | C33: COMP-01 | E33: Remoção de vidro temperado fixado em perfil u. | F33: m2 | G33: =VLOOKUP(C33,'Memória de Cálculo'!B22:G549,6,0) -> 5.52 | H33: ='COMP-01'!J17 -> 12.644 | I33: =H33*(1+$L$12) -> 15.462348 | J33: =G33*I33 -> 85.352159 | L33: =C33 -> COMP-01 | M33: =B33 -> 2.14 | N33: =F33 -> m2 | O33: =E33 -> Remoção de vidro temperado fixado em perfil u.
B34: 2.15 | C34: COMP-02 | E34: Remoção de telhas, de fibrocimento, metálica e cerâmica, de forma manual, sem reaproveitamento | F34: m2 | G34: =VLOOKUP(C34,'Memória de Cálculo'!B23:G550,6,0) -> 182.62 | H34: ='COMP-02'!J17 -> 2.758 | I34: =H34*(1+$L$12) -> 3.3727582 | J34: =G34*I34 -> 615.9331 | L34: =C34 -> COMP-02 | M34: =B34 -> 2.15 | N34: =F34 -> m2 | O34: =E34 -> Remoção de telhas, de fibrocimento, metálica e cerâmica, de forma manual, sem reaproveitamento
B35: 2.16 | C35: COMP-03 | E35: Lixamento de madeira para aplicação de fundo ou pintura | F35: m2 | G35: =VLOOKUP(C35,'Memória de Cálculo'!B24:G551,6,0) -> 73.07 | H35: ='COMP-03'!J19 -> 1.86 | I35: =H35*(1+$L$12) -> 2.274594 | J35: =G35*I35 -> 166.20458 | L35: =C35 -> COMP-03 | M35: =B35 -> 2.16 | N35: =F35 -> m2 | O35: =E35 -> Lixamento de madeira para aplicação de fundo ou pintura
B36: 2.17 | C36: COMP-04 | E36: Remoção de forro de gesso, de forma manual, sem reaproveitamento | F36: m2 | G36: =VLOOKUP(C36,'Memória de Cálculo'!B24:G551,6,0) -> 369.11 | H36: ='COMP-04'!J17 -> 2.46 | I36: =H36*(1+$L$12) -> 3.008334 | J36: =G36*I36 -> 1110.4062 | L36: =C36 -> COMP-04 | M36: =B36 -> 2.17 | N36: =F36 -> m2 | O36: =E36 -> Remoção de forro de gesso, de forma manual, sem reaproveitamento
B37: Total do item | J37: =SUM(J20:J36) -> 18478.341 | L37: =C37 -> 0 | M37: =B37 -> Total do item | N37: =F37 -> 0 | O37: =E37 -> 0
L38: =C38 -> 0 | M38: =B38 -> 0 | N38: =F38 -> 0 | O38: =E38 -> 0
B39: 3 | E39: PAREDES E PAINÉIS | L39: =C39 -> 0 | M39: =B39 -> 3 | N39: =F39 -> 0 | O39: =E39 -> PAREDES E PAINÉIS
B40: 3.1 | C40: 50606 | D40: =VLOOKUP(C40,'SERVIÇOS SINAPI-DER NOV-2023'!$A$2:$E$890400,2,0) -> DER/ES | E40: =VLOOKUP(C40,'SERVIÇOS SINAPI-DER NOV-2023'!$A$2:$E$890400,3,0) -> Alvenaria de blocos cerâmicos 10 furos 10x20x20cm, assentados c/argamassa de cimento, cal hidratada CH1 e areia traço 1:0,5:8, esp. das juntas 12mm e esp. das paredes s/revestimento, 10cm (bloco comprado na fábrica, posto obra) | F40: =VLOOKUP(C40,'SERVIÇOS SINAPI-DER NOV-2023'!$A$2:$E$890400,4,0) -> m2 | G40: =VLOOKUP(C40,'Memória de Cálculo'!B29:G559,6,0) -> 46.94 | H40: =VLOOKUP(C40,'SERVIÇOS SINAPI-DER NOV-2023'!$A$2:$E$890400,5,0) -> 65.63 | I40: =H40*(1+$L$12) -> 80.258927 | J40: =G40*I40 -> 3767.354 | L40: =C40 -> 50606 | M40: =B40 -> 3.1 | N40: =F40 -> m2 | O40: =E40 -> Alvenaria de blocos cerâmicos 10 furos 10x20x20cm, assentados c/argamassa de cimento, cal hidratada CH1 e areia traço 1:0,5:8, esp. das juntas 12mm e esp. das paredes s/revestimento, 10cm (bloco comprado na fábrica, posto obra)
B41: 3.2 | C41: 50301 | D41: =VLOOKUP(C41,'SERVIÇOS SINAPI-DER NOV-2023'!$A$2:$E$890400,2,0) -> DER/ES | E41: =VLOOKUP(C41,'SERVIÇOS SINAPI-DER NOV-2023'!$A$2:$E$890400,3,0) -> Verga/contraverga reta de concreto armado 10 x 5 cm, Fck = 15 MPa, inclusive forma, armação e desforma | F41: =VLOOKUP(C41,'SERVIÇOS SINAPI-DER NOV-2023'!$A$2:$E$890400,4,0) -> m | G41: =VLOOKUP(C41,'Memória de Cálculo'!B30:G560,6,0) -> 7.6 | H41: =VLOOKUP(C41,'SERVIÇOS SINAPI-DER NOV-2023'!$A$2:$E$890400,5,0) -> 9.33 | I41: =H41*(1+$L$12) -> 11.409657 | J41: =G41*I41 -> 86.713393 | L41: =C41 -> 50301 | M41: =B41 -> 3.2 | N41: =F41 -> m | O41: =E41 -> Verga/contraverga reta de concreto armado 10 x 5 cm, Fck = 15 MPa, inclusive forma, armação e desforma
B42: 3.3 | C42: COMP-05 | E42: Parede com placas de gesso acartonado (DRYWALL), para uso interno, com duas faces simples e estrutura metálica com guias duplas, com vãos. | F42: m2 | G42: =VLOOKUP(C42,'Memória de Cálculo'!B31:G561,6,0) -> 28.05 | H42: ='COMP-05'!J28 -> 165.14 | I42: =H42*(1+$H$11) -> 190.8523 | J42: =G42*I42 -> 5353.407 | L42: =C42 -> COMP-05 | M42: =B42 -> 3.3 | N42: =F42 -> m2 | O42: =E42 -> Parede com placas de gesso acartonado (DRYWALL), para uso interno, com duas faces simples e estrutura metálica com guias duplas, com vãos.
B43: Total do item | J43: =SUM(J40:J42) -> 9207.4744 | L43: =C43 -> 0 | M43: =B43 -> Total do item | N43: =F43 -> 0 | O43: =E43 -> 0
L44: =C44 -> 0 | M44: =B44 -> 0 | N44: =F44 -> 0 | O44: =E44 -> 0
B45: 4 | E45: ESQUADRIAS DE MADEIRA | L45: =C45 -> 0 | M45: =B45 -> 4 | N45: =F45 -> 0 | O45: =E45 -> ESQUADRIAS DE MADEIRA
B46: 4.1 | C46: 60103 | D46: =VLOOKUP(C46,'SERVIÇOS SINAPI-DER NOV-2023'!$A$2:$E$890400,2,0) -> DER/ES | E46: =VLOOKUP(C46,'SERVIÇOS SINAPI-DER NOV-2023'!$A$2:$E$890400,3,0) -> Marco de madeira de lei de 1ª (Peroba, Ipê, Angelim Pedra ou equivalente) com 15x3 cm de batente, nas dimensões de 0.80 x 2.10 m | F46: =VLOOKUP(C46,'SERVIÇOS SINAPI-DER NOV-2023'!$A$2:$E$890400,4,0) -> und | G46: =VLOOKUP(C46,'Memória de Cálculo'!B29:G566,6,0) -> 5 | H46: =VLOOKUP(C46,'SERVIÇOS SINAPI-DER NOV-2023'!$A$2:$E$890400,5,0) -> 400.35 | I46: =H46*(1+$L$12) -> 489.58801 | J46: =G46*I46 -> 2447.9401 | L46: =C46 -> 60103 | M46: =B46 -> 4.1 | N46: =F46 -> und | O46: =E46 -> Marco de madeira de lei de 1ª (Peroba, Ipê, Angelim Pedra ou equivalente) com 15x3 cm de batente, nas dimensões de 0.80 x 2.10 m
B47: 4.2 | C47: COMP-06 | E47: Recolocação de porta em madeira de lei tipo angelim pedra ou equiv.c/enchimento em madeira 1a.qualidade esp. 30mm p/ pintura, inclusive alizares, dobradiças e fechadura externa em latão cromado LaFonte ou equiv., exclusive marco e porta, nas dim.: 0.80 x 2.10 m | F47: und. | G47: =VLOOKUP(C47,'Memória de Cálculo'!B38:G569,6,0) -> 5 | H47: ='COMP-06'!J23 -> 906.641 | I47: =H47*(1+$L$12) -> 1108.7313 | J47: =G47*I47 -> 5543.6564 | L47: =C47 -> COMP-06 | M47: =B47 -> 4.2 | N47: =F47 -> und. | O47: =E47 -> Recolocação de porta em madeira de lei tipo angelim pedra ou equiv.c/enchimento em madeira 1a.qualidade esp. 30mm p/ pintura, inclusive alizares, dobradiças e fechadura externa em latão cromado LaFonte ou equiv., exclusive marco e porta, nas dim.: 0.80 x 2.10 m
B48: 4.3 | C48: COMP-07 | E48: Porta radiológica em mad/mad de lei, p/pintura, dim: 0,92x2,12m, laminado de chumbo embutido, e=2mm, dobradiças reforçadas, fechadura autoblocante, marca Arouca, ref.: 108449/40-Z-ZCE ou similar, maçaneta tipo alavanca, inclusive batentes de madeira. | F48: und. | G48: =VLOOKUP(C48,'Memória de Cálculo'!B31:G570,6,0) -> 1 | H48: ='COMP-07'!J20 -> 6541.71 | I48: =H48*(1+$H$11) -> 7560.2542 | J48: =G48*I48 -> 7560.2542 | L48: =C48 -> COMP-07 | M48: =B48 -> 4.3 | N48: =F48 -> und. | O48: =E48 -> Porta radiológica em mad/mad de lei, p/pintura, dim: 0,92x2,12m, laminado de chumbo embutido, e=2mm, dobradiças reforçadas, fechadura autoblocante, marca Arouca, ref.: 108449/40-Z-ZCE ou similar, maçaneta tipo alavanca, inclusive batentes de madeira.
B49: 4.4 | C49: COMP-08 | E49: Recolocação de Porta de madeira compensada lisa para pintura, 120x210x3,5cm, 2 folhas , incluso aduela 2a, alizar 2a e dobradiças, exclusive porta. | F49: und. | G49: =VLOOKUP(C49,'Memória de Cálculo'!B31:G571,6,0) -> 1 | H49: ='COMP-08'!J27 -> 377.58 | I49: =H49*(1+$L$12) -> 461.74258 | J49: =G49*I49 -> 461.74258 | L49: =C49 -> COMP-08 | M49: =B49 -> 4.4 | N49: =F49 -> und. | O49: =E49 -> Recolocação de Porta de madeira compensada lisa para pintura, 120x210x3,5cm, 2 folhas , incluso aduela 2a, alizar 2a e dobradiças, exclusive porta.
B50: Total do item | J50: =SUM(J46:J49) -> 16013.593 | L50: =C50 -> 0 | M50: =B50 -> Total do item | N50: =F50 -> 0 | O50: =E50 -> 0
L51: =C51 -> 0 | M51: =B51 -> 0 | N51: =F51 -> 0 | O51: =E51 -> 0
B52: 5 | E52: VIDROS | L52: =C52 -> 0 | M52: =B52 -> 5 | N52: =F52 -> 0 | O52: =E52 -> VIDROS
B53: 5.1 | C53: COMP-09 | E53: Instalação de vidro temperado, e = 10 mm, encaixado em perfil u | F53: m2 | G53: =VLOOKUP(C53,'Memória de Cálculo'!B36:G575,6,0) -> 5.52 | H53: ='COMP-09'!J24 -> 490.17 | I53: =H53*(1+$H$11) -> 566.48947 | J53: =G53*I53 -> 3127.0219 | L53: =C53 -> COMP-09 | M53: =B53 -> 5.1 | N53: =F53 -> m2 | O53: =E53 -> Instalação de vidro temperado, e = 10 mm, encaixado em perfil u
B54: Total do item | J54: =SUM(J53:J53) -> 3127.0219 | L54: =C54 -> 0 | M54: =B54 -> Total do item | N54: =F54 -> 0 | O54: =E54 -> 0
L55: =C55 -> 0 | M55: =B55 -> 0 | N55: =F55 -> 0 | O55: =E55 -> 0
B56: 6 | E56: REVESTIMENTOS | L56: =C56 -> 0 | M56: =B56 -> 6 | N56: =F56 -> 0 | O56: =E56 -> REVESTIMENTOS
B57: 6.1 | C57: 120101 | D57: =VLOOKUP(C57,'SERVIÇOS SINAPI-DER NOV-2023'!$A$2:$E$890400,2,0) -> DER/ES | E57: =VLOOKUP(C57,'SERVIÇOS SINAPI-DER NOV-2023'!$A$2:$E$890400,3,0) -> Chapisco de argamassa de cimento e areia média ou grossa lavada, no traço 1:3, espessura 5 mm | F57: =VLOOKUP(C57,'SERVIÇOS SINAPI-DER NOV-2023'!$A$2:$E$890400,4,0) -> m2 | G57: =VLOOKUP(C57,'Memória de Cálculo'!B31:G582,6,0) -> 92.24 | H57: =VLOOKUP(C57,'SERVIÇOS SINAPI-DER NOV-2023'!$A$2:$E$890400,5,0) -> 7.02 | I57: =H57*(1+$L$12) -> 8.584758 | J57: =G57*I57 -> 791.85808 | L57: =C57 -> 120101 | M57: =B57 -> 6.1 | N57: =F57 -> m2 | O57: =E57 -> Chapisco de argamassa de cimento e areia média ou grossa lavada, no traço 1:3, espessura 5 mm
B58: 6.2 | C58: 120303 | D58: =VLOOKUP(C58,'SERVIÇOS SINAPI-DER NOV-2023'!$A$2:$E$890400,2,0) -> DER/ES | E58: =VLOOKUP(C58,'SERVIÇOS SINAPI-DER NOV-2023'!$A$2:$E$890400,3,0) -> Reboco tipo paulista de argamassa de cimento, cal hidratada CH1 e areia média ou grossa lavada no traço 1:0.5:6, espessura 25 mm | F58: =VLOOKUP(C58,'SERVIÇOS SINAPI-DER NOV-2023'!$A$2:$E$890400,4,0) -> m2 | G58: =VLOOKUP(C58,'Memória de Cálculo'!B40:G585,6,0) -> 86.36 | H58: =VLOOKUP(C58,'SERVIÇOS SINAPI-DER NOV-2023'!$A$2:$E$890400,5,0) -> 57.54 | I58: =H58*(1+$L$12) -> 70.365666 | J58: =G58*I58 -> 6076.7789 | L58: =C58 -> 120303 | M58: =B58 -> 6.2 | N58: =F58 -> m2 | O58: =E58 -> Reboco tipo paulista de argamassa de cimento, cal hidratada CH1 e areia média ou grossa lavada no traço 1:0.5:6, espessura 25 mm
B59: 6.3 | C59: 120301 | D59: =VLOOKUP(C59,'SERVIÇOS SINAPI-DER NOV-2023'!$A$2:$E$890400,2,0) -> DER/ES | E59: =VLOOKUP(C59,'SERVIÇOS SINAPI-DER NOV-2023'!$A$2:$E$890400,3,0) -> Emboço de argamassa de cimento, cal hidratada CH1 e areia média ou grossa lavada no traço 1:0.5:6, espessura 20 mm | F59: =VLOOKUP(C59,'SERVIÇOS SINAPI-DER NOV-2023'!$A$2:$E$890400,4,0) -> m2 | G59: =VLOOKUP(C59,'Memória de Cálculo'!B41:G586,6,0) -> 36.85 | H59: =VLOOKUP(C59,'SERVIÇOS SINAPI-DER NOV-2023'!$A$2:$E$890400,5,0) -> 33.8 | I59: =H59*(1+$L$12) -> 41.33402 | J59: =G59*I59 -> 1523.1586 | L59: =C59 -> 120301 | M59: =B59 -> 6.3 | N59: =F59 -> m2 | O59: =E59 -> Emboço de argamassa de cimento, cal hidratada CH1 e areia média ou grossa lavada no traço 1:0.5:6, espessura 20 mm
B60: 6.4 | C60: 120201 | D60: =VLOOKUP(C60,'SERVIÇOS SINAPI-DER NOV-2023'!$A$2:$E$890400,2,0) -> DER/ES | E60: =VLOOKUP(C60,'SERVIÇOS SINAPI-DER NOV-2023'!$A$2:$E$890400,3,0) -> Azulejo branco 15 x 15 cm, juntas a prumo, assentado com argamassa de cimento colante, inclusive rejuntamento com cimento branco, marcas de referência Eliane, Cecrisa ou Portobello | F60: =VLOOKUP(C60,'SERVIÇOS SINAPI-DER NOV-2023'!$A$2:$E$890400,4,0) -> m2 | G60: =VLOOKUP(C60,'Memória de Cálculo'!B42:G587,6,0) -> 36.85 | H60: =VLOOKUP(C60,'SERVIÇOS SINAPI-DER NOV-2023'!$A$2:$E$890400,5,0) -> 94.97 | I60: =H60*(1+$L$12) -> 116.13881 | J60: =G60*I60 -> 4279.7153 | L60: =C60 -> 120201 | M60: =B60 -> 6.4 | N60: =F60 -> m2 | O60: =E60 -> Azulejo branco 15 x 15 cm, juntas a prumo, assentado com argamassa de cimento colante, inclusive rejuntamento com cimento branco, marcas de referência Eliane, Cecrisa ou Portobello
B61: 6.5 | C61: COMP-10 | E61: Revestimento com argamassa baritada - densidade = 3,2 g/cm³ - esp=2,0cm | F61: m2 | G61: =VLOOKUP(C61,'Memória de Cálculo'!B31:G589,6,0) -> 57.68 | H61: ='COMP-10'!J20 -> 125.64 | I61: =H61*(1+$H$11) -> 145.20215 | J61: =G61*I61 -> 8375.2599 | L61: =C61 -> COMP-10 | M61: =B61 -> 6.5 | N61: =F61 -> m2 | O61: =E61 -> Revestimento com argamassa baritada - densidade = 3,2 g/cm³ - esp=2,0cm
B62: Total do item | J62: =SUM(J57:J61) -> 21046.771 | L62: =C62 -> 0 | M62: =B62 -> Total do item | N62: =F62 -> 0 | O62: =E62 -> 0
L63: =C63 -> 0 | M63: =B63 -> 0 | N63: =F63 -> 0 | O63: =E63 -> 0
B64: 7 | E64: PISO | L64: =C64 -> 0 | M64: =B64 -> 7 | N64: =F64 -> 0 | O64: =E64 -> PISO
B65: 7.1 | C65: 130202 | D65: =VLOOKUP(C65,'SERVIÇOS SINAPI-DER NOV-2023'!$A$2:$E$890400,2,0) -> DER/ES | E65: =VLOOKUP(C65,'SERVIÇOS SINAPI-DER NOV-2023'!$A$2:$E$890400,3,0) -> Piso cimentado liso com 1.5 cm de espessura, de argamassa de cimento e areia no traço 1:3 e juntas plásticas em quadros de 1 m | F65: =VLOOKUP(C65,'SERVIÇOS SINAPI-DER NOV-2023'!$A$2:$E$890400,4,0) -> m2 | G65: =VLOOKUP(C65,'Memória de Cálculo'!B31:G595,6,0) -> 319.3 | H65: =VLOOKUP(C65,'SERVIÇOS SINAPI-DER NOV-2023'!$A$2:$E$890400,5,0) -> 58.84 | I65: =H65*(1+$L$12) -> 71.955436 | J65: =IFERROR((G65*I65),0) -> 22975.371 | L65: =C65 -> 130202 | M65: =B65 -> 7.1 | N65: =F65 -> m2 | O65: =E65 -> Piso cimentado liso com 1.5 cm de espessura, de argamassa de cimento e areia no traço 1:3 e juntas plásticas em quadros de 1 m
B66: 7.2 | C66: COMP-11 | E66: Piso vinílico - flexível em manta, padrão liso, espessura 2mm, fixado com cola. | F66: m2 | G66: =VLOOKUP(C66,'Memória de Cálculo'!B39:G598,6,0) -> 383.16 | H66: ='COMP-11'!J22 -> 209.62 | I66: =H66*(1+$H$11) -> 242.25783 | J66: =G66*I66 -> 92823.512 | L66: =C66 -> COMP-11 | M66: =B66 -> 7.2 | N66: =F66 -> m2 | O66: =E66 -> Piso vinílico - flexível em manta, padrão liso, espessura 2mm, fixado com cola.
B67: 7.3 | C67: COMP-12 | E67: Rodapé vinílico flexível em manta, altura 10 cm. | F67: m | G67: =VLOOKUP(C67,'Memória de Cálculo'!B31:G599,6,0) -> 304.98 | H67: ='COMP-12'!J23 -> 90.76 | I67: =H67*(1+$H$11) -> 104.89133 | J67: =G67*I67 -> 31989.758 | L67: =C67 -> COMP-12 | M67: =B67 -> 7.3 | N67: =F67 -> m | O67: =E67 -> Rodapé vinílico flexível em manta, altura 10 cm.
B68: Total do item..... | J68: =SUM(J65:J67) -> 147788.64 | L68: =C68 -> 0 | M68: =B68 -> Total do item..... | N68: =F68 -> 0 | O68: =E68 -> 0
L69: =C69 -> 0 | M69: =B69 -> 0 | N69: =F69 -> 0 | O69: =E69 -> 0
B70: 8 | E70: INSTALAÇÕES HIDRO SANITÁRIAS | L70: =C70 -> 0 | M70: =B70 -> 8 | N70: =F70 -> 0 | O70: =E70 -> INSTALAÇÕES HIDRO SANITÁRIAS
B71: 8.1 | E71: APARELHOS HIDROSSANITÁRIOS | L71: =C71 -> 0 | M71: =B71 -> 8.1 | N71: =F71 -> 0 | O71: =E71 -> APARELHOS HIDROSSANITÁRIOS
B72: 8.1.1 | C72: 170512 | D72: =VLOOKUP(C72,'SERVIÇOS SINAPI-DER NOV-2023'!$A$2:$E$890400,2,0) -> DER/ES | E72: =VLOOKUP(C72,'SERVIÇOS SINAPI-DER NOV-2023'!$A$2:$E$890400,3,0) -> Cuba de aço inox n° 1(dim.460x300x150)mm, marcas de referência Franke, Strake, tramontina, inclusive válvula de metal 31/2" e sifão cromado 1 x 1/2", excl. torneira | F72: =VLOOKUP(C72,'SERVIÇOS SINAPI-DER NOV-2023'!$A$2:$E$890400,4,0) -> und | G72: =VLOOKUP(C72,'Memória de Cálculo'!B31:G612,6,0) -> 5 | H72: =VLOOKUP(C72,'SERVIÇOS SINAPI-DER NOV-2023'!$A$2:$E$890400,5,0) -> 660.66 | I72: =H72*(1+$L$12) -> 807.92111 | J72: =G72*I72 -> 4039.6056 | L72: =C72 -> 170512 | M72: =B72 -> 8.1.1 | N72: =F72 -> und | O72: =E72 -> Cuba de aço inox n° 1(dim.460x300x150)mm, marcas de referência Franke, Strake, tramontina, inclusive válvula de metal 31/2" e sifão cromado 1 x 1/2", excl. torneira
B73: 8.1.2 | C73: 170220 | D73: =VLOOKUP(C73,'SERVIÇOS SINAPI-DER NOV-2023'!$A$2:$E$890400,2,0) -> DER/ES | E73: =VLOOKUP(C73,'SERVIÇOS SINAPI-DER NOV-2023'!$A$2:$E$890400,3,0) -> Bancada de granito com espessura de 2 cm | F73: =VLOOKUP(C73,'SERVIÇOS SINAPI-DER NOV-2023'!$A$2:$E$890400,4,0) -> m2 | G73: =VLOOKUP(C73,'Memória de Cálculo'!B39:G614,6,0) -> 8.35 | H73: =VLOOKUP(C73,'SERVIÇOS SINAPI-DER NOV-2023'!$A$2:$E$890400,5,0) -> 383.05 | I73: =H73*(1+$L$12) -> 468.43185 | J73: =G73*I73 -> 3911.4059 | L73: =C73 -> 170220 | M73: =B73 -> 8.1.2 | N73: =F73 -> m2 | O73: =E73 -> Bancada de granito com espessura de 2 cm
B74: 8.2 | E74: TORNEIRAS, REGISTRO, VÁLVULAS E METAIS | L74: =C74 -> 0 | M74: =B74 -> 8.2 | N74: =F74 -> 0 | O74: =E74 -> TORNEIRAS, REGISTRO, VÁLVULAS E METAIS
B75: 8.2.1 | C75: 140701 | D75: =VLOOKUP(C75,'SERVIÇOS SINAPI-DER NOV-2023'!$A$2:$E$890400,2,0) -> DER/ES | E75: =VLOOKUP(C75,'SERVIÇOS SINAPI-DER NOV-2023'!$A$2:$E$890400,3,0) -> Ponto de água fria (lavatório, tanque, pia de cozinha, etc...) | F75: =VLOOKUP(C75,'SERVIÇOS SINAPI-DER NOV-2023'!$A$2:$E$890400,4,0) -> pt | G75: =VLOOKUP(C75,'Memória de Cálculo'!B40:G615,6,0) -> 5 | H75: =VLOOKUP(C75,'SERVIÇOS SINAPI-DER NOV-2023'!$A$2:$E$890400,5,0) -> 109.12 | I75: =H75*(1+$L$12) -> 133.44285 | J75: =G75*I75 -> 667.21424 | L75: =C75 -> 140701 | M75: =B75 -> 8.2.1 | N75: =F75 -> pt | O75: =E75 -> Ponto de água fria (lavatório, tanque, pia de cozinha, etc...)
B76: 8.2.2 | C76: 140706 | D76: =VLOOKUP(C76,'SERVIÇOS SINAPI-DER NOV-2023'!$A$2:$E$890400,2,0) -> DER/ES | E76: =VLOOKUP(C76,'SERVIÇOS SINAPI-DER NOV-2023'!$A$2:$E$890400,3,0) -> Ponto para esgoto secundário (pia, lavatório, mictório, tanque, bidê, etc...) | F76: =VLOOKUP(C76,'SERVIÇOS SINAPI-DER NOV-2023'!$A$2:$E$890400,4,0) -> pt | G76: =VLOOKUP(C76,'Memória de Cálculo'!B41:G616,6,0) -> 3 | H76: =VLOOKUP(C76,'SERVIÇOS SINAPI-DER NOV-2023'!$A$2:$E$890400,5,0) -> 100.49 | I76: =H76*(1+$L$12) -> 122.88922 | J76: =G76*I76 -> 368.66766 | L76: =C76 -> 140706 | M76: =B76 -> 8.2.2 | N76: =F76 -> pt | O76: =E76 -> Ponto para esgoto secundário (pia, lavatório, mictório, tanque, bidê, etc...)
B77: 8.2.3 | C77: 142104 | D77: =VLOOKUP(C77,'SERVIÇOS SINAPI-DER NOV-2023'!$A$2:$E$890400,2,0) -> DER/ES | E77: =VLOOKUP(C77,'SERVIÇOS SINAPI-DER NOV-2023'!$A$2:$E$890400,3,0) -> Sifão em PVC para pia de cozinha ou lavatório 1x11/2" | F77: =VLOOKUP(C77,'SERVIÇOS SINAPI-DER NOV-2023'!$A$2:$E$890400,4,0) -> und | G77: =VLOOKUP(C77,'Memória de Cálculo'!B42:G617,6,0) -> 1 | H77: =VLOOKUP(C77,'SERVIÇOS SINAPI-DER NOV-2023'!$A$2:$E$890400,5,0) -> 26.41 | I77: =H77*(1+$L$12) -> 32.296789 | J77: =G77*I77 -> 32.296789 | L77: =C77 -> 142104 | M77: =B77 -> 8.2.3 | N77: =F77 -> und | O77: =E77 -> Sifão em PVC para pia de cozinha ou lavatório 1x11/2"
B78: 8.2.4 | C78: 170101 | D78: =VLOOKUP(C78,'SERVIÇOS SINAPI-DER NOV-2023'!$A$2:$E$890400,2,0) -> DER/ES | E78: =VLOOKUP(C78,'SERVIÇOS SINAPI-DER NOV-2023'!$A$2:$E$890400,3,0) -> Lavatório de louça branca com coluna, marcas de referência Deca, Celite ou Ideal Standard, inclusive sifão, válvula e engates cromados, exclusive torneira. | F78: =VLOOKUP(C78,'SERVIÇOS SINAPI-DER NOV-2023'!$A$2:$E$890400,4,0) -> und | G78: =VLOOKUP(C78,'Memória de Cálculo'!B43:G618,6,0) -> 1 | H78: =VLOOKUP(C78,'SERVIÇOS SINAPI-DER NOV-2023'!$A$2:$E$890400,5,0) -> 616.17 | I78: =H78*(1+$L$12) -> 753.51429 | J78: =G78*I78 -> 753.51429 | L78: =C78 -> 170101 | M78: =B78 -> 8.2.4 | N78: =F78 -> und | O78: =E78 -> Lavatório de louça branca com coluna, marcas de referência Deca, Celite ou Ideal Standard, inclusive sifão, válvula e engates cromados, exclusive torneira.
B79: 8.2.5 | C79: 170315 | D79: =VLOOKUP(C79,'SERVIÇOS SINAPI-DER NOV-2023'!$A$2:$E$890400,2,0) -> DER/ES | E79: =VLOOKUP(C79,'SERVIÇOS SINAPI-DER NOV-2023'!$A$2:$E$890400,3,0) -> Torneira pressão cromada diam. 1/2" para pia, marcas de referência Fabrimar, Deca ou Docol | F79: =VLOOKUP(C79,'SERVIÇOS SINAPI-DER NOV-2023'!$A$2:$E$890400,4,0) -> und | G79: =VLOOKUP(C79,'Memória de Cálculo'!B41:G616,6,0) -> 6 | H79: =VLOOKUP(C79,'SERVIÇOS SINAPI-DER NOV-2023'!$A$2:$E$890400,5,0) -> 228.44 | I79: =H79*(1+$L$12) -> 279.35928 | J79: =G79*I79 -> 1676.1557 | L79: =C79 -> 170315 | M79: =B79 -> 8.2.5 | N79: =F79 -> und | O79: =E79 -> Torneira pressão cromada diam. 1/2" para pia, marcas de referência Fabrimar, Deca ou Docol
B80: Total do item | J80: =SUM(J72:J79) -> 11448.86 | L80: =C80 -> 0 | M80: =B80 -> Total do item | N80: =F80 -> 0 | O80: =E80 -> 0
L81: =C81 -> 0 | M81: =B81 -> 0 | N81: =F81 -> 0 | O81: =E81 -> 0
B82: 9 | E82: INSTALAÇÕES ELÉTRICAS | L82: =C82 -> 0 | M82: =B82 -> 9 | N82: =F82 -> 0 | O82: =E82 -> INSTALAÇÕES ELÉTRICAS
B83: 9.1 | C83: 151803 | D83: =VLOOKUP(C83,'SERVIÇOS SINAPI-DER NOV-2023'!$A$2:$E$890400,2,0) -> DER/ES | E83: =VLOOKUP(C83,'SERVIÇOS SINAPI-DER NOV-2023'!$A$2:$E$890400,3,0) -> Ponto padrão de tomada 2 pólos mais terra - considerando eletroduto PVC rígido de 3/4" inclusive conexões (5.0m), fio isolado PVC de 2.5mm2 (16.5m) e caixa pvc 4x2" (1 und) | F83: =VLOOKUP(C83,'SERVIÇOS SINAPI-DER NOV-2023'!$A$2:$E$890400,4,0) -> und | G83: =VLOOKUP(C83,'Memória de Cálculo'!B45:G620,6,0) -> 32 | H83: =VLOOKUP(C83,'SERVIÇOS SINAPI-DER NOV-2023'!$A$2:$E$890400,5,0) -> 209.22 | I83: =H83*(1+$L$12) -> 255.85514 | J83: =G83*I83 -> 8187.3644 | L83: =C83 -> 151803 | M83: =B83 -> 9.1 | N83: =F83 -> und | O83: =E83 -> Ponto padrão de tomada 2 pólos mais terra - considerando eletroduto PVC rígido de 3/4" inclusive conexões (5.0m), fio isolado PVC de 2.5mm2 (16.5m) e caixa pvc 4x2" (1 und)
B84: 9.2 | C84: 180201 | D84: =VLOOKUP(C84,'SERVIÇOS SINAPI-DER NOV-2023'!$A$2:$E$890400,2,0) -> DER/ES | E84: =VLOOKUP(C84,'SERVIÇOS SINAPI-DER NOV-2023'!$A$2:$E$890400,3,0) -> Tomada padrão brasileiro linha branca, NBR 14136 2 polos + terra 10A/250V, com placa 4x2" | F84: =VLOOKUP(C84,'SERVIÇOS SINAPI-DER NOV-2023'!$A$2:$E$890400,4,0) -> und | G84: =VLOOKUP(C84,'Memória de Cálculo'!B47:G621,6,0) -> 32 | H84: =VLOOKUP(C84,'SERVIÇOS SINAPI-DER NOV-2023'!$A$2:$E$890400,5,0) -> 37.08 | I84: =H84*(1+$L$12) -> 45.345132 | J84: =G84*I84 -> 1451.0442 | L84: =C84 -> 180201 | M84: =B84 -> 9.2 | N84: =F84 -> und | O84: =E84 -> Tomada padrão brasileiro linha branca, NBR 14136 2 polos + terra 10A/250V, com placa 4x2"
B85: 9.3 | C85: 151801 | D85: =VLOOKUP(C85,'SERVIÇOS SINAPI-DER NOV-2023'!$A$2:$E$890400,2,0) -> DER/ES | E85: =VLOOKUP(C85,'SERVIÇOS SINAPI-DER NOV-2023'!$A$2:$E$890400,3,0) -> Ponto padrão de luz no teto - considerando eletroduto PVC rígido de 3/4" inclusive conexões (4.5m), fio isolado PVC de 2.5mm2 (16.2m) e caixa PVC 4x4" (1 und) | F85: =VLOOKUP(C85,'SERVIÇOS SINAPI-DER NOV-2023'!$A$2:$E$890400,4,0) -> und | G85: =VLOOKUP(C85,'Memória de Cálculo'!B48:G622,6,0) -> 9 | H85: =VLOOKUP(C85,'SERVIÇOS SINAPI-DER NOV-2023'!$A$2:$E$890400,5,0) -> 206.12 | I85: =H85*(1+$L$12) -> 252.06415 | J85: =G85*I85 -> 2268.5773 | L85: =C85 -> 151801 | M85: =B85 -> 9.3 | N85: =F85 -> und | O85: =E85 -> Ponto padrão de luz no teto - considerando eletroduto PVC rígido de 3/4" inclusive conexões (4.5m), fio isolado PVC de 2.5mm2 (16.2m) e caixa PVC 4x4" (1 und)
B86: 9.4 | C86: 151811 | D86: =VLOOKUP(C86,'SERVIÇOS SINAPI-DER NOV-2023'!$A$2:$E$890400,2,0) -> DER/ES | E86: =VLOOKUP(C86,'SERVIÇOS SINAPI-DER NOV-2023'!$A$2:$E$890400,3,0) -> Ponto padrão de interruptor de 1 tecla simples e 1 tomada dois pólos mais terra 10A/250V - considerando eletroduto PVC rígido de 3/4" inclusive conexões (4.5m), fio isolado PVC de 2.5mm2 (19.4m) e caixa PVC 4x2" (1 und) | F86: =VLOOKUP(C86,'SERVIÇOS SINAPI-DER NOV-2023'!$A$2:$E$890400,4,0) -> und | G86: =VLOOKUP(C86,'Memória de Cálculo'!B49:G623,6,0) -> 5 | H86: =VLOOKUP(C86,'SERVIÇOS SINAPI-DER NOV-2023'!$A$2:$E$890400,5,0) -> 220.12 | I86: =H86*(1+$L$12) -> 269.18475 | J86: =G86*I86 -> 1345.9237 | L86: =C86 -> 151811 | M86: =B86 -> 9.4 | N86: =F86 -> und | O86: =E86 -> Ponto padrão de interruptor de 1 tecla simples e 1 tomada dois pólos mais terra 10A/250V - considerando eletroduto PVC rígido de 3/4" inclusive conexões (4.5m), fio isolado PVC de 2.5mm2 (19.4m) e caixa PVC 4x2" (1 und)
B87: 9.5 | C87: 180207 | D87: =VLOOKUP(C87,'SERVIÇOS SINAPI-DER NOV-2023'!$A$2:$E$890400,2,0) -> DER/ES | E87: =VLOOKUP(C87,'SERVIÇOS SINAPI-DER NOV-2023'!$A$2:$E$890400,3,0) -> Interruptor de uma tecla simples 10A/250V e uma tomada 3 polos 10A/250V, padrão brasileiro, NBR 14136, linha branca, com placa 4x2" | F87: =VLOOKUP(C87,'SERVIÇOS SINAPI-DER NOV-2023'!$A$2:$E$890400,4,0) -> und | G87: =VLOOKUP(C87,'Memória de Cálculo'!B50:G624,6,0) -> 5 | H87: =VLOOKUP(C87,'SERVIÇOS SINAPI-DER NOV-2023'!$A$2:$E$890400,5,0) -> 59.31 | I87: =H87*(1+$L$12) -> 72.530199 | J87: =G87*I87 -> 362.651 | L87: =C87 -> 180207 | M87: =B87 -> 9.5 | N87: =F87 -> und | O87: =E87 -> Interruptor de uma tecla simples 10A/250V e uma tomada 3 polos 10A/250V, padrão brasileiro, NBR 14136, linha branca, com placa 4x2"
B88: 9.6 | C88: 181001 | D88: =VLOOKUP(C88,'SERVIÇOS SINAPI-DER NOV-2023'!$A$2:$E$890400,2,0) -> DER/ES | E88: =VLOOKUP(C88,'SERVIÇOS SINAPI-DER NOV-2023'!$A$2:$E$890400,3,0) -> Luminaria sobrepor compl., corpo ch. aço pintada branca, refletor, aletas parabólicas alum.alta pureza e refletância inclusive 2 lâmpadas LED T8 9/10W temp. de cor 5000k c/ 60cm - Ref. CS216AL-N - AMES, 1261 - LUMAVI OU EQUIVALENTE | F88: =VLOOKUP(C88,'SERVIÇOS SINAPI-DER NOV-2023'!$A$2:$E$890400,4,0) -> und | G88: =VLOOKUP(C88,'Memória de Cálculo'!B51:G625,6,0) -> 9 | H88: =VLOOKUP(C88,'SERVIÇOS SINAPI-DER NOV-2023'!$A$2:$E$890400,5,0) -> 175.8 | I88: =H88*(1+$L$12) -> 214.98582 | J88: =G88*I88 -> 1934.8724 | L88: =C88 -> 181001 | M88: =B88 -> 9.6 | N88: =F88 -> und | O88: =E88 -> Luminaria sobrepor compl., corpo ch. aço pintada branca, refletor, aletas parabólicas alum.alta pureza e refletância inclusive 2 lâmpadas LED T8 9/10W temp. de cor 5000k c/ 60cm - Ref. CS216AL-N - AMES, 1261 - LUMAVI OU EQUIVALENTE
B89: 9.7 | C89: 150306 | D89: =VLOOKUP(C89,'SERVIÇOS SINAPI-DER NOV-2023'!$A$2:$E$890400,2,0) -> DER/ES | E89: =VLOOKUP(C89,'SERVIÇOS SINAPI-DER NOV-2023'!$A$2:$E$890400,3,0) -> Quadro de distribuição de energia em PVC, de embutir, com 12 divisões modulares com barramento | F89: =VLOOKUP(C89,'SERVIÇOS SINAPI-DER NOV-2023'!$A$2:$E$890400,4,0) -> und | G89: =VLOOKUP(C89,'Memória de Cálculo'!B52:G626,6,0) -> 1 | H89: =VLOOKUP(C89,'SERVIÇOS SINAPI-DER NOV-2023'!$A$2:$E$890400,5,0) -> 232.54 | I89: =H89*(1+$L$12) -> 284.37317 | J89: =G89*I89 -> 284.37317 | L89: =C89 -> 150306 | M89: =B89 -> 9.7 | N89: =F89 -> und | O89: =E89 -> Quadro de distribuição de energia em PVC, de embutir, com 12 divisões modulares com barramento
B90: 9.8 | C90: 151302 | D90: =VLOOKUP(C90,'SERVIÇOS SINAPI-DER NOV-2023'!$A$2:$E$890400,2,0) -> DER/ES | E90: =VLOOKUP(C90,'SERVIÇOS SINAPI-DER NOV-2023'!$A$2:$E$890400,3,0) -> Mini-Disjuntor monopolar 20 A, curva C - 5KA 220/127VCA (NBR IEC 60947-2), Ref. Siemens, GE, Schneider ou equivalente | F90: =VLOOKUP(C90,'SERVIÇOS SINAPI-DER NOV-2023'!$A$2:$E$890400,4,0) -> und | G90: =VLOOKUP(C90,'Memória de Cálculo'!B53:G627,6,0) -> 2 | H90: =VLOOKUP(C90,'SERVIÇOS SINAPI-DER NOV-2023'!$A$2:$E$890400,5,0) -> 21.96 | I90: =H90*(1+$L$12) -> 26.854884 | J90: =G90*I90 -> 53.709768 | L90: =C90 -> 151302 | M90: =B90 -> 9.8 | N90: =F90 -> und | O90: =E90 -> Mini-Disjuntor monopolar 20 A, curva C - 5KA 220/127VCA (NBR IEC 60947-2), Ref. Siemens, GE, Schneider ou equivalente
B91: 9.9 | C91: 151308 | D91: =VLOOKUP(C91,'SERVIÇOS SINAPI-DER NOV-2023'!$A$2:$E$890400,2,0) -> DER/ES | E91: =VLOOKUP(C91,'SERVIÇOS SINAPI-DER NOV-2023'!$A$2:$E$890400,3,0) -> Mini-Disjuntor bipolar 50 A, curva C - 5KA 220/127VCA (NBR IEC 60947-2), Ref. Siemens, GE, Schneider ou equivalente | F91: =VLOOKUP(C91,'SERVIÇOS SINAPI-DER NOV-2023'!$A$2:$E$890400,4,0) -> und | G91: =VLOOKUP(C91,'Memória de Cálculo'!B53:G627,6,0) -> 1 | H91: =VLOOKUP(C91,'SERVIÇOS SINAPI-DER NOV-2023'!$A$2:$E$890400,5,0) -> 77.54 | I91: =H91*(1+$L$12) -> 94.823666 | J91: =IFERROR((G91*I91),0) -> 94.823666 | L91: =C91 -> 151308 | M91: =B91 -> 9.9 | N91: =F91 -> und | O91: =E91 -> Mini-Disjuntor bipolar 50 A, curva C - 5KA 220/127VCA (NBR IEC 60947-2), Ref. Siemens, GE, Schneider ou equivalente
B92: 9.10 | C92: 151128 | D92: =VLOOKUP(C92,'SERVIÇOS SINAPI-DER NOV-2023'!$A$2:$E$890400,2,0) -> DER/ES | E92: =VLOOKUP(C92,'SERVIÇOS SINAPI-DER NOV-2023'!$A$2:$E$890400,3,0) -> Eletroduto de PVC rígido roscável, diâm. 1 1/4" (40mm), inclusive conexões | F92: =VLOOKUP(C92,'SERVIÇOS SINAPI-DER NOV-2023'!$A$2:$E$890400,4,0) -> m | G92: =VLOOKUP(C92,'Memória de Cálculo'!B54:G628,6,0) -> 23.4 | H92: =VLOOKUP(C92,'SERVIÇOS SINAPI-DER NOV-2023'!$A$2:$E$890400,5,0) -> 30.62 | I92: =H92*(1+$L$12) -> 37.445198 | J92: =G92*I92 -> 876.21763 | L92: =C92 -> 151128 | M92: =B92 -> 9.10 | N92: =F92 -> m | O92: =E92 -> Eletroduto de PVC rígido roscável, diâm. 1 1/4" (40mm), inclusive conexões
B93: 9.11 | C93: 151405 | D93: =VLOOKUP(C93,'SERVIÇOS SINAPI-DER NOV-2023'!$A$2:$E$890400,2,0) -> DER/ES | E93: =VLOOKUP(C93,'SERVIÇOS SINAPI-DER NOV-2023'!$A$2:$E$890400,3,0) -> Cabo de cobre termoplástico (PVC) flexível isolado 450/750V, antichama BWF livre de chumbo, 70ºC ? 10,0mm2 | F93: =VLOOKUP(C93,'SERVIÇOS SINAPI-DER NOV-2023'!$A$2:$E$890400,4,0) -> m | G93: =VLOOKUP(C93,'Memória de Cálculo'!B53:G627,6,0) -> 160.2 | H93: =VLOOKUP(C93,'SERVIÇOS SINAPI-DER NOV-2023'!$A$2:$E$890400,5,0) -> 16.31 | I93: =H93*(1+$L$12) -> 19.945499 | J93: =G93*I93 -> 3195.2689 | L93: =C93 -> 151405 | M93: =B93 -> 9.11 | N93: =F93 -> m | O93: =E93 -> Cabo de cobre termoplástico (PVC) flexível isolado 450/750V, antichama BWF livre de chumbo, 70ºC ? 10,0mm2
B94: 9.12 | C94: 151806 | D94: =VLOOKUP(C94,'SERVIÇOS SINAPI-DER NOV-2023'!$A$2:$E$890400,2,0) -> DER/ES | E94: =VLOOKUP(C94,'SERVIÇOS SINAPI-DER NOV-2023'!$A$2:$E$890400,3,0) -> Ponto padrão de tomada para ar refrigerado - considerando eletroduto PVC rígido de 3/4" inclusive conexões (6.0m), fio isolado PVC de 4.0mm2 (21.6m) e caixa PVC 4x2" (1 und) | F94: =VLOOKUP(C94,'SERVIÇOS SINAPI-DER NOV-2023'!$A$2:$E$890400,4,0) -> und | G94: =VLOOKUP(C94,'Memória de Cálculo'!B52:G626,6,0) -> 3 | H94: =VLOOKUP(C94,'SERVIÇOS SINAPI-DER NOV-2023'!$A$2:$E$890400,5,0) -> 309.26 | I94: =H94*(1+$L$12) -> 378.19405 | J94: =G94*I94 -> 1134.5822 | L94: =C94 -> 151806 | M94: =B94 -> 9.12 | N94: =F94 -> und | O94: =E94 -> Ponto padrão de tomada para ar refrigerado - considerando eletroduto PVC rígido de 3/4" inclusive conexões (6.0m), fio isolado PVC de 4.0mm2 (21.6m) e caixa PVC 4x2" (1 und)
B95: 9.13 | C95: 150633 | D95: =VLOOKUP(C95,'SERVIÇOS SINAPI-DER NOV-2023'!$A$2:$E$890400,2,0) -> DER/ES | E95: =VLOOKUP(C95,'SERVIÇOS SINAPI-DER NOV-2023'!$A$2:$E$890400,3,0) -> Caixa de passagem 200x200x100mm, chapa 18, com tampa parafusada | F95: =VLOOKUP(C95,'SERVIÇOS SINAPI-DER NOV-2023'!$A$2:$E$890400,4,0) -> und | G95: =VLOOKUP(C95,'Memória de Cálculo'!B53:G627,6,0) -> 4 | H95: =VLOOKUP(C95,'SERVIÇOS SINAPI-DER NOV-2023'!$A$2:$E$890400,5,0) -> 109.18 | I95: =H95*(1+$L$12) -> 133.51622 | J95: =G95*I95 -> 534.06489 | L95: =C95 -> 150633 | M95: =B95 -> 9.13 | N95: =F95 -> und | O95: =E95 -> Caixa de passagem 200x200x100mm, chapa 18, com tampa parafusada
B96: 9.14 | C96: 151130 | D96: =VLOOKUP(C96,'SERVIÇOS SINAPI-DER NOV-2023'!$A$2:$E$890400,2,0) -> DER/ES | E96: =VLOOKUP(C96,'SERVIÇOS SINAPI-DER NOV-2023'!$A$2:$E$890400,3,0) -> Eletroduto de PVC rígido roscável, diâm. 2" (60mm), inclusive conexões | F96: =VLOOKUP(C96,'SERVIÇOS SINAPI-DER NOV-2023'!$A$2:$E$890400,4,0) -> m | G96: =VLOOKUP(C96,'Memória de Cálculo'!B53:G627,6,0) -> 14 | H96: =VLOOKUP(C96,'SERVIÇOS SINAPI-DER NOV-2023'!$A$2:$E$890400,5,0) -> 45.64 | I96: =H96*(1+$L$12) -> 55.813156 | J96: =G96*I96 -> 781.38418 | L96: =C96 -> 151130 | M96: =B96 -> 9.14 | N96: =F96 -> m | O96: =E96 -> Eletroduto de PVC rígido roscável, diâm. 2" (60mm), inclusive conexões
B97: 9.15 | C97: 151132 | D97: =VLOOKUP(C97,'SERVIÇOS SINAPI-DER NOV-2023'!$A$2:$E$890400,2,0) -> DER/ES | E97: =VLOOKUP(C97,'SERVIÇOS SINAPI-DER NOV-2023'!$A$2:$E$890400,3,0) -> Eletroduto flexível corrugado 3/4" , marca de referência TIGRE | F97: =VLOOKUP(C97,'SERVIÇOS SINAPI-DER NOV-2023'!$A$2:$E$890400,4,0) -> m | G97: =VLOOKUP(C97,'Memória de Cálculo'!B54:G628,6,0) -> 7.8 | H97: =VLOOKUP(C97,'SERVIÇOS SINAPI-DER NOV-2023'!$A$2:$E$890400,5,0) -> 8.48 | I97: =H97*(1+$L$12) -> 10.370192 | J97: =G97*I97 -> 80.887498 | L97: =C97 -> 151132 | M97: =B97 -> 9.15 | N97: =F97 -> m | O97: =E97 -> Eletroduto flexível corrugado 3/4" , marca de referência TIGRE
B98: Total do item | J98: =IFERROR(SUM(J83:J97),0) -> 22585.745 | L98: =C98 -> 0 | M98: =B98 -> Total do item | N98: =F98 -> 0 | O98: =E98 -> 0
L99: =C99 -> 0 | M99: =B99 -> 0 | N99: =F99 -> 0 | O99: =E99 -> 0
B100: 10 | E100: PINTURA | L100: =C100 -> 0 | M100: =B100 -> 10 | N100: =F100 -> 0 | O100: =E100 -> PINTURA
B101: 10.1 | E101: SOBRE PAREDES E FORROS | L101: =C101 -> 0 | M101: =B101 -> 10.1 | N101: =F101 -> 0 | O101: =E101 -> SOBRE PAREDES E FORROS
B102: 10.1.1 | C102: 190103 | D102: =VLOOKUP(C102,'SERVIÇOS SINAPI-DER NOV-2023'!$A$2:$E$890400,2,0) -> DER/ES | E102: =VLOOKUP(C102,'SERVIÇOS SINAPI-DER NOV-2023'!$A$2:$E$890400,3,0) -> Emassamento de paredes e forros, com duas demãos de massa acrílica, marcas de referência Suvinil, Coral ou Metalatex | F102: =VLOOKUP(C102,'SERVIÇOS SINAPI-DER NOV-2023'!$A$2:$E$890400,4,0) -> m2 | G102: =VLOOKUP(C102,'Memória de Cálculo'!B54:G640,6,0) -> 561.47 | H102: =VLOOKUP(C102,'SERVIÇOS SINAPI-DER NOV-2023'!$A$2:$E$890400,5,0) -> 19.48 | I102: =H102*(1+$L$12) -> 23.822092 | J102: =G102*I102 -> 13375.39 | L102: =C102 -> 190103 | M102: =B102 -> 10.1.1 | N102: =F102 -> m2 | O102: =E102 -> Emassamento de paredes e forros, com duas demãos de massa acrílica, marcas de referência Suvinil, Coral ou Metalatex
B103: 10.1.2 | C103: 190116 | D103: =VLOOKUP(C103,'SERVIÇOS SINAPI-DER NOV-2023'!$A$2:$E$890400,2,0) -> DER/ES | E103: =VLOOKUP(C103,'SERVIÇOS SINAPI-DER NOV-2023'!$A$2:$E$890400,3,0) -> Pintura, sobre paredes e forros, aplicação manual, com duas demãos de tinta esmalte sintético, referência Suvinil, Coral e Metalatex, inclusive uma demão de liquido selador PVA, referência Suvinil, Coral ou Metalatex ou equivalente | F103: =VLOOKUP(C103,'SERVIÇOS SINAPI-DER NOV-2023'!$A$2:$E$890400,4,0) -> m2 | G103: =VLOOKUP(C103,'Memória de Cálculo'!B56:G641,6,0) -> 561.47 | H103: =VLOOKUP(C103,'SERVIÇOS SINAPI-DER NOV-2023'!$A$2:$E$890400,5,0) -> 25.73 | I103: =H103*(1+$L$12) -> 31.465217 | J103: =G103*I103 -> 17666.775 | L103: =C103 -> 190116 | M103: =B103 -> 10.1.2 | N103: =F103 -> m2 | O103: =E103 -> Pintura, sobre paredes e forros, aplicação manual, com duas demãos de tinta esmalte sintético, referência Suvinil, Coral e Metalatex, inclusive uma demão de liquido selador PVA, referência Suvinil, Coral ou Metalatex ou equivalente
B104: 10.2 | E104: SOBRE MADEIRA | L104: =C104 -> 0 | M104: =B104 -> 10.2 | N104: =F104 -> 0 | O104: =E104 -> SOBRE MADEIRA
B105: 10.2.1 | C105: 190301 | D105: =VLOOKUP(C105,'SERVIÇOS SINAPI-DER NOV-2023'!$A$2:$E$890400,2,0) -> DER/ES | E105: =VLOOKUP(C105,'SERVIÇOS SINAPI-DER NOV-2023'!$A$2:$E$890400,3,0) -> Emassamento de esquadrias e elementos de madeira, com duas demãos de massa à base água, referência Suvinil, Coral, Sherwin Williams ou equivalente, inclusive uma demão de fundo nivelador alquídico branco, referência Suvinil, Coral ou Metalatex ou equivalente | F105: =VLOOKUP(C105,'SERVIÇOS SINAPI-DER NOV-2023'!$A$2:$E$890400,4,0) -> m2 | G105: =VLOOKUP(C105,'Memória de Cálculo'!B54:G643,6,0) -> 73.07 | H105: =VLOOKUP(C105,'SERVIÇOS SINAPI-DER NOV-2023'!$A$2:$E$890400,5,0) -> 50.59 | I105: =H105*(1+$L$12) -> 61.866511 | J105: =G105*I105 -> 4520.586 | L105: =C105 -> 190301 | M105: =B105 -> 10.2.1 | N105: =F105 -> m2 | O105: =E105 -> Emassamento de esquadrias e elementos de madeira, com duas demãos de massa à base água, referência Suvinil, Coral, Sherwin Williams ou equivalente, inclusive uma demão de fundo nivelador alquídico branco, referência Suvinil, Coral ou Metalatex ou equivalente
B106: 10.2.2 | C106: 190302 | D106: =VLOOKUP(C106,'SERVIÇOS SINAPI-DER NOV-2023'!$A$2:$E$890400,2,0) -> DER/ES | E106: =VLOOKUP(C106,'SERVIÇOS SINAPI-DER NOV-2023'!$A$2:$E$890400,3,0) -> Pintura de esquadrias e elementos de madeira, aplicação manual, com duas demãos de tinta esmalte sintético referência Suvinil, Coral ou Metalatex, inclusive fundo branco nivelador, referência Suvinil, Coral e Metalatex ou equivalente | F106: =VLOOKUP(C106,'SERVIÇOS SINAPI-DER NOV-2023'!$A$2:$E$890400,4,0) -> m2 | G106: =VLOOKUP(C106,'Memória de Cálculo'!B56:G644,6,0) -> 73.07 | H106: =VLOOKUP(C106,'SERVIÇOS SINAPI-DER NOV-2023'!$A$2:$E$890400,5,0) -> 45.99 | I106: =H106*(1+$L$12) -> 56.241171 | J106: =G106*I106 -> 4109.5424 | L106: =C106 -> 190302 | M106: =B106 -> 10.2.2 | N106: =F106 -> m2 | O106: =E106 -> Pintura de esquadrias e elementos de madeira, aplicação manual, com duas demãos de tinta esmalte sintético referência Suvinil, Coral ou Metalatex, inclusive fundo branco nivelador, referência Suvinil, Coral e Metalatex ou equivalente
B107: Total do item | J107: =SUM(J102:J106) -> 39672.294 | L107: =C107 -> 0 | M107: =B107 -> Total do item | N107: =F107 -> 0 | O107: =E107 -> 0
...

Sheet Memória de Cálculo
B2: PREFEITURA MUNICIPAL DE SÃO ROQUE DO CANAÃ
B8: MEMÓRIA DE CÁLCULO
B9: OBRA: Reforma Unidade de Saúde Ethevaldo Francisco Roldi
B10: LOCAL: Rua Olivio Perini- n: 107, Cinco Casinhas - São Roque do Canaã
B11: CÓDIGO | C11: REF | D11: ITEM | E11: DESCRIÇÃO | F11: UND | G11: QUANT.
B12: 1 | E12: =VLOOKUP(B12,'Planilha Orçamentária'!$B$14:$J$133,4,0) -> INSTALAÇÃO DO CANTEIRO DE OBRAS
B13: 20305 | C13: DER/ES | D13: 1.1 | E13: Placa de obra nas dimensões de 2.0 x 4.0 m, padrão DER | F13: m² | G13: =SUM(F14) -> 8
D14: Dimensões da placa de obra: 2,00m x 4,00m=8,00m² | F14: 8
B15: 20702 | C15: DER/ES | D15: =VLOOKUP(B15,'Planilha Orçamentária'!$L$1:$T$126,2,0) -> 1.2 | E15: =VLOOKUP(B15,'Planilha Orçamentária'!$L$1:$T$126,4,0) -> Barracão para almoxarifado área de 10.90m2, de chapa de compensado de 12mm e pontalete 8x8cm, piso cimentado e cobertura de telhas de fibrocimento de 6mm, incl. ponto de luz, conf. projeto (1 utilização) | F15: =VLOOKUP(B15,'Planilha Orçamentária'!$L$1:$T$126,3,0) -> m2 | G15: =SUM(F16) -> 10.9
D16: Dimensões do barracão: 2,50m x 4,36m = 10,90m² | F16: 10.9
B18: 2 | E18: =VLOOKUP(B18,'Planilha Orçamentária'!$B$14:$J$133,4,0) -> SERVIÇOS PRELIMINARES
B19: 10209 | C19: DER/ES | D19: =VLOOKUP(B19,'Planilha Orçamentária'!$L$1:$T$126,2,0) -> 2.1 | E19: =VLOOKUP(B19,'Planilha Orçamentária'!$L$1:$T$126,4,0) -> Demolição de alvenaria | F19: =VLOOKUP(B19,'Planilha Orçamentária'!$L$1:$T$126,3,0) -> m3 | G19: =SUM(F20:F28) -> 18.91
D20: Sala de aplicação de medicamentos: área das portas (porta de 1,20 m x 2,10 m acrescidos 0,10 m cada lado): (1,40 m x 2,20 m) = 3,08 m² x 0,15m (espessura da parede) = 0,46 m³ | F20: 0.46
D21: Armazenamento: comprimento da parede: 2,75m x 2,80 m (pé direito) = 7,70 m² x 0,15 m (espessura da parede) = 1,15 m³ | F21: 1.15
D22: Vacina: comprimento da parede: 3,50 m x 2,80 m (pé direito) = 9,80 m² x 0,15 m (espessura da parede) = 1,47 m³ | F22: 1.47
D23: Distribuição de medicamentos: comprimento das paredes: (8,13m + 2,70m + 5,60m) x 2,80m = 46,00 m² x 0,15 m (espessura da parede) = 6,90 m³ | F23: 6.9
D24: Sala de triagem: comprimento da parede: 2,40m x 2,80m (pé direito) = 6,72m² x 0,15m (espessura da parede) = 1,00 m³ | F24: 1
D25: Arquivo geral: ((3,60 m + 0,59 m + 0,59 m + 7,36 m) x 2,80 m (pé direito) – (1,20 m x 2,10 m) – (1,50 m x 1,20 m x 2 janelas)) = 27,87 m² x 0,15 m (espessura da parede) = 4,18 m³ | F25: 4.18
D26: Recepção: ((9,00 m (comprimento do balcão) x 1,20 m (altura balcão)) – (0,60 m x 1,20 m x 2 portas)) = 9,36 m² x 0,15 m (espessura) = 1,40 m³ | F26: 1.4
D27: Recepção e inspeção: Abertura da nova porta (porta de 0,80 m x 2,10 m acrescidos 0,10 m cada lado) = (1,00 m x 2,20 m) = 2,20 m² x 0,15m (espessura da parede) = 0,33 m³ | F27: 0.33
D28: Sala de raio-x (parede que divide as salas de medicação/aplicação de medicamentos): 3,40 m (comprimento da parede) x 2,80 m (pé direito) + (0,40 m x 2,10 m) (aumento da porta) = 9,52 m² – (0,80 m x 2,10 m (porta existente) x 0,15m (espessura da parede) = 2,02 m³ | F28: 2.02
B29: 10246 | C29: DER/ES | D29: =VLOOKUP(B29,'Planilha Orçamentária'!$L$1:$T$126,2,0) -> 2.2 | E29: =VLOOKUP(B29,'Planilha Orçamentária'!$L$1:$T$126,4,0) -> Lixamento de parede com pintura antiga PVA para recebimento de nova camada de tinta | F29: =VLOOKUP(B29,'Planilha Orçamentária'!$L$1:$T$126,3,0) -> m2 | G29: =SUM(F30:F43) -> 463.58
D30: Seguindo o ROTEIRO PARA PROCEDIMENTOS DE LEVANTAMENTOS DE SERVIÇOS DE OBRAS CIVIS PARA ORÇAMENTOS SISTEMA LABOR/ITUFES – IOPES, vãos com área inferior ou igual a 2m2 não são descontados
D31: Sala de raio-x: (3,40 m + 3,40 m + 6,90 m + 6,90 m) x 2,45 m – (1,50 m x 1,20 m) (janela fechada) = 48,67 m² | F31: 48.67
D32: Sala de aplicação de medicamentos: (3,40 m + 3,40 m + 4,00 m) x 2,45 m = 26,46 m² | F32: 26.46
D33: Sala de triagem: (4,10 m + 4,10 m + 2,65 m + 2,65 m – (2,25 m + 1,90 m)(paredes novas) ) x 2,45 m - 3,52 m² (porta) = 19,38 m² | F33: 19.38
D34: Armazenamento: (2,35 m + 0,60 m + 4,95 m + 9,65 m - (0,60 m + 2,34 m)(paredes novas) ) x 2,45 m – ((3,12 m x 1,10 m + 2,00 m²) x 2 janelas) – (2,22 m x 1,10 m + 2,00 m²) = 32,48 m² | F34: 32.48
D35: Recepção/espera: (4,00 m + 1,00 m + 8,00 m + 13,90 m + 8,00 m + 0,70 m + 4,00 m + 3,85 m + 2,00 m + 1,15 m + 5,75 m + 1,75 m + 4,15 m + 3,00 – 2,40 m (parede nova)) x 2,45 m – (3,00 m x 2,30 m +2,00 m²) – (2,40 m x 2,30 m + 2,00 m²) – (3,85 m x 2,30 m + 2,00 m²) – (3,00 m x 2,30 m + 2,00 m²) = 124,00 m² | F35: 124
D36: Direção PA: (3,85 m + 3,85 m + 1,85 m + 1,85 m) x 2,45 m = 27,93 m² | F36: 27.93
D37: Copa: (2,70 m + 2,70 m + 2,00 m + 2,00 m) x 2,45 m = 23,03 m² | F37: 23.03
D38: Repouso médico/enferm.: (2,65 m + 2,65 m + 2,50 m + 2,50 m) x 2,45 m = 25,23 m² | F38: 25.23 | J38: 384.47
D39: WC repouso médico/enferm = (1,20 m + 1,20 m + 2,50 m + 2,50 m) x 2,45 m = 18,13 m² | F39: 18.13
D40: Arquivo Geral: (8,15 m + 3,60 m) (paredes) x 2,45 m = 28,78 m² | F40: 28.78
D41: Distribuição de medicamentos: (4,45 m + 4,35 m + 6,65 m) x 2,45 m = 37,85 m² | F41: 37.85
D42: Armazenamento: (2,25 m + 0,40 m + 3,80 m) x 2,45 m = 15,80 m² | F42: 35.35
D43: Recepção e inspeção: (3,35 m + 3,30 m) x 2,45 m = 16,29 m² | F43: 16.29
B44: 10225 | C44: DER/ES | D44: =VLOOKUP(B44,'Planilha Orçamentária'!$L$1:$T$126,2,0) -> 2.3 | E44: =VLOOKUP(B44,'Planilha Orçamentária'!$L$1:$T$126,4,0) -> Retirada de bancada de pia | F44: =VLOOKUP(B44,'Planilha Orçamentária'!$L$1:$T$126,3,0) -> m2 | G44: =SUM(F45:F47) -> 8.88
D45: Armazenamento/recepção/inspeção: área da bancada: 5,70m x 0,5m = 2,85m² | F45: 2.85
D46: Vacina: área da bancada: 1,50m x 0,60m = 0,90 m² | F46: 0.9
D47: Sala de raio-x: (1,50 m x 0,53 m) + (0,60 m x 1,18 m) + (3,82 m x 0,60 m) + (2,22 m x 0,60 m) = 5,13 m² | F47: 5.13
B48: 10214 | C48: DER/ES | D48: =VLOOKUP(B48,'Planilha Orçamentária'!$L$1:$T$126,2,0) -> 2.4 | E48: =VLOOKUP(B48,'Planilha Orçamentária'!$L$1:$T$126,4,0) -> Retirada de portas e janelas de madeira, inclusive batentes | F48: =VLOOKUP(B48,'Planilha Orçamentária'!$L$1:$T$126,3,0) -> m2 | G48: =SUM(F48:F53) -> 15.96
D49: Raio-x: (0,80 m x 2,10 m) x 2 portas = 3,36 m² | F49: 3.36
D50: Sala de triagem: 0,80 m x 2,10 m = 1,68 m² | F50: 1.68
D51: Vacina: 1,20 m x 2,10 m = 2,52 m² | F51: 2.52
D52: Arquivo geral: 1,20 m x 2,10 m = 2,52 m² | F52: 2.52
D53: Distribuição de medicamentos: (1,20 m x 2,10 m) + (0,80 m x 2,10 m x 2 portas) = 5,88 m² | F53: 5.88
B54: 10208 | C54: DER | D54: =VLOOKUP(B54,'Planilha Orçamentária'!$L$1:$T$126,2,0) -> 2.5 | E54: =VLOOKUP(B54,'Planilha Orçamentária'!$L$1:$T$126,4,0) -> Retirada de revestimento antigo em reboco | F54: =VLOOKUP(B54,'Planilha Orçamentária'!$L$1:$T$126,3,0) -> m2 | G54: =SUM(F55:F56) -> 63.43
D55: Sala de raio-x: (3,40m + 3,40m + 6,90 m + 6,90 m) x 2,80 m = 57,68 m² | F55: 57.68
D56: Armazenamento (lado direito, área com reboco danificado próximo à sala de vacina): (3,75 m x 2,45 m) – (3,12 m x 1,10 m) (janela): 5,75 m² | F56: 5.75
B57: 10259 | C57: DER | D57: =VLOOKUP(B57,'Planilha Orçamentária'!$L$1:$T$126,2,0) -> 2.6 | E57: =VLOOKUP(B57,'Planilha Orçamentária'!$L$1:$T$126,4,0) -> Retirada de rodapé de madeira ou cerâmica | F57: =VLOOKUP(B57,'Planilha Orçamentária'!$L$1:$T$126,3,0) -> m | G57: =SUM(F58:F75) -> 252.38
D58: Sala de raio-x: (3,40m + 3,40m + 6,90 m + 6,90 m) – (0,80 m x 2) portas = 19,00 m | F58: 19
D59: Sala de aplicação de medicamentos: (3,40 m + 3,40 m + 4,00 m) = 10,80 m | F59: 10.8
D60: Sala de triagem: (3,65 m + 2,65 m + 4,10 m + 0,39 m) – 0,80 m = 9,99 m | F60: 9.99
D61: Armazenamento: (9,64 m + 5,10 m) – 0,80 m = 13,94 m | F61: 13.94
D62: Vacina: (2,65 m + 3,50 m + 4,97 m + 2,70 m) – 0,80 m = 13,02 m | F62: 13.02
D63: WC masculino: (1,45 m + 1,45 m + 1,65 m + 1,65 m) – 0,80 m = 5,40 m | F63: 5.4
D64: WC feminino: (1,45 m + 1,45 m + 1,65 m + 1,65 m) – 0,80 m = 5,40 m | F64: 5.4
D65: Recepção/espera: (4,00 m + 1,00 m + 8,00 m + 13,90 m + 2,65 m + 2,95 m + 0,70 m + 4,15 m + 2,15 m + 1,15 m + 5,75 m + 2,10 m + 9,10 m + 0,50 m + 7,90 m + 0,20 m + 6,90 m + 0,20 m) – (1,20 m x 2 portas) – (0,80 m x 7 portas) – (0,60 m x 2 portas) – 3,00 m = 61,10 m | F65: 61.1
D66: Direção PA: (3,85 m + 3,85 m + 1,85 m + 1,85 m) – 0,80 m = 10,60 m | F66: 10.6
D67: Copa: (2,70 m + 2,70 m + 2,00 m + 2,00 m) – 0,80 m = 8,60 m | F67: 8.6
D68: WC interno: (1,40 m + 1,40 m + 4,00 m + 4,00 m) – 0,80 m = 10,00 m | F68: 10
D69: WC interno: (1,40 m + 1,40 m + 4,00 m + 4,00 m) – 0,80 m = 10,00 m | F69: 10
... D75: Recepção e inspeção:11,70m | F75: 11.7
B76: 10215 | C76: DER | D76: =VLOOKUP(B76,'Planilha Orçamentária'!$L$1:$T$126,2,0) -> 2.7 | E76: =VLOOKUP(B76,'Planilha Orçamentária'!$L$1:$T$126,4,0) -> Retirada de esquadrias metálicas | F76: =VLOOKUP(B76,'Planilha Orçamentária'!$L$1:$T$126,3,0) -> m2 | G76: =SUM(F77:F78) -> 7.8
D77: Sala de raio-x: (2,00 m x 1,20 m) + (1,50 m x 1,20 m) x 2 janelas = 6,00 m² | F77: 6
D78: Sala de triagem: 1,50 m x 1,20 m = 1,80 m² | F78: 1.8
B79: 10323 | C79: DER | D79: =VLOOKUP(B79,'Planilha Orçamentária'!$L$1:$T$126,2,0) -> 2.8 | E79: =VLOOKUP(B79,'Planilha Orçamentária'!$L$1:$T$126,4,0) -> Retirada de torneiras e registros | F79: =VLOOKUP(B79,'Planilha Orçamentária'!$L$1:$T$126,3,0) -> und | G79: =SUM(F80:F80) -> 1
D80: Sala de raio-x: 1,00 und | F80: 1
B81: 10271 | C81: DER | D81: =VLOOKUP(B81,'Planilha Orçamentária'!$L$1:$T$126,2,0) -> 2.9 | E81: =VLOOKUP(B81,'Planilha Orçamentária'!$L$1:$T$126,4,0) -> Retirada de caixas/quadros elétricos | F81: =VLOOKUP(B81,'Planilha Orçamentária'!$L$1:$T$126,3,0) -> und | G81: =SUM(F82:F82) -> 2
D82: Recepção: 2,00 und | F82: 2
B83: 10240 | C83: DER | D83: =VLOOKUP(B83,'Planilha Orçamentária'!$L$1:$T$126,2,0) -> 2.10 | E83: =VLOOKUP(B83,'Planilha Orçamentária'!$L$1:$T$126,4,0) -> Retirada de pontos elétricos (luminárias, interruptores e tomadas) | F83: =VLOOKUP(B83,'Planilha Orçamentária'!$L$1:$T$126,3,0) -> und | G83: =SUM(F84:F84) -> 1
D84: Sala de triagem: Interruptor localizado na parede que será demolida para colocação da porta de vidro = 1,00 und | F84: 1
B85: 10264 | C85: DER | D85: =VLOOKUP(B85,'Planilha Orçamentária'!$L$1:$T$126,2,0) -> 2.11 | E85: =VLOOKUP(B85,'Planilha Orçamentária'!$L$1:$T$126,4,0) -> Demolição de piso granilite | F85: =VLOOKUP(B85,'Planilha Orçamentária'!$L$1:$T$126,3,0) -> m2 | G85: =SUM(F86:F105) -> 319.3
D86: Sala de aplicação de medicamentos: 13,60 m² | F86: 13.6
D87: Sala de Raio-X: 23,40 m² | F87: 23.4
D88: Sala de triagem: 10,86 m² | F88: 10.86
D89: Armazenamento: 14,80 m² | F89: 14.8
D90: Vacina: 17,65 m² | F90: 17.65
D91: Direção PA: 7,12 m² | F91: 7.12
D92: Copa: 5,40 m² | F92: 5.4
D93: Repouso médico/enferm.: 6,63 m² | F93: 6.63
D94: WC masculino: 2,39 m² | F94: 2.39
D95: WC feminino: 2,39 m² | F95: 2.39
D96: Arquivo Geral: 24,62 m² | F96: 24.62
D97: Distribuição de medicamentos: 32,90m² | F97: 32.9
... D105: Recepção: 94,41m² | F105: 94.41
B106: 142202 | C106: DER | D106: =VLOOKUP(B106,'Planilha Orçamentária'!$L$1:$T$126,2,0) -> 2.12 | E106: =VLOOKUP(B106,'Planilha Orçamentária'!$L$1:$T$126,4,0) -> Abertura e fechamento de rasgos em alvenaria, para passagem de tubulações, diâm. 11/4" a 2" | F106: =VLOOKUP(B106,'Planilha Orçamentária'!$L$1:$T$126,3,0) -> m | G106: =SUM(F107:F110) -> 7.6
D107: Vacina: passagem da tubulação para o tanque = 2,80 m – 0,90 m = 1,90 m | F107: 1.9
D108: Triagem: passagem da tubulação para o lavatório = 2,80 m – 0,90 m = 1,90 m | F108: 1.9
D109: Sala de aplicação de medicamentos: passagem da tubulação para a pia = 2,80 m – 0,90 m = 1,90 m | F109: 1.9
D110: Armazenamento: passagem da tubulação para a pia = 2,80 m – 0,90 m = 1,90 m | F110: 1.9
B111: 10238 | C111: DER | D111: =VLOOKUP(B111,'Planilha Orçamentária'!$L$1:$T$126,2,0) -> 2.13 | E111: =VLOOKUP(B111,'Planilha Orçamentária'!$L$1:$T$126,4,0) -> Apicoamento de superfície com revestimento em argamassa | F111: =VLOOKUP(B111,'Planilha Orçamentária'!$L$1:$T$126,3,0) -> m2 | G111: =SUM(F112:F112) -> 36.85
D112: Vacina: (5,05 m + 5,05 m + 3,50 m + 3,50 m) x 2,45 m (pé direito) – (0,80 m x 2,10 m x 3 portas) = 36,85 m² | F112: 36.85
B113: COMP-01 | D113: =VLOOKUP(B113,'Planilha Orçamentária'!$L$1:$T$126,2,0) -> 2.14 | E113: =VLOOKUP(B113,'Planilha Orçamentária'!$L$1:$T$126,4,0) -> Remoção de vidro temperado fixado em perfil u. | F113: =VLOOKUP(B113,'Planilha Orçamentária'!$L$1:$T$126,3,0) -> m2 | G113: =SUM(F114) -> 5.52
D114: Vacina: área da porta: 2,40m x 2,30m = 5,52m² | F114: 5.52
B115: COMP-02 | D115: =VLOOKUP(B115,'Planilha Orçamentária'!$L$1:$T$126,2,0) -> 2.15 | E115: =VLOOKUP(B115,'Planilha Orçamentária'!$L$1:$T$126,4,0) -> Remoção de telhas, de fibrocimento, metálica e cerâmica, de forma manual, sem reaproveitamento | F115: =VLOOKUP(B115,'Planilha Orçamentária'!$L$1:$T$126,3,0) -> m2 | G115: =SUM(F116) -> 182.62
D116: Área do telhado: 913,10m² x 20%= 182,62m² | F116: 182.62
B117: COMP-03 | D117: =VLOOKUP(B117,'Planilha Orçamentária'!$L$1:$T$126,2,0) -> 2.16 | E117: =VLOOKUP(B117,'Planilha Orçamentária'!$L$1:$T$126,4,0) -> Lixamento de madeira para aplicação de fundo ou pintura | F117: =VLOOKUP(B117,'Planilha Orçamentária'!$L$1:$T$126,3,0) -> m2 | G117: =SUM(F118:F131) -> 73.07
D118: Sala de aplicação de medicamentos: marco (2,10 m + 2,10 m + 0,90 m) x 0,15 m + alizares (2,10 m + 2,10 m + 0,90 m) x 0,05 m x 2 lados + porta (2,10 m x 0,90 m) x 2 lados = 5,05 m² | F118: 5.05
D119: Armazenamento: marco (2,10 m + 2,10 m + 0,80 m) x 0,15 m + alizares: (2,10 m + 2,10m + 0,80 m) x 0,05 m x 2 lados + porta (2,10m x 0,80 m) x 2 lados = 4,61 m² | F119: 4.61
...

Sheet Cronograma
B2: CRONOGRAMA FÍSICO-FINANCEIRO
B3: OBRA: Reforma Unidade de Saúde Ethevaldo Francisco Roldi
B4: LOCAL: Rua Olivio Perini- n: 107, Cinco Casinhas - São Roque do Canaã
B5: DATA: FEVEREIRO/2024
I6: PRAZO DE EXECUÇÃO | M6: TOTAIS
B7: ITEM | C7: DESCRIÇÃO | D7: UNID | F7: 1ºMÊS | G7: 2ºMÊS | H7: 2ºMÊS | I7: 1ºMÊS | J7: 2ºMÊS | K7: 3ºMÊS | L7: 4ºMÊS | M7: FÍSICO | N7: FINANCEIRO
B9: 1 | C9: =VLOOKUP(B9,'Planilha Orçamentária'!$B$14:$J$133,4,0) -> INSTALAÇÃO DO CANTEIRO DE OBRAS | D9: R$ | E9: ='Planilha Orçamentária'!J17 -> 11375.726 | I9: =$E$9*I10 -> 11375.726 | M9: =SUM(I10:L10) -> 1 | N9: =SUM(I9:L9) -> 11375.726
D10: VB | E10: 1 | I10: 1
B11: 2 | C11: =VLOOKUP(B11,'Planilha Orçamentária'!$B$14:$J$133,4,0) -> SERVIÇOS PRELIMINARES | D11: R$ | E11: ='Planilha Orçamentária'!J37 -> 18478.341 | I11: =$E$11*I12 -> 12934.839 | J11: =$E$11*J12 -> 5543.5024 | M11: =SUM(I12:L12) -> 1 | N11: =SUM(I11:L11) -> 18478.341
D12: VB | E12: 1 | I12: 0.7 | J12: 0.3
B13: 3 | C13: =VLOOKUP(B13,'Planilha Orçamentária'!$B$14:$J$133,4,0) -> PAREDES E PAINÉIS | D13: R$ | E13: ='Planilha Orçamentária'!J43 -> 9207.4744 | I13: =E13*I14 -> 5524.4846 | J13: =E13*J14 -> 3682.9898 | M13: =SUM(I14:L14) -> 1 | N13: =SUM(I13:L13) -> 9207.4744
D14: VB | E14: 1 | I14: 0.6 | J14: 0.4
B15: 4 | C15: =VLOOKUP(B15,'Planilha Orçamentária'!$B$14:$J$133,4,0) -> ESQUADRIAS DE MADEIRA | D15: R$ | E15: ='Planilha Orçamentária'!J50 -> 16013.593 | I15: =I16*$E$15 -> 4804.078 | J15: =J16*$E$15 -> 6405.4373 | K15: =K16*$E$15 -> 4804.078 | M15: =SUM(I16:L16) -> 1 | N15: =SUM(I15:L15) -> 16013.593
D16: VB | E16: 1 | I16: 0.3 | J16: 0.4 | K16: 0.3
B17: 5 | C17: =VLOOKUP(B17,'Planilha Orçamentária'!$B$14:$J$133,4,0) -> VIDROS | D17: R$ | E17: ='Planilha Orçamentária'!J54 -> 3127.0219 | L17: =$E$17*L18 -> 3127.0219 | M17: =SUM(I18:L18) -> 1 | N17: =SUM(I17:L17) -> 3127.0219
D18: VB | E18: 1 | L18: 1
B19: 6 | C19: =VLOOKUP(B19,'Planilha Orçamentária'!$B$14:$J$133,4,0) -> REVESTIMENTOS | D19: R$ | E19: ='Planilha Orçamentária'!J62 -> 21046.771 | J19: =J20*$E$19 -> 4209.3542 | K19: =K20*$E$19 -> 8418.7083 | L19: =L20*$E$19 -> 8418.7083 | M19: =SUM(I20:L20) -> 1 | N19: =SUM(I19:L19) -> 21046.771
D20: VB | E20: 1 | J20: 0.2 | K20: 0.4 | L20: 0.4
B21: 7 | C21: =VLOOKUP(B21,'Planilha Orçamentária'!$B$14:$J$133,4,0) -> PISO | D21: R$ | E21: ='Planilha Orçamentária'!J68 -> 147788.64 | K21: =$E$21*K22 -> 59115.456 | L21: =$E$21*L22 -> 88673.184 | M21: =SUM(I22:L22) -> 1 | N21: =SUM(I21:L21) -> 147788.64
D22: VB | E22: 1 | K22: 0.4 | L22: 0.6
B23: 8 | C23: =VLOOKUP(B23,'Planilha Orçamentária'!$B$14:$J$133,4,0) -> INSTALAÇÕES HIDRO SANITÁRIAS | D23: R$ | E23: ='Planilha Orçamentária'!J80 -> 11448.86 | J23: =$E$23*J24 -> 5724.4301 | K23: =$E$23*K24 -> 5724.4301 | M23: =SUM(I24:L24) -> 1 | N23: =SUM(I23:L23) -> 11448.86
D24: VB | E24: 1 | J24: 0.5 | K24: 0.5
B25: 9 | C25: =VLOOKUP(B25,'Planilha Orçamentária'!$B$14:$J$133,4,0) -> INSTALAÇÕES ELÉTRICAS | D25: R$ | E25: ='Planilha Orçamentária'!J98 -> 22585.745 | K25: =$E$25*K26 -> 9034.298 | L25: =$E$25*L26 -> 13551.447 | M25: =SUM(I26:L26) -> 1 | N25: =SUM(I25:L25) -> 22585.745
D26: VB | E26: 1 | K26: 0.4 | L26: 0.6
B27: 10 | C27: =VLOOKUP(B27,'Planilha Orçamentária'!$B$14:$J$133,4,0) -> PINTURA | D27: R$ | E27: ='Planilha Orçamentária'!J107 -> 39672.294 | K27: =$E$27*K28 -> 11901.688 | L27: =$E$27*L28 -> 27770.606 | M27: =SUM(I28:L28) -> 1 | N27: =SUM(I27:L27) -> 39672.294
D28: VB | E28: 1 | K28: 0.3 | L28: 0.7
B29: 11 | C29: =VLOOKUP(B29,'Planilha Orçamentária'!$B$14:$J$133,4,0) -> TETOS E FORROS | D29: R$ | E29: ='Planilha Orçamentária'!J111 -> 22749.534 | J29: =$E$29*J30 -> 6824.8603 | K29: =$E$29*K30 -> 15924.674 | M29: =SUM(I30:L30) -> 1 | N29: =SUM(I29:L29) -> 22749.534
D30: VB | E30: 1 | J30: 0.3 | K30: 0.7
B31: 12 | C31: =VLOOKUP(B31,'Planilha Orçamentária'!$B$14:$J$133,4,0) -> REDE DE LÓGICA | D31: R$ | E31: ='Planilha Orçamentária'!J118 -> 2289.4522 | L31: =$E$31*L32 -> 2289.4522 | M31: =SUM(I32:L32) -> 1 | N31: =SUM(I31:L31) -> 2289.4522
D32: VB | E32: 1 | L32: 1
B33: 13 | C33: =VLOOKUP(B33,'Planilha Orçamentária'!$B$14:$J$133,4,0) -> SERVIÇOS COMPLEMENTARES | D33: R$ | E33: ='Planilha Orçamentária'!J127 -> 45643.208 | L33: =$E$33*L34 -> 45643.208 | M33: =SUM(I34:L34) -> 1 | N33: =SUM(I33:L33) -> 45643.208
D34: VB | E34: 1 | L34: 1
B35: 14 | C35: =VLOOKUP(B35,'Planilha Orçamentária'!$B$14:$J$133,4,0) -> ADMINISTRAÇÃO LOCAL | D35: R$ | E35: ='Planilha Orçamentária'!J131 -> 17740.904 | I35: =$E$35*I36 -> 1516.1968 | J35: =$E$35*J36 -> 1435.4091 | K35: =$E$35*K36 -> 5508.8053 | L35: =$E$35*L36 -> 9280.4925 | M35: =SUM(I36:L36) -> 1 | N35: =SUM(I35:L35) -> 17740.904
D36: VB | E36: 1 | I36: 0.085463337 | J36: 0.080909583 | K36: 0.31051436 | L36: 0.52311272
C37: TOTAL | E37: =E9+E11+E13+E15+E17+E19+E21+E23+E25+E27+E29+E31+E33+E35 -> 389167.57 | N37: =SUM(N9:N36) -> 389167.57
C39: SOMAS MENSAIS | I39: =SUM(I9,I11,I13,I15,I17,I19,I21,I23,I25,I27,I29,I31,I33,I35) -> 36155.325 | J39: =SUM(J9,J11,J13,J15,J17,J19,J21,J23,J25,J27,J29,J31,J33,J35) -> 33825.983 | K39: =SUM(K9,K11,K13,K15,K17,K19,K21,K23,K25,K27,K29,K31,K33,K35) -> 120432.14 | L39: =SUM(L9,L11,L13,L15,L17,L19,L21,L23,L25,L27,L29,L31,L33,L35) -> 198754.12
C40: PERCENTUAL MENSAL | I40: =I39/$N$37 -> 0.09290426 | J40: =J39/$N$37 -> 0.086918813 | K40: =K39/$N$37 -> 0.30946088 | L40: =L39/$N$37 -> 0.51071605
C41: SOMA ACUMULADA | I41: =SUM(F39:I39) -> 36155.325 | J41: =SUM(F39:J39) -> 69981.308 | K41: =SUM(G39:K39) -> 190413.45 | L41: =SUM(H39:L39) -> 389167.57
C42: PERC. ACUMULADO | I42: =I41/$N$37 -> 0.09290426 | J42: =J41/$N$37 -> 0.17982307 | K42: =K41/$N$37 -> 0.48928395 | L42: =L41/$N$37 -> 1
E47: ____________________________________________________________________
E48: PEDRO JAYME LANI JUNIOR
E49: ASSESSOR DE ASSUNTOS DE GESTÃO
E50: ENGENHEIRO CIVIL
E51: CREA ES 20.109/D

Sheet COMP-01
B2: COMPOSIÇÃO DE PREÇO UNITÁRIO 01
B3: SERVIÇO: | D3: =VLOOKUP(B5,'Planilha Orçamentária'!$L$15:$T$126,4,0) -> Remoção de vidro temperado fixado em perfil u.
B4: BASE: DER-ES e SINAPI DATA: NOVEMBRO-2023 | H4: Unidade | J4: =VLOOKUP(B5,'Planilha Orçamentária'!$L$15:$T$126,3,0) -> m2
B5: COMP-01 | H5: Item | J5: =VLOOKUP(B5,'Planilha Orçamentária'!$L$15:$T$126,2,0) -> 2.14
B6: CÓD. | C6: ÓRGÃO | D6: MÃO DE OBRA | E6: UNIDADE | F6: QUANTIDADE | H6: SALÁRIO HORA | J6: CUSTO HORÁRIO
B7: 10146 | C7: =VLOOKUP(B7,'INSUMOS SINAPI-DER SET-2023_2'!$A$1:$E$6493,2,0) -> DER/ES | D7: =VLOOKUP(B7,'INSUMOS SINAPI-DER SET-2023_2'!$A$1:$E$6493,3,0) -> Servente (auxiliar de obras - sinduscon) | E7: =VLOOKUP(B7,'INSUMOS SINAPI-DER SET-2023_2'!$A$1:$E$6493,4,0) -> H | F7: 0.338 | H7: =VLOOKUP(B7,'INSUMOS SINAPI-DER SET-2023_2'!$A$1:$E$6493,5,0)*2.5727 -> 16.876912 | J7: =TRUNC(F7*H7,3) -> 5.704
B8: 10489 | C8: =VLOOKUP(B8,'INSUMOS SINAPI-DER SET-2023_2'!$A$1:$E$6493,2,0) -> SINAPI | D8: =VLOOKUP(B8,'INSUMOS SINAPI-DER SET-2023_2'!$A$1:$E$6493,3,0) -> Vidraceiro (horista) | E8: =VLOOKUP(B8,'INSUMOS SINAPI-DER SET-2023_2'!$A$1:$E$6493,4,0) -> H | F8: 0.348 | H8: =VLOOKUP(B8,'INSUMOS SINAPI-DER SET-2023_2'!$A$1:$E$6493,5,0)/2.1566*2.5727 -> 19.946 | J8: =TRUNC(F8*H8,2) -> 6.94
B9: SUBTOTAL | D9: (LABOR) | J9: =SUM(J7:J8) -> 12.644
B10: MÃO DE OBRA (A) | J10: =SUM(J7:J8) -> 12.644
B11: MATERIAIS ( B ) | J11: 0
B12: EQUIPAMENTOS ( C ) | J12: 0
B13: PRODUÇÃO DA EQUIPE ( D ) | J13: 1
G14: CUSTO HORÁRIO TOTAL (A+C) | J14: =J10+J12 -> 12.644
B15: CUSTO UNITÁRIO DA EXECUÇÃO [(A/D) + (C/D)] = ( E ) | J15: =(J10/J13)+(J12/J13) -> 12.644
G16: CUSTO DIRETO TOTAL (B+E) | J16: =J11+J15 -> 12.644
B17: ( H ) TOTAL | J17: =J16 -> 12.644
B20: Observações:
B21: 1. Preços unitários, códigos e descrição da mão de obra são compatíveis com a TABELA CUSTOS LABOR/CT-UFES PADRÃO DER NOVEMBRO/2023(LS=157,27; BDI=0%) e SINAPI
B22: 2. Os coeficientes utilizados para mão-de-obra são os mesmos da composição do serviço 102192 (Remoção de vidro temperado fixado em perfil u.) do SINAPI.
B23: 3. No item de mão de obra "VIDRACEIRO" foi retirado a Lei Social do SINAPI (115,66%) e aplicado a Lei Social da TABELA CUSTOS REFERENCIAIS LABOR/CT- UFES PADRÃO DER-ES NOVEMBRO/2023 (157,27%).

Sheet COMP-02
B2: COMPOSIÇÃO DE PREÇO UNITÁRIO 02
B3: SERVIÇO: | D3: =VLOOKUP(B5,'Planilha Orçamentária'!$L$15:$T$126,4,0) -> Remoção de telhas, de fibrocimento, metálica e cerâmica, de forma manual, sem reaproveitamento
B4: BASE: DER-ES e SINAPI DATA: NOVEMBRO-2023 | H4: Unidade | J4: =VLOOKUP(B5,'Planilha Orçamentária'!$L$15:$T$126,3,0) -> m2
B5: COMP-02 | H5: Item | J5: =VLOOKUP(B5,'Planilha Orçamentária'!$L$15:$T$126,2,0) -> 2.15
B6: CÓD. | C6: ÓRGÃO | D6: MÃO DE OBRA | E6: UNIDADE | F6: QUANTIDADE | H6: SALÁRIO HORA | J6: CUSTO HORÁRIO
B7: 10146 | C7: =VLOOKUP(B7,'INSUMOS SINAPI-DER SET-2023_2'!$A$1:$E$6493,2,0) -> DER/ES | D7: =VLOOKUP(B7,'INSUMOS SINAPI-DER SET-2023_2'!$A$1:$E$6493,3,0) -> Servente (auxiliar de obras - sinduscon) | E7: =VLOOKUP(B7,'INSUMOS SINAPI-DER SET-2023_2'!$A$1:$E$6493,4,0) -> H | F7: 0.0971 | H7: =VLOOKUP(B7,'INSUMOS SINAPI-DER SET-2023_2'!$A$1:$E$6493,5,0)*2.5727 -> 16.876912 | J7: =TRUNC(F7*H7,3) -> 1.638
B8: 10150 | C8: =VLOOKUP(B8,'INSUMOS SINAPI-DER SET-2023_2'!$A$1:$E$6493,2,0) -> DER/ES | D8: =VLOOKUP(B8,'INSUMOS SINAPI-DER SET-2023_2'!$A$1:$E$6493,3,0) -> Telhadista (oficial - sinduscon) | E8: =VLOOKUP(B8,'INSUMOS SINAPI-DER SET-2023_2'!$A$1:$E$6493,4,0) -> H | F8: 0.0494 | H8: =VLOOKUP(B8,'INSUMOS SINAPI-DER SET-2023_2'!$A$1:$E$6493,5,0)*2.5727 -> 22.742668 | J8: =TRUNC(F8*H8,2) -> 1.12
B9: SUBTOTAL | D9: (LABOR) | J9: =SUM(J7:J8) -> 2.758
B10: MÃO DE OBRA (A) | J10: =SUM(J7:J8) -> 2.758
B11: MATERIAIS ( B ) | J11: 0
B12: EQUIPAMENTOS ( C ) | J12: 0
B13: PRODUÇÃO DA EQUIPE ( D ) | J13: 1
G14: CUSTO HORÁRIO TOTAL (A+C) | J14: =J10+J12 -> 2.758
B15: CUSTO UNITÁRIO DA EXECUÇÃO [(A/D) + (C/D)] = ( E ) | J15: =(J10/J13)+(J12/J13) -> 2.758
G16: CUSTO DIRETO TOTAL (B+E) | J16: =J11+J15 -> 2.758
B17: ( H ) TOTAL | J17: =J16 -> 2.758
B20: Observações:
B21: 1. Preços unitários, códigos e descrição da mão de obra são compatíveis com a TABELA CUSTOS LABOR/CT-UFES PADRÃO DER NOVEMBRO/2023(LS=157,27; BDI=0%)
B22: 2. Os coeficientes utilizados para mão-de-obra são os mesmos da composição do serviço 97647 (Remoção de telhas, de fibrocimento, metálica e cerâmica, de forma manual, sem reaproveitamento) do SINAPI.

Sheet COMP-03
B2: COMPOSIÇÃO DE PREÇO UNITÁRIO 03
B3: SERVIÇO: | D3: =VLOOKUP(B5,'Planilha Orçamentária'!$L$15:$T$126,4,0) -> Lixamento de madeira para aplicação de fundo ou pintura
B4: BASE: DER-ES e SINAPI DATA: NOVEMBRO-2023 | H4: Unidade | J4: =VLOOKUP(B5,'Planilha Orçamentária'!$L$15:$T$126,3,0) -> m2
B5: COMP-03 | H5: Item | J5: =VLOOKUP(B5,'Planilha Orçamentária'!$L$15:$T$126,2,0) -> 2.16
B6: CÓD. | C6: ÓRGÃO | D6: MÃO DE OBRA | E6: UNIDADE | F6: QUANTIDADE | H6: SALÁRIO HORA | J6: CUSTO HORÁRIO
B7: 10140 | C7: =VLOOKUP(B7,'INSUMOS SINAPI-DER SET-2023_2'!$A$1:$E$6493,2,0) -> DER/ES | D7: =VLOOKUP(B7,'INSUMOS SINAPI-DER SET-2023_2'!$A$1:$E$6493,3,0) -> Pintor (oficial - sinduscon) | E7: =VLOOKUP(B7,'INSUMOS SINAPI-DER SET-2023_2'!$A$1:$E$6493,4,0) -> H | F7: 0.0541 | H7: =VLOOKUP(B7,'INSUMOS SINAPI-DER SET-2023_2'!$A$1:$E$6493,5,0)*2.5727 -> 22.742668 | J7: =TRUNC(F7*H7,3) -> 1.23
B8: SUBTOTAL | D8: (LABOR) | J8: =SUM(J7:J7) -> 1.23
B9: CÓD. | C9: ÓRGÃO | D9: MATERIAL | E9: UNIDADE | F9: QUANTIDADE | H9: SALÁRIO HORA | J9: CUSTO HORÁRIO
B10: 3767 | C10: =VLOOKUP(B10,'INSUMOS SINAPI-DER SET-2023_2'!$A$1:$E$6493,2,0) -> SINAPI | D10: =VLOOKUP(B10,'INSUMOS SINAPI-DER SET-2023_2'!$A$1:$E$6493,3,0) -> Lixa em folha para parede ou madeira, numero 120, cor vermelha | E10: =VLOOKUP(B10,'INSUMOS SINAPI-DER SET-2023_2'!$A$1:$E$6493,4,0) -> UN | F10: 0.4 | H10: =VLOOKUP(B10,'INSUMOS SINAPI-DER SET-2023_2'!$A$1:$E$6493,5,0) -> 1,59 | J10: =TRUNC(F10*H10,2) -> 0.63
B11: SUBTOTAL: | J11: =SUM(J10:J10) -> 0.63
B12: MÃO DE OBRA (A) | J12: =SUM(J7:J7) -> 1.23
B13: MATERIAIS ( B ) | J13: =SUM(J10:J10) -> 0.63
B14: EQUIPAMENTOS ( C ) | J14: 0
B15: PRODUÇÃO DA EQUIPE ( D ) | J15: 1
G16: CUSTO HORÁRIO TOTAL (A+C) | J16: =J12+J14 -> 1.23
B17: CUSTO UNITÁRIO DA EXECUÇÃO [(A/D) + (C/D)] = ( E ) | J17: =(J12/J15)+(J14/J15) -> 1.23
G18: CUSTO DIRETO TOTAL (B+E) | J18: =J13+J17 -> 1.86
B19: ( H ) TOTAL | J19: =J18 -> 1.86
B22: Observações:
B23: 1. Preços unitários, códigos e descrição da mão de obra são compatíveis com a TABELA CUSTOS LABOR/CT-UFES PADRÃO DER NOVEMBRO/2023(LS=157,27; BDI=0%)
B24: 2. Preços unitários, códigos e descrição dos materiais são compatíveis com o SINAPI - SISTEMA NACIONAL DE PESQUISA DE CUSTOS E ÍNDICES DA CONSTRUÇÃO CIVIL 1 NOVEMBRO/2023 por não serem catalogados na TABELA CUSTOS LABOR/CT-UFES PADRÃO DER NOVEMBRO/2023
B25: 3. Os coeficientes utilizados para mão-de-obra e material são os mesmos da composição do serviço 102193 (Lixamento de madeira para aplicação de fundo ou pintura. Af_01/2021) do SINAPI.

Sheet COMP-04
B2: COMPOSIÇÃO DE PREÇO UNITÁRIO 04
B3: SERVIÇO: | D3: =VLOOKUP(B5,'Planilha Orçamentária'!$L$15:$T$126,4,0) -> Remoção de forro de gesso, de forma manual, sem reaproveitamento
B4: BASE: DER-ES e SINAPI DATA: NOVEMBRO-2023 | H4: Unidade | J4: =VLOOKUP(B5,'Planilha Orçamentária'!$L$15:$T$126,3,0) -> m2
B5: COMP-04 | H5: Item | J5: =VLOOKUP(B5,'Planilha Orçamentária'!$L$15:$T$126,2,0) -> 2.17
B6: CÓD. | C6: ÓRGÃO | D6: MÃO DE OBRA | E6: UNIDADE | F6: QUANTIDADE | H6: SALÁRIO HORA | J6: CUSTO HORÁRIO
B7: 88269 | C7: =VLOOKUP(B7,'SERVIÇOS SINAPI-DER NOV-2023'!$A$1:$E$8960,2,0) -> SINAPI | D7: =VLOOKUP(B7,'SERVIÇOS SINAPI-DER NOV-2023'!$A$1:$E$8960,3,0) -> Gesseiro com encargos complementares | E7: =VLOOKUP(B7,'SERVIÇOS SINAPI-DER NOV-2023'!$A$1:$E$8960,4,0) -> H | F7: 0.0336 | H7: =VLOOKUP(B7,'SERVIÇOS SINAPI-DER NOV-2023'!$A$1:$E$8960,5,0)/2.1566*2.5727 -> 25.695983 | J7: =TRUNC(F7*H7,2) -> 0.86
B8: 10146 | C8: =VLOOKUP(B8,'INSUMOS SINAPI-DER SET-2023_2'!$A$1:$E$6493,2,0) -> DER/ES | D8: =VLOOKUP(B8,'INSUMOS SINAPI-DER SET-2023_2'!$A$1:$E$6493,3,0) -> Servente (auxiliar de obras - sinduscon) | E8: =VLOOKUP(B8,'INSUMOS SINAPI-DER SET-2023_2'!$A$1:$E$6493,4,0) -> H | F8: 0.0951 | H8: =VLOOKUP(B8,'INSUMOS SINAPI-DER SET-2023_2'!$A$1:$E$6493,5,0)*2.5727 -> 16.876912 | J8: =TRUNC(F8*H8,2) -> 1.6
B9: SUBTOTAL | D9: (LABOR) | J9: =SUM(J7:J8) -> 2.46
B10: SUBTOTAL: | J10: =J9 -> 2.46
B11: MÃO DE OBRA (A) | J11: =SUM(J7:J8) -> 2.46
B12: MATERIAIS ( B ) | J12: 0
B13: EQUIPAMENTOS ( C ) | J13: 0
B14: PRODUÇÃO DA EQUIPE ( D ) | J14: 1
G15: CUSTO HORÁRIO TOTAL (A+C) | J15: =J11+J13 -> 2.46
B16: CUSTO UNITÁRIO DA EXECUÇÃO [(A/D) + (C/D)] = ( E ) | J16: =(J11/J14)+(J13/J14) -> 2.46
G17: CUSTO DIRETO TOTAL (B+E) | J17: =J12+J16 -> 2.46
B18: ( H ) TOTAL | J18: =J17 -> 2.46
B21: Observações:
B22: 1. Preços unitários, códigos e descrição da mão de obra são compatíveis com a TABELA CUSTOS LABOR/CT-UFES PADRÃO DER NOVEMBRO/2023(LS=157,27; BDI=0%) e SINAPI
B23: 2. Os coeficientes utilizados para mão-de-obra são os mesmos da composição do serviço 97641 (Remoção de forro de gesso, de forma manual, sem reaproveitamento. Af_09/2023) do SINAPI.
B24: 3. No item de mão de obra "GESSEIRO" foi retirado a Lei Social do SINAPI (115,66%) e aplicado a Lei Social da TABELA CUSTOS REFERENCIAIS LABOR/CT- UFES PADRÃO DER-ES NOVEMBRO/2023 (157,27%).

Sheet COMP-05
B2: COMPOSIÇÃO DE PREÇO UNITÁRIO 05
B3: SERVIÇO: | D3: =VLOOKUP(B5,'Planilha Orçamentária'!$L$15:$T$126,4,0) -> Parede com placas de gesso acartonado (DRYWALL), para uso interno, com duas faces simples e estrutura metálica com guias duplas, com vãos.
B4: BASE: DER-ES e SINAPI DATA: NOVEMBRO-2023 | H4: Unidade | J4: =VLOOKUP(B5,'Planilha Orçamentária'!$L$15:$T$126,3,0) -> m2
B5: COMP-05 | H5: Item | J5: =VLOOKUP(B5,'Planilha Orçamentária'!$L$15:$T$126,2,0) -> 3.3
B6: CÓD. | C6: ÓRGÃO | D6: MÃO DE OBRA | E6: UNIDADE | F6: QUANTIDADE | H6: SALÁRIO HORA | J6: CUSTO HORÁRIO
B7: 10278 | C7: =VLOOKUP(B7,'INSUMOS SINAPI-DER SET-2023_2'!$A$1:$E$6493,2,0) -> DER/ES | D7: =VLOOKUP(B7,'INSUMOS SINAPI-DER SET-2023_2'!$A$1:$E$6493,3,0) -> Montador de estrutura - sintraconst | E7: =VLOOKUP(B7,'INSUMOS SINAPI-DER SET-2023_2'!$A$1:$E$6493,4,0) -> H | F7: 0.8356 | H7: =VLOOKUP(B7,'INSUMOS SINAPI-DER SET-2023_2'!$A$1:$E$6493,5,0)*2.5727 -> 34.011094 | J7: =TRUNC(F7*H7,2) -> 28.41
B8: 10146 | C8: =VLOOKUP(B8,'INSUMOS SINAPI-DER SET-2023_2'!$A$1:$E$6493,2,0) -> DER/ES | D8: =VLOOKUP(B8,'INSUMOS SINAPI-DER SET-2023_2'!$A$1:$E$6493,3,0) -> Servente (auxiliar de obras - sinduscon) | E8: =VLOOKUP(B8,'INSUMOS SINAPI-DER SET-2023_2'!$A$1:$E$6493,4,0) -> H | F8: 0.2089 | H8: =VLOOKUP(B8,'INSUMOS SINAPI-DER SET-2023_2'!$A$1:$E$6493,5,0)*2.5727 -> 16.876912 | J8: =TRUNC(F8*H8,2) -> 3.52
B9: SUBTOTAL | D9: (LABOR) | J9: =SUM(J7:J8) -> 31.93
B10: CÓD. | C10: ÓRGÃO | D10: MATERIAL | E10: UNIDADE | F10: QUANTIDADE | H10: SALÁRIO HORA | J10: CUSTO HORÁRIO
B11: 37586 | C11: =VLOOKUP(B11,'INSUMOS SINAPI-DER SET-2023_2'!$A$1:$E$6493,2,0) -> SINAPI | D11: =VLOOKUP(B11,'INSUMOS SINAPI-DER SET-2023_2'!$A$1:$E$6493,3,0) -> Pino de aco com arruela conica, diametro arruela = *23* mm e comp haste = *27* mm (acao indireta) | E11: =VLOOKUP(B11,'INSUMOS SINAPI-DER SET-2023_2'!$A$1:$E$6493,4,0) -> CENTO | F11: 0.581 | H11: =VLOOKUP(B11,'INSUMOS SINAPI-DER SET-2023_2'!$A$1:$E$6493,5,0) -> 45,05 | J11: =TRUNC(F11*H11,2) -> 26.17
B12: 39413 | C12: =VLOOKUP(B12,'INSUMOS SINAPI-DER SET-2023_2'!$A$1:$E$6493,2,0) -> SINAPI | D12: =VLOOKUP(B12,'INSUMOS SINAPI-DER SET-2023_2'!$A$1:$E$6493,3,0) -> Placa / chapa de gesso acartonado, standard (st), cor branca, e = 12,5 mm, 1200 x 2400 mm (l x c) | E12: =VLOOKUP(B12,'INSUMOS SINAPI-DER SET-2023_2'!$A$1:$E$6493,4,0) -> M2 | F12: 2.106 | H12: =VLOOKUP(B12,'INSUMOS SINAPI-DER SET-2023_2'!$A$1:$E$6493,5,0) -> 20,28 | J12: =TRUNC(F12*H12,2) -> 42.7
B13: 39419 | C13: =VLOOKUP(B13,'INSUMOS SINAPI-DER SET-2023_2'!$A$1:$E$6493,2,0) -> SINAPI | D13: =VLOOKUP(B13,'INSUMOS SINAPI-DER SET-2023_2'!$A$1:$E$6493,3,0) -> Perfil guia, formato u, em aco zincado, para estrutura parede drywall, e = 0,5 mm, 70 x 3000 mm (l x c) | E13: =VLOOKUP(B13,'INSUMOS SINAPI-DER SET-2023_2'!$A$1:$E$6493,4,0) -> M | F13: 1.8187 | H13: =VLOOKUP(B13,'INSUMOS SINAPI-DER SET-2023_2'!$A$1:$E$6493,5,0) -> 6,32 | J13: =TRUNC(F13*H13,2) -> 11.49
B14: 39422 | C14: =VLOOKUP(B14,'INSUMOS SINAPI-DER SET-2023_2'!$A$1:$E$6493,2,0) -> SINAPI | D14: =VLOOKUP(B14,'INSUMOS SINAPI-DER SET-2023_2'!$A$1:$E$6493,3,0) -> Perfil montante, formato c, em aco zincado, para estrutura parede drywall, e = 0,5 mm, 70 x 3000 mm (l x c) | E14: =VLOOKUP(B14,'INSUMOS SINAPI-DER SET-2023_2'!$A$1:$E$6493,4,0) -> M | F14: 5.7999 | H14: =VLOOKUP(B14,'INSUMOS SINAPI-DER SET-2023_2'!$A$1:$E$6493,5,0) -> 7,17 | J14: =TRUNC(F14*H14,2) -> 41.58
B15: 39431 | C15: =VLOOKUP(B15,'INSUMOS SINAPI-DER SET-2023_2'!$A$1:$E$6493,2,0) -> SINAPI | D15: =VLOOKUP(B15,'INSUMOS SINAPI-DER SET-2023_2'!$A$1:$E$6493,3,0) -> Fita de papel microperfurado, 50 x 150 mm, para tratamento de juntas de chapa de gesso para drywall | E15: =VLOOKUP(B15,'INSUMOS SINAPI-DER SET-2023_2'!$A$1:$E$6493,4,0) -> M | F15: 2.5027 | H15: =VLOOKUP(B15,'INSUMOS SINAPI-DER SET-2023_2'!$A$1:$E$6493,5,0) -> 0,31 | J15: =TRUNC(F15*H15,2) -> 0.77
B16: 39432 | C16: =VLOOKUP(B16,'INSUMOS SINAPI-DER SET-2023_2'!$A$1:$E$6493,2,0) -> SINAPI | D16: =VLOOKUP(B16,'INSUMOS SINAPI-DER SET-2023_2'!$A$1:$E$6493,3,0) -> Fita de papel reforcada com lamina de metal para reforco de cantos de chapa de gesso para drywall | E16: =VLOOKUP(B16,'INSUMOS SINAPI-DER SET-2023_2'!$A$1:$E$6493,4,0) -> M | F16: 1.5851 | H16: =VLOOKUP(B16,'INSUMOS SINAPI-DER SET-2023_2'!$A$1:$E$6493,5,0) -> 2,81 | J16: =TRUNC(F16*H16,2) -> 4.45
B17: 39434 | C17: =VLOOKUP(B17,'INSUMOS SINAPI-DER SET-2023_2'!$A$1:$E$6493,2,0) -> SINAPI | D17: =VLOOKUP(B17,'INSUMOS SINAPI-DER SET-2023_2'!$A$1:$E$6493,3,0) -> Massa de rejunte em po para drywall, a base de gesso, secagem rapida, para tratamento de juntas de chapa de gesso (necessita adicao de agua) | E17: =VLOOKUP(B17,'INSUMOS SINAPI-DER SET-2023_2'!$A$1:$E$6493,4,0) -> KG | F17: 1.0327 | H17: =VLOOKUP(B17,'INSUMOS SINAPI-DER SET-2023_2'!$A$1:$E$6493,5,0) -> 3,51 | J17: =TRUNC(F17*H17,2) -> 3.62
B18: 39435 | C18: =VLOOKUP(B18,'INSUMOS SINAPI-DER SET-2023_2'!$A$1:$E$6493,2,0) -> SINAPI | D18: =VLOOKUP(B18,'INSUMOS SINAPI-DER SET-2023_2'!$A$1:$E$6493,3,0) -> Parafuso dry wall, em aco fosfatizado, cabeca trombeta e ponta agulha (ta), comprimento 25 mm | E18: =VLOOKUP(B18,'INSUMOS SINAPI-DER SET-2023_2'!$A$1:$E$6493,4,0) -> UN | F18: 20.0077 | H18: =VLOOKUP(B18,'INSUMOS SINAPI-DER SET-2023_2'!$A$1:$E$6493,5,0) -> 0,11 | J18: =TRUNC(F18*H18,2) -> 2.2
B19: 39443 | C19: =VLOOKUP(B19,'INSUMOS SINAPI-DER SET-2023_2'!$A$1:$E$6493,2,0) -> SINAPI | D19: =VLOOKUP(B19,'INSUMOS SINAPI-DER SET-2023_2'!$A$1:$E$6493,3,0) -> Parafuso dry wall, em aco zincado, cabeca lentilha e ponta broca (lb), largura 4,2 mm, comprimento 13 mm | E19: =VLOOKUP(B19,'INSUMOS SINAPI-DER SET-2023_2'!$A$1:$E$6493,4,0) -> UN | F19: 0.9149 | H19: =VLOOKUP(B19,'INSUMOS SINAPI-DER SET-2023_2'!$A$1:$E$6493,5,0) -> 0,26 | J19: =TRUNC(F19*H19,2) -> 0.23
B20: SUBTOTAL: | J20: =SUM(J11:J19) -> 133.21
B21: MÃO DE OBRA (A) | J21: =SUM(J7:J8) -> 31.93
B22: MATERIAIS ( B ) | J22: =SUM(J11:J19) -> 133.21
B23: EQUIPAMENTOS ( C ) | J23: 0
B24: PRODUÇÃO DA EQUIPE ( D ) | J24: 1
G25: CUSTO HORÁRIO TOTAL (A+C) | J25: =J21+J23 -> 31.93
B26: CUSTO UNITÁRIO DA EXECUÇÃO [(A/D) + (C/D)] = ( E ) | J26: =(J21/J24)+(J23/J24) -> 31.93
G27: CUSTO DIRETO TOTAL (B+E) | J27: =J22+J26 -> 165.14
B28: ( H ) TOTAL | J28: =J27 -> 165.14
B31: Observações:
B32: 1. Preços unitários, códigos e descrição da mão de obra são compatíveis com a TABELA CUSTOS LABOR/CT-UFES PADRÃO DER NOVEMBRO/2023(LS=157,27; BDI=0%)
B33: 2. Preços unitários, códigos e descrição dos materiais são compatíveis com o SINAPI - SISTEMA NACIONAL DE PESQUISA DE CUSTOS E ÍNDICES DA CONSTRUÇÃO CIVIL 1 NOVEMBRO/2023
B34: 3. Os coeficientes utilizados para mão-de-obra e material são os mesmos da composição do serviço 96361 (Parede com placas de gesso acartonado (DRYWALL), para uso interno, com duas faces simples e estrutura metálica com guias duplas, com vãos.) do SINAPI.

Sheet COMP-06
B2: COMPOSIÇÃO DE PREÇO UNITÁRIO 06
B3: SERVIÇO: | D3: =VLOOKUP(B5,'Planilha Orçamentária'!$L$15:$T$126,4,0) -> Recolocação de porta em madeira de lei tipo angelim pedra ou equiv.c/enchimento em madeira 1a.qualidade esp. 30mm p/ pintura, inclusive alizares, dobradiças e fechadura externa em latão cromado LaFonte ou equiv., exclusive marco e porta, nas dim.: 0.80 x 2.10 m
B4: BASE: DER-ES e SINAPI DATA: NOVEMBRO-2023 | H4: Unidade | J4: =VLOOKUP(B5,'Planilha Orçamentária'!$L$15:$T$126,3,0) -> und.
B5: COMP-06 | H5: Item | J5: =VLOOKUP(B5,'Planilha Orçamentária'!$L$15:$T$126,2,0) -> 4.2
B6: CÓD. | C6: ÓRGÃO | D6: MÃO DE OBRA | E6: UNIDADE | F6: QUANTIDADE | H6: SALÁRIO HORA | J6: CUSTO HORÁRIO
B7: 10101 | C7: =VLOOKUP(B7,'INSUMOS SINAPI-DER SET-2023_2'!$A$1:$E$6493,2,0) -> DER/ES | D7: =VLOOKUP(B7,'INSUMOS SINAPI-DER SET-2023_2'!$A$1:$E$6493,3,0) -> Ajudante (ajudante pratico - sinduscon) | E7: =VLOOKUP(B7,'INSUMOS SINAPI-DER SET-2023_2'!$A$1:$E$6493,4,0) -> H | F7: 3.75 | H7: =VLOOKUP(B7,'INSUMOS SINAPI-DER SET-2023_2'!$A$1:$E$6493,5,0)*2.5727 -> 19.192342 | J7: =TRUNC(F7*H7,3) -> 71.971
B8: 10111 | C8: =VLOOKUP(B8,'INSUMOS SINAPI-DER SET-2023_2'!$A$1:$E$6493,2,0) -> DER/ES | D8: =VLOOKUP(B8,'INSUMOS SINAPI-DER SET-2023_2'!$A$1:$E$6493,3,0) -> Carpinteiro (oficial - sinduscon) | E8: =VLOOKUP(B8,'INSUMOS SINAPI-DER SET-2023_2'!$A$1:$E$6493,4,0) -> H | F8: 3.75 | H8: =VLOOKUP(B8,'INSUMOS SINAPI-DER SET-2023_2'!$A$1:$E$6493,5,0)*2.5727 -> 22.742668 | J8: =TRUNC(F8*H8,2) -> 85.28
B9: SUBTOTAL | J9: =SUM(J7:J8) -> 157.251
B10: CÓD. | C10: ÓRGÃO | D10: MATERIAIS | E10: UNIDADE | F10: QUANTIDADE | H10: CUSTO UNITÁRIO | J10: CUSTO
B11: 30496 | C11: =VLOOKUP(B11,'INSUMOS SINAPI-DER SET-2023_2'!$A$1:$E$6493,2,0) -> DER/ES | D11: =VLOOKUP(B11,'INSUMOS SINAPI-DER SET-2023_2'!$A$1:$E$6493,3,0) -> Alizar / guarnicao em mad de lei 5x2.5cm | E11: =VLOOKUP(B11,'INSUMOS SINAPI-DER SET-2023_2'!$A$1:$E$6493,4,0) -> M | F11: 11 | H11: =VLOOKUP(B11,'INSUMOS SINAPI-DER SET-2023_2'!$A$1:$E$6493,5,0) -> 24.27 | J11: =TRUNC(F11*H11,2) -> 266.97
B12: 31601 | C12: =VLOOKUP(B12,'INSUMOS SINAPI-DER SET-2023_2'!$A$1:$E$6493,2,0) -> DER/ES | D12: =VLOOKUP(B12,'INSUMOS SINAPI-DER SET-2023_2'!$A$1:$E$6493,3,0) -> Dobradica em latao cromado 3 x 2.1/2" c/ parafuso | E12: =VLOOKUP(B12,'INSUMOS SINAPI-DER SET-2023_2'!$A$1:$E$6493,4,0) -> UN | F12: 3 | H12: =VLOOKUP(B12,'INSUMOS SINAPI-DER SET-2023_2'!$A$1:$E$6493,5,0) -> 36.57 | J12: =TRUNC(F12*H12,2) -> 109.71
B13: 31508 | C13: =VLOOKUP(B13,'INSUMOS SINAPI-DER SET-2023_2'!$A$1:$E$6493,2,0) -> DER/ES | D13: =VLOOKUP(B13,'INSUMOS SINAPI-DER SET-2023_2'!$A$1:$E$6493,3,0) -> Fechadura completa porta externa | E13: =VLOOKUP(B13,'INSUMOS SINAPI-DER SET-2023_2'!$A$1:$E$6493,4,0) -> UN | F13: 1 | H13: =VLOOKUP(B13,'INSUMOS SINAPI-DER SET-2023_2'!$A$1:$E$6493,5,0) -> 372.71 | J13: =TRUNC(F13*H13,2) -> 372.71
B14: 26560 | C14: =VLOOKUP(B14,'INSUMOS SINAPI-DER SET-2023_2'!$A$1:$E$6493,2,0) -> DER/ES | D14: =VLOOKUP(B14,'INSUMOS SINAPI-DER SET-2023_2'!$A$1:$E$6493,3,0) -> Prego - preco medio das bitolas | E14: =VLOOKUP(B14,'INSUMOS SINAPI-DER SET-2023_2'!$A$1:$E$6493,4,0) -> KG | F14: 0.2 | H14: =VLOOKUP(B14,'INSUMOS SINAPI-DER SET-2023_2'!$A$1:$E$6493,5,0) -> 17.58 | J14: =TRUNC(F14*H14,2) -> 3.51
I15: SUBTOTAL | J15: =SUM(J11:J13) -> 749.39
B16: MÃO DE OBRA (A) | J16: =SUM(J7:J8) -> 157.251
B17: MATERIAIS ( B ) | J17: =SUM(J11:J13) -> 749.39
B18: EQUIPAMENTOS ( C ) | J18: 0
B19: PRODUÇÃO DA EQUIPE ( D ) | J19: 1
G20: CUSTO HORÁRIO TOTAL (A+C) | J20: =J16+J18 -> 157.251
B21: CUSTO UNITÁRIO DA EXECUÇÃO [(A/D) + (C/D)] = ( E ) | J21: =(J16/J19)+(J18/J19) -> 157.251
G22: CUSTO DIRETO TOTAL (B+E) | J22: =J17+J21 -> 906.641
B23: ( H ) TOTAL | J23: =J22 -> 906.641
B26: Observações:
B27: 1. Preços unitários, códigos e descrição dos insumos e mão de obra são compatíveis com a TABELA CUSTOS LABOR/CT-UFES PADRÃO DER NOVEMBRO/2023(LS=157,27; BDI=0%)
B28: 2. Os coeficientes utilizados para mão-de-obra e para insumos são os mesmos da composição do serviço 061303,TABELA CUSTOS LABOR/CT-UFES PADRÃO DER NOVEMBRO/2023(LS=157,27; BDI=0%)

Sheet COMP-07
B2: COMPOSIÇÃO DE PREÇO UNITÁRIO 07
B3: SERVIÇO: | D3: =VLOOKUP(B5,'Planilha Orçamentária'!$L$15:$T$126,4,0) -> Porta radiológica em mad/mad de lei, p/pintura, dim: 0,92x2,12m, laminado de chumbo embutido, e=2mm, dobradiças reforçadas, fechadura autoblocante, marca Arouca, ref.: 108449/40-Z-ZCE ou similar, maçaneta tipo alavanca, inclusive batentes de madeira.
B4: BASE: DER- ES, SINAPI e ORSE – DATA : NOVEMBRO-2023 | H4: Unidade | J4: =VLOOKUP(B5,'Planilha Orçamentária'!$L$15:$T$126,3,0) -> und.
B5: COMP-07 | H5: Item | J5: =VLOOKUP(B5,'Planilha Orçamentária'!$L$15:$T$126,2,0) -> 4.3
B6: CÓD. | C6: ÓRGÃO | D6: MÃO DE OBRA | E6: UNIDADE | F6: QUANTIDADE | H6: SALÁRIO HORA | J6: CUSTO HORÁRIO
B7: 1213 | C7: =VLOOKUP(B7,'INSUMOS SINAPI-DER SET-2023_2'!$A$1:$E$6493,2,0) -> SINAPI | D7: =VLOOKUP(B7,'INSUMOS SINAPI-DER SET-2023_2'!$A$1:$E$6493,3,0) -> Carpinteiro de formas (horista) | E7: =VLOOKUP(B7,'INSUMOS SINAPI-DER SET-2023_2'!$A$1:$E$6493,4,0) -> H | F7: 3.9 | H7: =VLOOKUP(B7,'INSUMOS SINAPI-DER SET-2023_2'!$A$1:$E$6493,5,0)/2.1566*2.5727 -> 26.888926 | J7: =TRUNC(F7*H7,2) -> 104.86
B8: 10146 | C8: =VLOOKUP(B8,'INSUMOS SINAPI-DER SET-2023_2'!$A$1:$E$6493,2,0) -> DER/ES | D8: =VLOOKUP(B8,'INSUMOS SINAPI-DER SET-2023_2'!$A$1:$E$6493,3,0) -> Servente (auxiliar de obras - sinduscon) | E8: =VLOOKUP(B8,'INSUMOS SINAPI-DER SET-2023_2'!$A$1:$E$6493,4,0) -> H | F8: 3.9 | H8: =VLOOKUP(B8,'INSUMOS SINAPI-DER SET-2023_2'!$A$1:$E$6493,5,0)*2.5727 -> 16.876912 | J8: =TRUNC(F8*H8,2) -> 65.81
B9: SUBTOTAL | D9: (LABOR) | J9: =SUM(J7:J8) -> 170.67
B10: CÓD. | C10: ÓRGÃO | D10: MATERIAIS | E10: UNIDADE | F10: CONSUMO | H10: CUSTO UNITÁRIO | J10: CUSTO
B11: 12919 | C11: ORSE | D11: PORTA RADIOLÓGICA EM MAD/MAD DE LEI P/PINTURA, DIM: 0,92X2,12M, LAMINADO DE CHUMBO EMBUTIDO, E=2MM, DOBRADIÇAS REFORÇADAS ANELADAS DE 3 1/2" X 3", FECHADURA TAMBOR AUTOBLOCANTE, MARCA AROUCA, REF.: 108449/40-Z-ZCE OU SIMILAR, MAÇANETA TIPO ALAVANC | E11: UNIDADE | F11: 1 | H11: 6371.04 | J11: =TRUNC(F11*H11,2) -> 6371.04
I12: SUBTOTAL | J12: =SUM(J11:J11) -> 6371.04
B13: MÃO DE OBRA (A) | J13: =SUM(J7:J8) -> 170.67
B14: MATERIAIS ( B ) | J14: =SUM(J11:J11) -> 6371.04
B15: EQUIPAMENTOS ( C ) | J15: 0
B16: PRODUÇÃO DA EQUIPE ( D ) | J16: 1
G17: CUSTO HORÁRIO TOTAL (A+C) | J17: =J13+J15 -> 170.67
B18: CUSTO UNITÁRIO DA EXECUÇÃO [(A/D) + (C/D)] = ( E ) | J18: =(J13/J16)+(J15/J16) -> 170.67
G19: CUSTO DIRETO TOTAL (B+E) | J19: =J14+J18 -> 6541.71
B20: ( H ) TOTAL | J20: =J19 -> 6541.71
B24: Observações:
B25: 1. Preços unitários, códigos e descrição mão de obra são compatíveis com a TABELA CUSTOS LABOR/CT-UFES PADRÃO DER NOVEMBRO/2023(LS=157,27; BDI=0%) e SINAPI
B26: 2. No item de mão de obra "CARPINTEIRO DE FORMAS" foi retirado a Lei Social do SINAPI (115,66%) e aplicado a Lei Social da TABELA CUSTOS REFERENCIAIS LABOR/CT- UFES PADRÃO DER-ES NOVEMBRO/2023 (157,27%).
B27: 3. Os coeficientes utilizados para mão-de-obra e material são os mesmos da composição do serviço 12082 "Porta radiológica em mad/mad de lei, p/pintura, dim: 0,92x2,12m, laminado de chumbo embutido, e=2mm, dobradiças reforçadas, fechadura autoblocante, marca Arouca, ref.: 108449/40-Z-ZCE ou similar, maçaneta tipo alavanca, inclusive batentes de madeira" do Orçamento de Obras do Sergipe - ORSE, sendo o preço unitário da mão de obra retirado da TABELA CUSTOS REFERENCIAIS LABOR/CT- UFES PADRÃO DER-ES NOVEMBRO/2023.
B28: 4. Os materiais, que não foram catalogados na TABELA CUSTOS REFERENCIAIS LABOR/CT- UFES PADRÃO DER-ES NOVEMBRO/2023, foram retirados do Orçamento de Obras do Sergipe – ORSE

Sheet COMP-08
B2: COMPOSIÇÃO DE PREÇO UNITÁRIO 08
B3: SERVIÇO: | D3: =VLOOKUP(B5,'Planilha Orçamentária'!$L$15:$T$126,4,0) -> Recolocação de Porta de madeira compensada lisa para pintura, 120x210x3,5cm, 2 folhas , incluso aduela 2a, alizar 2a e dobradiças, exclusive porta.
B4: BASE: DER-ES e SINAPI DATA: NOVEMBRO-2023 | H4: Unidade | J4: =VLOOKUP(B5,'Planilha Orçamentária'!$L$15:$T$126,3,0) -> und.
B5: COMP-08 | H5: Item | J5: =VLOOKUP(B5,'Planilha Orçamentária'!$L$15:$T$126,2,0) -> 4.4
B6: CÓD. | C6: ÓRGÃO | D6: MÃO DE OBRA | E6: UNIDADE | F6: QUANTIDADE | H6: SALÁRIO HORA | J6: CUSTO HORÁRIO
B7: 10111 | C7: =VLOOKUP(B7,'INSUMOS SINAPI-DER SET-2023_2'!$A$1:$E$6493,2,0) -> DER/ES | D7: =VLOOKUP(B7,'INSUMOS SINAPI-DER SET-2023_2'!$A$1:$E$6493,3,0) -> Carpinteiro (oficial - sinduscon) | E7: =VLOOKUP(B7,'INSUMOS SINAPI-DER SET-2023_2'!$A$1:$E$6493,4,0) -> H | F7: 3.458 | H7: =VLOOKUP(B7,'INSUMOS SINAPI-DER SET-2023_2'!$A$1:$E$6493,5,0)*2.5727 -> 22.742668 | J7: =TRUNC(F7*H7,2) -> 78.64
B8: 10139 | C8: =VLOOKUP(B8,'INSUMOS SINAPI-DER SET-2023_2'!$A$1:$E$6493,2,0) -> DER/ES | D8: =VLOOKUP(B8,'INSUMOS SINAPI-DER SET-2023_2'!$A$1:$E$6493,3,0) -> Pedreiro (oficial - sinduscon) | E8: =VLOOKUP(B8,'INSUMOS SINAPI-DER SET-2023_2'!$A$1:$E$6493,4,0) -> H | F8: 1.389 | H8: =VLOOKUP(B8,'INSUMOS SINAPI-DER SET-2023_2'!$A$1:$E$6493,5,0)*2.5727 -> 22.742668 | J8: =TRUNC(F8*H8,2) -> 31.58
B9: 10146 | C9: =VLOOKUP(B9,'INSUMOS SINAPI-DER SET-2023_2'!$A$1:$E$6493,2,0) -> DER/ES | D9: =VLOOKUP(B9,'INSUMOS SINAPI-DER SET-2023_2'!$A$1:$E$6493,3,0) -> Servente (auxiliar de obras - sinduscon) | E9: =VLOOKUP(B9,'INSUMOS SINAPI-DER SET-2023_2'!$A$1:$E$6493,4,0) -> H | F9: 2.424 | H9: =VLOOKUP(B9,'INSUMOS SINAPI-DER SET-2023_2'!$A$1:$E$6493,5,0)*2.5727 -> 16.876912 | J9: =TRUNC(F9*H9,2) -> 40.9
B10: SUBTOTAL | D10: (LABOR) | J10: =SUM(J7:J9) -> 151.12
B11: CÓD. | C11: ÓRGÃO | D11: MATERIAIS | E11: UNIDADE | F11: QUANTIDADE | H11: CUSTO UNITÁRIO | J11: CUSTO
B12: 184 | C12: =VLOOKUP(B12,'INSUMOS SINAPI-DER SET-2023_2'!$A$1:$E$6493,2,0) -> SINAPI | D12: =VLOOKUP(B12,'INSUMOS SINAPI-DER SET-2023_2'!$A$1:$E$6493,3,0) -> Batente / portal / aduela / marco em madeira macica com rebaixo, e = *3* cm, l = *14* cm, para portas de giro de *60 cm a 120* cm x *210* cm, pinus / eucalipto / virola ou equivalente da regiao (nao inclui alizares) | E12: =VLOOKUP(B12,'INSUMOS SINAPI-DER SET-2023_2'!$A$1:$E$6493,4,0) -> JG | F12: 1 | H12: =VLOOKUP(B12,'INSUMOS SINAPI-DER SET-2023_2'!$A$1:$E$6493,5,0) -> 120,77 | J12: =TRUNC(F12*H12,2) -> 120.77
B13: 2433 | C13: =VLOOKUP(B13,'INSUMOS SINAPI-DER SET-2023_2'!$A$1:$E$6493,2,0) -> SINAPI | D13: =VLOOKUP(B13,'INSUMOS SINAPI-DER SET-2023_2'!$A$1:$E$6493,3,0) -> Dobradica em aco/ferro, 3" x 2 1/2", e= 1,2 a 1,8 mm, sem anel, cromado ou zincado, tampa chata, com parafusos | E13: =VLOOKUP(B13,'INSUMOS SINAPI-DER SET-2023_2'!$A$1:$E$6493,4,0) -> UN | F13: 6 | H13: =VLOOKUP(B13,'INSUMOS SINAPI-DER SET-2023_2'!$A$1:$E$6493,5,0) -> 6,42 | J13: =TRUNC(F13*H13,2) -> 38.52
B14: 11055 | C14: =VLOOKUP(B14,'INSUMOS SINAPI-DER SET-2023_2'!$A$1:$E$6493,2,0) -> SINAPI | D14: =VLOOKUP(B14,'INSUMOS SINAPI-DER SET-2023_2'!$A$1:$E$6493,3,0) -> Parafuso rosca soberba zincado cabeca chata fenda simples 3,5 x 25 mm (1 ") | E14: =VLOOKUP(B14,'INSUMOS SINAPI-DER SET-2023_2'!$A$1:$E$6493,4,0) -> UN | F14: 39.6 | H14: =VLOOKUP(B14,'INSUMOS SINAPI-DER SET-2023_2'!$A$1:$E$6493,5,0) -> 0,09 | J14: =TRUNC(F14*H14,2) -> 3.56
B15: 20017 | C15: =VLOOKUP(B15,'INSUMOS SINAPI-DER SET-2023_2'!$A$1:$E$6493,2,0) -> SINAPI | D15: =VLOOKUP(B15,'INSUMOS SINAPI-DER SET-2023_2'!$A$1:$E$6493,3,0) -> Guarnicao / alizar / vista lisa em madeira macica, para porta , e = *1* cm, l = *5* cm, cedrinho / angelim comercial / tauri/ curupixa / peroba / cumaru ou equivalente da regiao | E15: =VLOOKUP(B15,'INSUMOS SINAPI-DER SET-2023_2'!$A$1:$E$6493,4,0) -> M | F15: 6.3 | H15: =VLOOKUP(B15,'INSUMOS SINAPI-DER SET-2023_2'!$A$1:$E$6493,5,0) -> 7,09 | J15: =TRUNC(F15*H15,2) -> 44.66
B16: 20247 | C16: =VLOOKUP(B16,'INSUMOS SINAPI-DER SET-2023_2'!$A$1:$E$6493,2,0) -> SINAPI | D16: =VLOOKUP(B16,'INSUMOS SINAPI-DER SET-2023_2'!$A$1:$E$6493,3,0) -> Prego de aco polido com cabeca 15 x 15 (1 1/4 x 13) | E16: =VLOOKUP(B16,'INSUMOS SINAPI-DER SET-2023_2'!$A$1:$E$6493,4,0) -> KG | F16: 0.0315 | H16: =VLOOKUP(B16,'INSUMOS SINAPI-DER SET-2023_2'!$A$1:$E$6493,5,0) -> 22,17 | J16: =TRUNC(F16*H16,2) -> 0.69
B17: 39027 | C17: =VLOOKUP(B17,'INSUMOS SINAPI-DER SET-2023_2'!$A$1:$E$6493,2,0) -> SINAPI | D17: =VLOOKUP(B17,'INSUMOS SINAPI-DER SET-2023_2'!$A$1:$E$6493,3,0) -> Prego de aco polido com cabeca 19 x 36 (3 1/4 x 9) | E17: =VLOOKUP(B17,'INSUMOS SINAPI-DER SET-2023_2'!$A$1:$E$6493,4,0) -> KG | F17: 0.225 | H17: =VLOOKUP(B17,'INSUMOS SINAPI-DER SET-2023_2'!$A$1:$E$6493,5,0) -> 20,00 | J17: =TRUNC(F17*H17,2) -> 4.5
B18: COMP. 6.7.1 (88627) | D18: ARGAMASSA TRAÇO 1:0,5:4,5 (EM VOLUME DE CIMENTO, CAL E AREIA MÉDIA ÚMIDA)PARA ASSENTAMENTO DE ALVENARIA, PREPARO MANUAL. AF_08/2019 | E18: m³ | F18: 0.025 | H18: =J54 -> 550.45 | J18: =TRUNC(F18*H18,2) -> 13.76
I19: SUBTOTAL | J19: =SUM(J12:J18) -> 226.46
B20: MÃO DE OBRA (A) | J20: =SUM(J7:J9) -> 151.12
B21: MATERIAIS ( B ) | J21: =SUM(J12:J18) -> 226.46
B22: EQUIPAMENTOS ( C ) | J22: 0
B23: PRODUÇÃO DA EQUIPE ( D ) | J23: 1
G24: CUSTO HORÁRIO TOTAL (A+C) | J24: =J20+J22 -> 151.12
B25: CUSTO UNITÁRIO DA EXECUÇÃO [(A/D) + (C/D)] = ( E ) | J25: =(J20/J23)+(J22/J23) -> 151.12
G26: CUSTO DIRETO TOTAL (B+E) | J26: =J21+J25 -> 377.58
B27: ( H ) TOTAL | J27: =J26 -> 377.58
B30: Observações:
B31: 1. Preços unitários, códigos e descrição da mão de obra são compatíveis com a TABELA CUSTOS LABOR/CT-UFES PADRÃO DER NOVEMBRO/2023(LS=157,27; BDI=0%)
B32: 2. Os coeficientes utilizados para mão-de-obra e para material são os mesmos da composição do serviço 100700, SINAPI - SISTEMA NACIONAL DE PESQUISA DE CUSTOS E ÍNDICES DA CONSTRUÇÃO CIVIL 1
B35: COMPOSIÇÃO DE PREÇO UNITÁRIO ITEM 88627
B36: SERVIÇO: | D36: Argamassa traço 1:0,5:4,5 (em volume de cimento, cal e areia média úmida)para assentamento de alvenaria, preparo manual. Af_08/2019
B37: BASE: DER-ES e SINAPI DATA: NOVEMBRO-2023 | E37: ESPECIFICAÇÃO: - | H37: UNIDADE: m³
B39: CÓD. | C39: ÓRGÃO | D39: MÃO DE OBRA | E39: UNIDADE | F39: QUANTIDADE | H39: SALÁRIO HORA | J39: CUSTO HORÁRIO
B40: 10146 | C40: =VLOOKUP(B40,'INSUMOS SINAPI-DER SET-2023_2'!$A$1:$E$6493,2,0) -> DER/ES | D40: =VLOOKUP(B40,'INSUMOS SINAPI-DER SET-2023_2'!$A$1:$E$6493,3,0) -> Servente (auxiliar de obras - sinduscon) | E40: =VLOOKUP(B40,'INSUMOS SINAPI-DER SET-2023_2'!$A$1:$E$6493,4,0) -> H | F40: 8.78 | H40: =VLOOKUP(B40,'INSUMOS SINAPI-DER SET-2023_2'!$A$1:$E$6493,5,0)*2.5727 -> 16.876912 | J40: =TRUNC(F40*H40,2) -> 148.17
B41: SUBTOTAL | D41: (LABOR) | J41: =SUM(J40:J40) -> 148.17
B42: CÓD. | C42: ÓRGÃO | D42: MATERIAIS | E42: UNIDADE | F42: QUANTIDADE | H42: CUSTO UNITÁRIO | J42: CUSTO
B43: 370 | C43: =VLOOKUP(B43,'INSUMOS SINAPI-DER SET-2023_2'!$A$1:$E$6493,2,0) -> SINAPI | D43: =VLOOKUP(B43,'INSUMOS SINAPI-DER SET-2023_2'!$A$1:$E$6493,3,0) -> Areia media - posto jazida/fornecedor (retirado na jazida, sem transporte) | E43: =VLOOKUP(B43,'INSUMOS SINAPI-DER SET-2023_2'!$A$1:$E$6493,4,0) -> M3 | F43: 1.13 | H43: =VLOOKUP(B43,'INSUMOS SINAPI-DER SET-2023_2'!$A$1:$E$6493,5,0) -> 75,84 | J43: =TRUNC(F43*H43,2) -> 85.69
B44: 1106 | C44: =VLOOKUP(B44,'INSUMOS SINAPI-DER SET-2023_2'!$A$1:$E$6493,2,0) -> SINAPI | D44: =VLOOKUP(B44,'INSUMOS SINAPI-DER SET-2023_2'!$A$1:$E$6493,3,0) -> Cal hidratada ch-i para argamassas | E44: =VLOOKUP(B44,'INSUMOS SINAPI-DER SET-2023_2'!$A$1:$E$6493,4,0) -> KG | F44: 75.47 | H44: =VLOOKUP(B44,'INSUMOS SINAPI-DER SET-2023_2'!$A$1:$E$6493,5,0) -> 1,09 | J44: =TRUNC(F44*H44,2) -> 82.26
B45: 1379 | C45: =VLOOKUP(B45,'INSUMOS SINAPI-DER SET-2023_2'!$A$1:$E$6493,2,0) -> SINAPI | D45: =VLOOKUP(B45,'INSUMOS SINAPI-DER SET-2023_2'!$A$1:$E$6493,3,0) -> Cimento portland composto cp ii-32 | E45: =VLOOKUP(B45,'INSUMOS SINAPI-DER SET-2023_2'!$A$1:$E$6493,4,0) -> KG | F45: 339.62 | H45: =VLOOKUP(B45,'INSUMOS SINAPI-DER SET-2023_2'!$A$1:$E$6493,5,0) -> 0,69 | J45: =TRUNC(F45*H45,2) -> 234.33
I46: SUBTOTAL | J46: =SUM(J43:J45) -> 402.28
B47: MÃO DE OBRA (A) | J47: =SUM(J40:J40) -> 148.17
B48: MATERIAIS ( B ) | J48: =SUM(J43:J45) -> 402.28
B49: EQUIPAMENTOS ( C ) | J49: 0
B50: PRODUÇÃO DA EQUIPE ( D ) | J50: 1
G51: CUSTO HORÁRIO TOTAL (A+C) | J51: =J47+J49 -> 148.17
B52: CUSTO UNITÁRIO DA EXECUÇÃO [(A/D) + (C/D)] = ( E ) | J52: =(J47/J50)+(J49/J50) -> 148.17
G53: CUSTO DIRETO TOTAL (B+E) | J53: =J48+J52 -> 550.45
B54: ( H ) TOTAL | J54: =J53 -> 550.45
B57: Observações:
B58: 1. Preços unitários, códigos e descrição da mão de obra são compatíveis com a TABELA CUSTOS LABOR/CT-UFES PADRÃO DER NOVEMBRO/2023(LS=157,27; BDI=0%)
B59: 2. Os coeficientes utilizados para mão-de-obra e para insumos são os mesmos da composição do serviço 88627, SINAPI - SISTEMA NACIONAL DE PESQUISA DE CUSTOS E ÍNDICES DA CONSTRUÇÃO CIVIL 1

Sheet COMP-09
B2: COMPOSIÇÃO DE PREÇO UNITÁRIO 09
B3: SERVIÇO: | D3: =VLOOKUP(B5,'Planilha Orçamentária'!$L$15:$T$126,4,0) -> Instalação de vidro temperado, e = 10 mm, encaixado em perfil u
B4: BASE: DER-ES e SINAPI DATA: NOVEMBRO-2023 | H4: Unidade | J4: =VLOOKUP(B5,'Planilha Orçamentária'!$L$15:$T$126,3,0) -> m2
B5: COMP-09 | H5: Item | J5: =VLOOKUP(B5,'Planilha Orçamentária'!$L$15:$T$126,2,0) -> 5.1
B6: CÓD. | C6: ÓRGÃO | D6: MÃO DE OBRA | E6: UNIDADE | F6: QUANTIDADE | H6: SALÁRIO HORA | J6: CUSTO HORÁRIO
B7: 10489 | C7: =VLOOKUP(B7,'INSUMOS SINAPI-DER SET-2023_2'!$A$1:$E$6493,2,0) -> SINAPI | D7: =VLOOKUP(B7,'INSUMOS SINAPI-DER SET-2023_2'!$A$1:$E$6493,3,0) -> Vidraceiro (horista) | E7: =VLOOKUP(B7,'INSUMOS SINAPI-DER SET-2023_2'!$A$1:$E$6493,4,0) -> H | F7: 1.418 | H7: =VLOOKUP(B7,'INSUMOS SINAPI-DER SET-2023_2'!$A$1:$E$6493,5,0)/2.1566*2.5727 -> 19.946 | J7: =TRUNC(F7*H7,2) -> 28.28
B8: 10146 | C8: =VLOOKUP(B8,'INSUMOS SINAPI-DER SET-2023_2'!$A$1:$E$6493,2,0) -> DER/ES | D8: =VLOOKUP(B8,'INSUMOS SINAPI-DER SET-2023_2'!$A$1:$E$6493,3,0) -> Servente (auxiliar de obras - sinduscon) | E8: =VLOOKUP(B8,'INSUMOS SINAPI-DER SET-2023_2'!$A$1:$E$6493,4,0) -> H | F8: 1.378 | H8: =VLOOKUP(B8,'INSUMOS SINAPI-DER SET-2023_2'!$A$1:$E$6493,5,0)*2.5727 -> 16.876912 | J8: =TRUNC(F8*H8,2) -> 23.25
B9: SUBTOTAL | D9: (LABOR) | J9: =SUM(J7:J8) -> 51.53
B10: CÓD. | C10: ÓRGÃO | D10: MATERIAIS | E10: UNIDADE | F10: QUANTIDADE | H10: CUSTO UNITÁRIO | J10: CUSTO
B11: 10507 | C11: =VLOOKUP(B11,'INSUMOS SINAPI-DER SET-2023_2'!$A$1:$E$6493,2,0) -> SINAPI | D11: =VLOOKUP(B11,'INSUMOS SINAPI-DER SET-2023_2'!$A$1:$E$6493,3,0) -> Vidro temperado incolor e = 10 mm, sem colocacao | E11: =VLOOKUP(B11,'INSUMOS SINAPI-DER SET-2023_2'!$A$1:$E$6493,4,0) -> M2 | F11: 1 | H11: =VLOOKUP(B11,'INSUMOS SINAPI-DER SET-2023_2'!$A$1:$E$6493,5,0) -> 397,55 | J11: =TRUNC(F11*H11,2) -> 397.55
B12: 11950 | C12: =VLOOKUP(B12,'INSUMOS SINAPI-DER SET-2023_2'!$A$1:$E$6493,2,0) -> SINAPI | D12: =VLOOKUP(B12,'INSUMOS SINAPI-DER SET-2023_2'!$A$1:$E$6493,3,0) -> Bucha de nylon sem aba s6, com parafuso de 4,20 x 40 mm em aco zincado com rosca soberba, cabeca chata e fenda phillips | E12: =VLOOKUP(B12,'INSUMOS SINAPI-DER SET-2023_2'!$A$1:$E$6493,4,0) -> UN | F12: 1.705 | H12: =VLOOKUP(B12,'INSUMOS SINAPI-DER SET-2023_2'!$A$1:$E$6493,5,0) -> 0,20 | J12: =TRUNC(F12*H12,2) -> 0.34
B13: 34360 | C13: =VLOOKUP(B13,'INSUMOS SINAPI-DER SET-2023_2'!$A$1:$E$6493,2,0) -> SINAPI | D13: =VLOOKUP(B13,'INSUMOS SINAPI-DER SET-2023_2'!$A$1:$E$6493,3,0) -> Perfil de aluminio anodizado | E13: =VLOOKUP(B13,'INSUMOS SINAPI-DER SET-2023_2'!$A$1:$E$6493,4,0) -> KG | F13: 0.748 | H13: =VLOOKUP(B13,'INSUMOS SINAPI-DER SET-2023_2'!$A$1:$E$6493,5,0) -> 36,99 | J13: =TRUNC(F13*H13,2) -> 27.66
B14: 39432 | C14: =VLOOKUP(B14,'INSUMOS SINAPI-DER SET-2023_2'!$A$1:$E$6493,2,0) -> SINAPI | D14: =VLOOKUP(B14,'INSUMOS SINAPI-DER SET-2023_2'!$A$1:$E$6493,3,0) -> Fita de papel reforcada com lamina de metal para reforco de cantos de chapa de gesso para drywall | E14: =VLOOKUP(B14,'INSUMOS SINAPI-DER SET-2023_2'!$A$1:$E$6493,4,0) -> M | F14: 2.322 | H14: =VLOOKUP(B14,'INSUMOS SINAPI-DER SET-2023_2'!$A$1:$E$6493,5,0) -> 2,81 | J14: =TRUNC(F14*H14,2) -> 6.52
B15: 39961 | C15: =VLOOKUP(B15,'INSUMOS SINAPI-DER SET-2023_2'!$A$1:$E$6493,2,0) -> SINAPI | D15: =VLOOKUP(B15,'INSUMOS SINAPI-DER SET-2023_2'!$A$1:$E$6493,3,0) -> Silicone acetico uso geral incolor 280 g | E15: =VLOOKUP(B15,'INSUMOS SINAPI-DER SET-2023_2'!$A$1:$E$6493,4,0) -> UN | F15: 0.309 | H15: =VLOOKUP(B15,'INSUMOS SINAPI-DER SET-2023_2'!$A$1:$E$6493,5,0) -> 21,29 | J15: =TRUNC(F15*H15,2) -> 6.57
I16: SUBTOTAL | J16: =SUM(J11:J15) -> 438.64
B17: MÃO DE OBRA (A) | J17: =SUM(J7:J8) -> 51.53
B18: MATERIAIS ( B ) | J18: =SUM(J11:J15) -> 438.64
B19: EQUIPAMENTOS ( C ) | J19: 0
B20: PRODUÇÃO DA EQUIPE ( D ) | J20: 1
G21: CUSTO HORÁRIO TOTAL (A+C) | J21: =J17+J19 -> 51.53
B22: CUSTO UNITÁRIO DA EXECUÇÃO [(A/D) + (C/D)] = ( E ) | J22: =(J17/J20)+(J19/J20) -> 51.53
G23: CUSTO DIRETO TOTAL (B+E) | J23: =J18+J22 -> 490.17
B24: ( H ) TOTAL | J24: =J23 -> 490.17
B27: Observações:
B28: 1. Preços unitários, códigos e descrição da mão de obra são compatíveis com a TABELA CUSTOS LABOR/CT-UFES PADRÃO DER NOVEMBRO/2023(LS=157,27; BDI=0%) e SINAPI
B29: 2. Os coeficientes utilizados para mão-de-obra são os mesmos da composição do serviço 102181 (Instalação de vidro temperado, e = 10 mm, encaixado em perfil u. af_01/2021_ps) do SINAPI.
B30: 3. No item de mão de obra "VIDRACEIRO" foi retirado a Lei Social do SINAPI (115,66%) e aplicado a Lei Social da TABELA CUSTOS REFERENCIAIS LABOR/CT- UFES PADRÃO DER-ES NOVEMBRO/2023 (157,27%).

Sheet COMP-10
B2: COMPOSIÇÃO DE PREÇO UNITÁRIO 10
B3: SERVIÇO: | D3: =VLOOKUP(B5,'Planilha Orçamentária'!$L$15:$T$126,4,0) -> Revestimento com argamassa baritada - densidade = 3,2 g/cm³ - esp=2,0cm
B4: BASE: DER-ES, SINAPI e ORSE – DATA: NOVEMBRO-2023 | H4: Unidade | J4: =VLOOKUP(B5,'Planilha Orçamentária'!$L$15:$T$126,3,0) -> m2
B5: COMP-10 | H5: Item | J5: =VLOOKUP(B5,'Planilha Orçamentária'!$L$15:$T$126,2,0) -> 6.5
B6: CÓD. | C6: ÓRGÃO | D6: MÃO DE OBRA | E6: UNIDADE | F6: QUANTIDADE | H6: SALÁRIO HORA | J6: CUSTO HORÁRIO
B7: 10139 | C7: =VLOOKUP(B7,'INSUMOS SINAPI-DER SET-2023_2'!$A$1:$E$6493,2,0) -> DER/ES | D7: =VLOOKUP(B7,'INSUMOS SINAPI-DER SET-2023_2'!$A$1:$E$6493,3,0) -> Pedreiro (oficial - sinduscon) | E7: =VLOOKUP(B7,'INSUMOS SINAPI-DER SET-2023_2'!$A$1:$E$6493,4,0) -> H | F7: 0.98 | H7: =VLOOKUP(B7,'INSUMOS SINAPI-DER SET-2023_2'!$A$1:$E$6493,5,0)*2.5727 -> 22.742668 | J7: =TRUNC(F7*H7,2) -> 22.28
B8: 10146 | C8: =VLOOKUP(B8,'INSUMOS SINAPI-DER SET-2023_2'!$A$1:$E$6493,2,0) -> DER/ES | D8: =VLOOKUP(B8,'INSUMOS SINAPI-DER SET-2023_2'!$A$1:$E$6493,3,0) -> Servente (auxiliar de obras - sinduscon) | E8: =VLOOKUP(B8,'INSUMOS SINAPI-DER SET-2023_2'!$A$1:$E$6493,4,0) -> H | F8: 1.1 | H8: =VLOOKUP(B8,'INSUMOS SINAPI-DER SET-2023_2'!$A$1:$E$6493,5,0)*2.5727 -> 16.876912 | J8: =TRUNC(F8*H8,2) -> 18.56
B9: SUBTOTAL | D9: (LABOR) | J9: =SUM(J7:J8) -> 40.84
B10: CÓD. | C10: ÓRGÃO | D10: MATERIAIS | E10: UNIDADE | F10: CONSUMO | H10: CUSTO UNITÁRIO | J10: CUSTO
B11: 256 | C11: ORSE | D11: ARGAMASSA BARITADA PRONTA PARA APLICAÇÃO | E11: KG | F11: 40 | H11: 2.12 | J11: =TRUNC(F11*H11,2) -> 84.8
I12: SUBTOTAL | J12: =SUM(J11:J11) -> 84.8
B13: MÃO DE OBRA (A) | J13: =SUM(J7:J8) -> 40.84
B14: MATERIAIS ( B ) | J14: =SUM(J11:J11) -> 84.8
B15: EQUIPAMENTOS ( C ) | J15: 0
B16: PRODUÇÃO DA EQUIPE ( D ) | J16: 1
G17: CUSTO HORÁRIO TOTAL (A+C) | J17: =J13+J15 -> 40.84
B18: CUSTO UNITÁRIO DA EXECUÇÃO [(A/D) + (C/D)] = ( E ) | J18: =(J13/J16)+(J15/J16) -> 40.84
G19: CUSTO DIRETO TOTAL (B+E) | J19: =J14+J18 -> 125.64
B20: ( H ) TOTAL | J20: =J19 -> 125.64
B24: Observações:
B25: 1. Preços unitários, códigos e descrição mão de obra são compatíveis com a TABELA CUSTOS LABOR/CT-UFES PADRÃO DER NOVEMBRO/2023(LS=157,27; BDI=0%)
B26: 2. Os coeficientes utilizados para mão-de-obra e material são os mesmos da composição do serviço 10716 "Revestimento com argamassa baritada - densidade = 3,2 g/cm³ - esp=2,0cm" do Orçamento de Obras do Sergipe - ORSE, sendo o preço unitário da mão de obra retirado da TABELA CUSTOS REFERENCIAIS LABOR/CT- UFES PADRÃO DER-ES NOVEMBRO/2023.
B27: 3. Os materiais, que não foram catalogados na TABELA CUSTOS REFERENCIAIS LABOR/CT- UFES PADRÃO DER-ES NOVEMBRO/2023, foram retirados do Orçamento de Obras do Sergipe – ORSE

Sheet COMP-11
B2: COMPOSIÇÃO DE PREÇO UNITÁRIO 11
B3: SERVIÇO: | D3: =VLOOKUP(B5,'Planilha Orçamentária'!$L$15:$T$126,4,0) -> Piso vinílico - flexível em manta, padrão liso, espessura 2mm, fixado com cola.
B4: BASE: DER- ES, SINAPI e SCO RIO – DATA: NOVEMBRO-2023 | H4: Unidade | J4: =VLOOKUP(B5,'Planilha Orçamentária'!$L$15:$T$126,3,0) -> m2
B5: COMP-11 | H5: Item | J5: =VLOOKUP(B5,'Planilha Orçamentária'!$L$15:$T$126,2,0) -> 7.2
B6: CÓD. | C6: ÓRGÃO | D6: MÃO DE OBRA | E6: UNIDADE | F6: QUANTIDADE | H6: SALÁRIO HORA | J6: CUSTO HORÁRIO
B7: 10139 | C7: =VLOOKUP(B7,'INSUMOS SINAPI-DER SET-2023_2'!$A$1:$E$6493,2,0) -> DER/ES | D7: =VLOOKUP(B7,'INSUMOS SINAPI-DER SET-2023_2'!$A$1:$E$6493,3,0) -> Pedreiro (oficial - sinduscon) | E7: =VLOOKUP(B7,'INSUMOS SINAPI-DER SET-2023_2'!$A$1:$E$6493,4,0) -> H | F7: 0.324 | H7: =VLOOKUP(B7,'INSUMOS SINAPI-DER SET-2023_2'!$A$1:$E$6493,5,0)*2.5727 -> 22.742668 | J7: =TRUNC(F7*H7,2) -> 7.36
B8: 10146 | C8: =VLOOKUP(B8,'INSUMOS SINAPI-DER SET-2023_2'!$A$1:$E$6493,2,0) -> DER/ES | D8: =VLOOKUP(B8,'INSUMOS SINAPI-DER SET-2023_2'!$A$1:$E$6493,3,0) -> Servente (auxiliar de obras - sinduscon) | E8: =VLOOKUP(B8,'INSUMOS SINAPI-DER SET-2023_2'!$A$1:$E$6493,4,0) -> H | F8: 0.162 | H8: =VLOOKUP(B8,'INSUMOS SINAPI-DER SET-2023_2'!$A$1:$E$6493,5,0)*2.5727 -> 16.876912 | J8: =TRUNC(F8*H8,2) -> 2.73
B9: SUBTOTAL | D9: (LABOR) | J9: =SUM(J7:J8) -> 10.09
B10: CÓD. | C10: ÓRGÃO | D10: MATERIAIS | E10: UNIDADE | F10: CONSUMO | H10: CUSTO UNITÁRIO | J10: CUSTO
B11: 4791 | C11: =VLOOKUP(B11,'INSUMOS SINAPI-DER SET-2023_2'!$A$1:$E$6493,2,0) -> SINAPI | D11: =VLOOKUP(B11,'INSUMOS SINAPI-DER SET-2023_2'!$A$1:$E$6493,3,0) -> Adesivo acrilico de base aquosa / cola de contato | E11: =VLOOKUP(B11,'INSUMOS SINAPI-DER SET-2023_2'!$A$1:$E$6493,4,0) -> KG | F11: 0.095 | H11: =VLOOKUP(B11,'INSUMOS SINAPI-DER SET-2023_2'!$A$1:$E$6493,5,0) -> 55,10 | J11: =TRUNC(F11*H11,2) -> 5.23
B12: MAT098225 | C12: SCO RIO | D12: PISO VINILICO FLEXÍVEL HOMOGÊNEO (2X23M), 2MM, LINHA MICRA PREMIUM | E12: m² | F12: 1.16 | H12: 160 | J12: =TRUNC(F12*H12,2) -> 185.6
B13: MAT098300 | C13: SCO RIO | D13: PISO VINÍLICO - CORDÃO DE SOLDA PARA PISO VINILICO,LINHA ABSOLUTE, FADEMAC OU SIMILIAR | E13: m | F13: 1.16 | H13: 7.5 | J13: =TRUNC(F13*H13,2) -> 8.7
I14: SUBTOTAL | J14: =SUM(J11:J13) -> 199.53
B15: MÃO DE OBRA (A) | J15: =SUM(J7:J8) -> 10.09
B16: MATERIAIS ( B ) | J16: =SUM(J11:J13) -> 199.53
B17: EQUIPAMENTOS ( C ) | J17: 0
B18: PRODUÇÃO DA EQUIPE ( D ) | J18: 1
G19: CUSTO HORÁRIO TOTAL (A+C) | J19: =J15+J17 -> 10.09
B20: CUSTO UNITÁRIO DA EXECUÇÃO [(A/D) + (C/D)] = ( E ) | J20: =(J15/J18)+(J17/J18) -> 10.09
G21: CUSTO DIRETO TOTAL (B+E) | J21: =J16+J20 -> 209.62
B22: ( H ) TOTAL | J22: =J21 -> 209.62
B26: Observações:
B27: 1. Preços unitários, códigos e descrição mão de obra são compatíveis com a TABELA CUSTOS LABOR/CT-UFES PADRÃO DER NOVEMBRO/2023(LS=157,27; BDI=0%)
B28: 2. Preços unitários, códigos e descrição do material 4791 são compatíveis com SINAPI. Sendo preço unitário, códigos e descrição dos materiais MAT098225 e MAT098300 do SISTEMA DE CUSTO DE OBRAS – RIO – NOVEMBRO/2023
B29: 3. Os coeficientes utilizados para mão-de-obra e para insumos são os mesmos da composição analítica do serviço 101728 (Piso vinílico - flexível em manta, padrão liso, espessura 2mm, fixado com cola.) do SIPCI - SISTEMA NACIONAL DE PESQUISA DE CUSTOS E ÍNDICES DA CONSTRUÇÃO CIVIL

Sheet COMP-12
B2: COMPOSIÇÃO DE PREÇO UNITÁRIO 12
B3: SERVIÇO: | D3: =VLOOKUP(B5,'Planilha Orçamentária'!$L$15:$T$126,4,0) -> Rodapé vinílico flexível em manta, altura 10 cm.
B4: BASE: DER- ES, SINAPI e SCO RIO – DATA: NOVEMBRO-2023 | H4: Unidade | J4: =VLOOKUP(B5,'Planilha Orçamentária'!$L$15:$T$126,3,0) -> m
B5: COMP-12 | H5: Item | J5: =VLOOKUP(B5,'Planilha Orçamentária'!$L$15:$T$126,2,0) -> 7.3
B6: CÓD. | C6: ÓRGÃO | D6: MÃO DE OBRA | E6: UNIDADE | F6: QUANTIDADE | H6: SALÁRIO HORA | J6: CUSTO HORÁRIO
B7: 10139 | C7: =VLOOKUP(B7,'INSUMOS SINAPI-DER SET-2023_2'!$A$1:$E$6493,2,0) -> DER/ES | D7: =VLOOKUP(B7,'INSUMOS SINAPI-DER SET-2023_2'!$A$1:$E$6493,3,0) -> Pedreiro (oficial - sinduscon) | E7: =VLOOKUP(B7,'INSUMOS SINAPI-DER SET-2023_2'!$A$1:$E$6493,4,0) -> H | F7: 0.368 | H7: =VLOOKUP(B7,'INSUMOS SINAPI-DER SET-2023_2'!$A$1:$E$6493,5,0)*2.5727 -> 22.742668 | J7: =TRUNC(F7*H7,2) -> 8.36
B8: 10146 | C8: =VLOOKUP(B8,'INSUMOS SINAPI-DER SET-2023_2'!$A$1:$E$6493,2,0) -> DER/ES | D8: =VLOOKUP(B8,'INSUMOS SINAPI-DER SET-2023_2'!$A$1:$E$6493,3,0) -> Servente (auxiliar de obras - sinduscon) | E8: =VLOOKUP(B8,'INSUMOS SINAPI-DER SET-2023_2'!$A$1:$E$6493,4,0) -> H | F8: 0.184 | H8: =VLOOKUP(B8,'INSUMOS SINAPI-DER SET-2023_2'!$A$1:$E$6493,5,0)*2.5727 -> 16.876912 | J8: =TRUNC(F8*H8,2) -> 3.1
B9: . | J9: =SUM(J7:J8) -> 11.46
B10: CÓD. | C10: ÓRGÃO | D10: MATERIAIS | E10: UNIDADE | F10: CONSUMO | H10: CUSTO UNITÁRIO | J10: CUSTO
B11: 4791 | C11: =VLOOKUP(B11,'INSUMOS SINAPI-DER SET-2023_2'!$A$1:$E$6493,2,0) -> SINAPI | D11: =VLOOKUP(B11,'INSUMOS SINAPI-DER SET-2023_2'!$A$1:$E$6493,3,0) -> Adesivo acrilico de base aquosa / cola de contato | E11: =VLOOKUP(B11,'INSUMOS SINAPI-DER SET-2023_2'!$A$1:$E$6493,4,0) -> KG | F11: 0.113 | H11: =VLOOKUP(B11,'INSUMOS SINAPI-DER SET-2023_2'!$A$1:$E$6493,5,0) -> 55,10 | J11: =TRUNC(F11*H11,2) -> 6.22
B12: MAT098225 | C12: SCO RIO | D12: PISO VINILICO FLEXÍVEL HOMOGÊNEO (2X23M), 2MM, LINHA MICRA PREMIUM | E12: m² | F12: 0.348 | H12: 160 | J12: =TRUNC(F12*H12,2) -> 55.68
B13: MAT126100 | C13: SCO RIO | D13: SUPORTE CURVO PARA RODAPÉ, FADEMAC OU SIMILAR | E13: m | F13: 1.05 | H13: 16.58 | J13: =TRUNC(F13*H13,2) -> 17.4
B14: MAT095750 | C14: SCO RIO | D14: PERFIL DE ARREMATE PARA RODAPÉ, FADEMAC OU SIMILAR | E14: m | F14: 1.015 | H14: 10.22 | J14: =TRUNC(F14*H14,2) -> 10.37
I15: SUBTOTAL | J15: =SUM(J11:J13) -> 79.3
B16: MÃO DE OBRA (A) | J16: =SUM(J7:J8) -> 11.46
B17: MATERIAIS ( B ) | J17: =SUM(J11:J13) -> 79.3
B18: EQUIPAMENTOS ( C ) | J18: 0
B19: PRODUÇÃO DA EQUIPE ( D ) | J19: 1
G20: CUSTO HORÁRIO TOTAL (A+C) | J20: =J16+J18 -> 11.46
B21: CUSTO UNITÁRIO DA EXECUÇÃO [(A/D) + (C/D)] = ( E ) | J21: =(J16/J19)+(J18/J19) -> 11.46
G22: CUSTO DIRETO TOTAL (B+E) | J22: =J17+J21 -> 90.76
B23: ( H ) TOTAL | J23: =J22 -> 90.76
B26: Observações:
B27: 1. Preços unitários, códigos e descrição mão de obra são compatíveis com a TABELA CUSTOS LABOR/CT-UFES PADRÃO DER NOVEMBRO/2023(LS=157,27; BDI=0%)
B28: 2. Preços unitários, códigos e descrição do material 4791 são compatíveis com SINAPI. Sendo preço unitário, códigos e descrição dos materiais MAT098225, MAT126100 e MAT095750 do SISTEMA DE CUSTO DE OBRAS – RIO – NOVEMBRO/2023
B29: 3. Os coeficientes utilizados para mão-de-obra e para insumos são os mesmos da composição analítica do serviço 98687 (Rodapé vinílico flexível em manta, altura 10 cm) do SIPCI - SISTEMA NACIONAL DE PESQUISA DE CUSTOS E ÍNDICES DA CONSTRUÇÃO CIVIL

Sheet COMP-13
B2: COMPOSIÇÃO DE PREÇO UNITÁRIO 13
B3: SERVIÇO: | D3: =VLOOKUP(B5,'Planilha Orçamentária'!$L$15:$T$126,4,0) -> Letra em aço inox escovado/polido 40 x 40cm - instalado
B4: BASE: DER- ES e SINAPI DATA : NOVEMBRO-2023 | H4: Unidade | J4: =VLOOKUP(B5,'Planilha Orçamentária'!$L$15:$T$126,3,0) -> und
B5: COMP-13 | H5: Item | J5: =VLOOKUP(B5,'Planilha Orçamentária'!$L$15:$T$126,2,0) -> 13.5
B6: CÓD. | C6: ÓRGÃO | D6: MÃO DE OBRA | E6: UNIDADE | F6: QUANTIDADE | H6: SALÁRIO HORA | J6: CUSTO HORÁRIO
B7: 10139 | C7: =VLOOKUP(B7,'INSUMOS SINAPI-DER SET-2023_2'!$A$1:$E$6493,2,0) -> DER/ES | D7: =VLOOKUP(B7,'INSUMOS SINAPI-DER SET-2023_2'!$A$1:$E$6493,3,0) -> Pedreiro (oficial - sinduscon) | E7: =VLOOKUP(B7,'INSUMOS SINAPI-DER SET-2023_2'!$A$1:$E$6493,4,0) -> H | F7: 0.25 | H7: =VLOOKUP(B7,'INSUMOS SINAPI-DER SET-2023_2'!$A$1:$E$6493,5,0)*2.5727 -> 22.742668 | J7: =TRUNC(F7*H7,2) -> 5.68
B8: SUBTOTAL | D8: (LABOR) | J8: =SUM(J7:J7) -> 5.68
B9: CÓD. | C9: ÓRGÃO | D9: MATERIAIS | E9: UNIDADE | F9: CONSUMO | H9: CUSTO UNITÁRIO | J9: CUSTO
B10: 7550 | C10: ORSE | D10: LETRAS AÇO ESCOVADO 40 X 40CM | E10: UNIDADE | F10: 1 | H10: 203.47 | J10: =TRUNC(F10*H10,2) -> 203.47
I11: SUBTOTAL | J11: =SUM(J10:J10) -> 203.47
B12: MÃO DE OBRA (A) | J12: =SUM(J7:J7) -> 5.68
B13: MATERIAIS ( B ) | J13: =SUM(J10:J10) -> 203.47
B14: EQUIPAMENTOS ( C ) | J14: 0
B15: PRODUÇÃO DA EQUIPE ( D ) | J15: 1
G16: CUSTO HORÁRIO TOTAL (A+C) | J16: =J12+J14 -> 5.68
B17: CUSTO UNITÁRIO DA EXECUÇÃO [(A/D) + (C/D)] = ( E ) | J17: =(J12/J15)+(J14/J15) -> 5.68
G18: CUSTO DIRETO TOTAL (B+E) | J18: =J13+J17 -> 209.15
B19: ( H ) TOTAL | J19: =J18 -> 209.15
B23: Observações:
B24: 1. Preços unitários, códigos e descrição mão de obra são compatíveis com a TABELA CUSTOS LABOR/CT-UFES PADRÃO DER NOVEMBRO/2023(LS=157,27; BDI=0%)
B25: 2. Os coeficientes utilizados para mão-de-obra e material são os mesmos da composição do serviço 12045 "Letra em aço inox escovado/polido 40 x 40cm - instalado" do Orçamento de Obras do Sergipe - ORSE, sendo o preço unitário da mão de obra retirado da TABELA CUSTOS REFERENCIAIS LABOR/CT- UFES PADRÃO DER-ES NOVEMBRO/2023.
B26: 3. Os materiais, que não foram catalogados na TABELA CUSTOS REFERENCIAIS LABOR/CT- UFES PADRÃO DER-ES NOVEMBRO/2023, foram retirados do Orçamento de Obras do Sergipe – ORSE

Sheet COMP-14
B2: COMPOSIÇÃO DE PREÇO UNITÁRIO 14
B3: SERVIÇO: | D3: =VLOOKUP(B5,'Planilha Orçamentária'!$L$15:$T$126,4,0) -> Sinalizador para porta fabricados com base em plático leitoso e acrílico translúcido vermelho, com 02 lâmpadas (inclusa), acionada por reator convencional(incluso), alimentação 110V e 220V (c/ chave seletora)
B4: BASE: DER- ES, SINAPI e ORSE – DATA : NOVEMBRO-2023 | H4: Unidade | J4: =VLOOKUP(B5,'Planilha Orçamentária'!$L$15:$T$126,3,0) -> und
B5: COMP-14 | H5: Item | J5: =VLOOKUP(B5,'Planilha Orçamentária'!$L$15:$T$126,2,0) -> 13.6
B6: CÓD. | C6: ÓRGÃO | D6: MÃO DE OBRA | E6: UNIDADE | F6: QUANTIDADE | H6: SALÁRIO HORA | J6: CUSTO HORÁRIO
B7: 10115 | C7: =VLOOKUP(B7,'INSUMOS SINAPI-DER SET-2023_2'!$A$1:$E$6493,2,0) -> DER/ES | D7: =VLOOKUP(B7,'INSUMOS SINAPI-DER SET-2023_2'!$A$1:$E$6493,3,0) -> Eletricista (oficial - sinduscon) | E7: =VLOOKUP(B7,'INSUMOS SINAPI-DER SET-2023_2'!$A$1:$E$6493,4,0) -> H | F7: 0.3 | H7: =VLOOKUP(B7,'INSUMOS SINAPI-DER SET-2023_2'!$A$1:$E$6493,5,0)*2.5727 -> 22.742668 | J7: =TRUNC(F7*H7,2) -> 6.82
B8: 10146 | C8: =VLOOKUP(B8,'INSUMOS SINAPI-DER SET-2023_2'!$A$1:$E$6493,2,0) -> DER/ES | D8: =VLOOKUP(B8,'INSUMOS SINAPI-DER SET-2023_2'!$A$1:$E$6493,3,0) -> Servente (auxiliar de obras - sinduscon) | E8: =VLOOKUP(B8,'INSUMOS SINAPI-DER SET-2023_2'!$A$1:$E$6493,4,0) -> H | F8: 0.3 | H8: =VLOOKUP(B8,'INSUMOS SINAPI-DER SET-2023_2'!$A$1:$E$6493,5,0)*2.5727 -> 16.876912 | J8: =TRUNC(F8*H8,2) -> 5.06
B9: SUBTOTAL | D9: (LABOR) | J9: =SUM(J7:J8) -> 11.88
B10: CÓD. | C10: ÓRGÃO | D10: MATERIAIS | E10: UNIDADE | F10: CONSUMO | H10: CUSTO UNITÁRIO | J10: CUSTO
B11: 11572 | C11: ORSE | D11: Sinalizador para porta fabricados com base em plático leitoso e acrílico translúcido vermelho, com 02 lâmpadas (inclusa), acionada por reator convencional(incluso), alimentação 110V e 220V (c/ chave seletora) | E11: UNIDADE | F11: 1 | H11: 198 | J11: =TRUNC(F11*H11,2) -> 198
I12: SUBTOTAL | J12: =SUM(J11:J11) -> 198
B13: MÃO DE OBRA (A) | J13: =SUM(J7:J8) -> 11.88
B14: MATERIAIS ( B ) | J14: =SUM(J11:J11) -> 198
B15: EQUIPAMENTOS ( C ) | J15: 0
B16: PRODUÇÃO DA EQUIPE ( D ) | J16: 1
G17: CUSTO HORÁRIO TOTAL (A+C) | J17: =J13+J15 -> 11.88
B18: CUSTO UNITÁRIO DA EXECUÇÃO [(A/D) + (C/D)] = ( E ) | J18: =(J13/J16)+(J15/J16) -> 11.88
G19: CUSTO DIRETO TOTAL (B+E) | J19: =J14+J18 -> 209.88
B20: ( H ) TOTAL | J20: =J19 -> 209.88
B24: Observações:
B25: 1. Preços unitários, códigos e descrição mão de obra são compatíveis com a TABELA CUSTOS LABOR/CT-UFES PADRÃO DER NOVEMBRO/2023(LS=157,27; BDI=0%);
B26: 2. Os coeficientes utilizados para mão-de-obra e material são os mesmos da composição do serviço 10761 "(Sinalizador para porta fabricados com base em plático leitoso e acrílico translúcido vermelho, com 02 lâmpadas (inclusa), acionada por reator convencional(incluso), alimentação 110V e 220V (c/ chave seletora))" do Orçamento de Obras do Sergipe - ORSE, sendo o preço unitário da mão de obra retirado da TABELA CUSTOS REFERENCIAIS LABOR/CT- UFES PADRÃO DER-ES NOVEMBRO/2023.

Sheet COMP-15
B2: COMPOSIÇÃO DE PREÇO UNITÁRIO 15
B3: SERVIÇO: | D3: =VLOOKUP(B5,'Planilha Orçamentária'!$L$15:$T$137,4,0) -> Administração local
B4: BASE: DER- ES e SINAPI DATA : NOVEMBRO-2023 | H4: Unidade | J4: =VLOOKUP(B5,'Planilha Orçamentária'!$L$15:$T$137,3,0) -> und
B5: COMP-15 | H5: Item | J5: =VLOOKUP(B5,'Planilha Orçamentária'!$L$15:$T$137,2,0) -> 14.1
B6: CÓD. | C6: ÓRGÃO | D6: MÃO DE OBRA | E6: UNIDADE | F6: QUANTIDADE | H6: SALÁRIO HORA | J6: CUSTO HORÁRIO
B7: 313122 | C7: =VLOOKUP(B7,'SERVIÇOS SINAPI-DER NOV-2023'!$A$2:$E$8904,2,0) -> DER/ES | D7: =VLOOKUP(B7,'SERVIÇOS SINAPI-DER NOV-2023'!$A$2:$E$8904,3,0) -> Encarregado de Turma (Leis Sociais = 48,87%) | E7: =VLOOKUP(B7,'SERVIÇOS SINAPI-DER NOV-2023'!$A$2:$E$8904,4,0) -> mes | F7: 3 | H7: =VLOOKUP(B7,'SERVIÇOS SINAPI-DER NOV-2023'!$A$2:$E$8904,5,0) -> 4028.42 | J7: =TRUNC(F7*H7,2) -> 12085.26
B8: 313017 | C8: =VLOOKUP(B8,'SERVIÇOS SINAPI-DER NOV-2023'!$A$2:$E$8904,2,0) -> DER/ES | D8: =VLOOKUP(B8,'SERVIÇOS SINAPI-DER NOV-2023'!$A$2:$E$8904,3,0) -> Engenheiro Pleno(Leis Sociais = 72,58%) | E8: =VLOOKUP(B8,'SERVIÇOS SINAPI-DER NOV-2023'!$A$2:$E$8904,4,0) -> mes | F8: 0.1 | H8: =VLOOKUP(B8,'SERVIÇOS SINAPI-DER NOV-2023'!$A$2:$E$8904,5,0) -> 24219.88 | J8: =TRUNC(F8*H8,2) -> 2421.98
B9: SUBTOTAL | D9: (LABOR) | J9: =SUM(J7:J8) -> 14507.24
B13: Observações:
B14: 1. Preços unitários, códigos e descrição da mão de obra são compatíveis com a TABELA CUSTOS LABOR/CT-UFES PADRÃO DER NOVEMBRO/2023(LS=157,27; BDI=0%)
B15: 2. O coeficiente considerado para o encarregado foi de 6 meses (prazo previsto no cronograma).

Sheet SERVIÇOS SINAPI-DER NOV-2023
A1: Item | C1: Especificação do Serviço | D1: Und. | E1: Preço Unitário
A2: 1 | B2: DER/ES | C2: SERVIÇOS PRELIMINARES
A3: 102 | B3: DER/ES | C3: DEMOLIÇÕES E RETIRADAS
A4: 10201 | B4: DER/ES | C4: Demolição de piso cimentado inclusive lastro de concreto | D4: m2 | E4: 24.9
A5: 10202 | B5: DER/ES | C5: Demolição de piso revestido com cerâmica | D5: m2 | E5: 13.41
A6: 10203 | B6: DER/ES | C6: Demolição de piso revestido com cerâmica inclusive lastro de concreto | D6: m2 | E6: 26.82
A7: 10204 | B7: DER/ES | C7: Demolição de piso revestido com tacos de madeira | D7: m2 | E7: 19.15
A8: 10205 | B8: DER/ES | C8: Demolição de piso de tábuas | D8: m2 | E8: 17.24
A9: 10206 | B9: DER/ES | C9: Demolição de revestimento com azulejos | D9: m2 | E9: 47.89
A10: 10207 | B10: DER/ES | C10: Demolição de revestimento com lambris de madeira | D10: m2 | E10: 47.89
A11: 10208 | B11: DER/ES | C11: Retirada de revestimento antigo em reboco | D11: m2 | E11: 9.58
A12: 10209 | B12: DER/ES | C12: Demolição de alvenaria | D12: m3 | E12: 57.46
A13: 10210 | B13: DER/ES | C13: Demolição manual de concreto simples (EMOP 05.001.001) | D13: m3 | E13: 270.08
A14: 10212 | B14: DER/ES | C14: Retirada manual de pavimento em paralelepípedos, incluindo empilhamento para reaproveitamento | D14: m2 | E14: 11.49
A15: 10213 | B15: DER/ES | C15: Retirada manual de blocos pré-moldados de concreto (Blokret), inclusive empilhamento para reaproveitamento | D15: m2 | E15: 13.41
... A49: 10292 | B49: DER/ES | C49: Retirada de alizar de madeira | D49: m | E49: 0.59
A50: 103 | B50: DER/ES | C50: DEMOLIÇÕES E RETIRADAS
A51: 10315 | B51: DER/ES | C51: Retirada de cobertura em telhas Canalete 49 | D51: m2 | E51: 10.94
A52: 10317 | B52: DER/ES | C52: Demolição de alvenaria, com reaproveitamento | D52: m2 | E52: 114.92
A53: 10318 | B53: DER/ES | C53: Remoção de forro em eucatex, sem aproveitamento do material | D53: m2 | E53: 13.43
A54: 10319 | B54: DER/ES | C54: Remoção de pintura antiga a base de óleo ou esmalte sobre esquadrias | D54: m2 | E54: 18.91
A55: 10320 | B55: DER/ES | C55: Remoção de revestimento de pisos com forração textil | D55: m2 | E55: 1.92
A56: 10323 | B56: DER/ES | C56: Retirada de torneiras e registros | D56: und | E56: 10.48
A57: 10324 | B57: DER/ES | C57: Retirada de cobertura em telha canalete 90 | D57: m2 | E57: 8.42
A58: 10325 | B58: DER/ES | C58: Demolição de estrutura de madeira para telhado | D58: m2 | E58: 27.9
A59: 10326 | B59: DER/ES | C59: Retirada de estrutura em madeira do telhado | D59: m2 | E59: 27.9
A60: 10327 | B60: DER/ES | C60: Retirada de marco de madeira | D60: m | E60: 2.38
A61: 10329 | B61: DER/ES | C61: Retirada de disjuntor | D61: und | E61: 19.57
A62: 10331 | B62: DER/ES | C62: Demolição de piso, soleira, peitoris e escadas em mármore ou granito, exclusive regularização | D62: m2 | E62: 10.26
... A64: 10333 | B64: DER/ES | C64: Retirada de piso de borracha | D64: m2 | E64: 7.96
A65: 104 | B65: DER/ES | C65: LIMPEZA DO TERRENO
A66: 10401 | B66: DER/ES | C66: Corte de capoeira fina, a foice (manual) | D66: m2 | E66: 1.31
A67: 10402 | B67: DER/ES | C67: Raspagem e limpeza do terreno (manual) | D67: m2 | E67: 4.22
A68: 10403 | B68: DER/ES | C68: Corte e destocamento de árvores com diâmetro de até 15 cm | D68: und | E68: 50.64
A69: 10404 | B69: DER/ES | C69: Corte e destocamento de árvores com diâmetro superior a 30 cm | D69: und | E69: 125.93
A70: 105 | B70: DER/ES | C70: LOCAÇÃO
A71: 10501 | B71: DER/ES | C71: Locação de obra com gabarito de madeira | D71: m2 | E71: 10.53
A72: 10512 | B72: DER/ES | C72: Equipe topográfica para serviços simples de locação e nivelamento (incluindo equipamento, transporte e profissionais nivel médio) | D72: mês | E72: 21302.71
A73: 2 | B73: DER/ES | C73: INSTALAÇÃO DO CANTEIRO DE OBRAS
A74: 203 | B74: DER/ES | C74: TAPUMES, BARRACÕES E COBERTURAS
A75: 20305 | B75: DER/ES | C75: Placa de obra nas dimensões de 2.0 x 4.0 m, padrão DER | D75: m2 | E75: 329.94
A76: 20339 | B76: DER/ES | C76: Locação de andaime metálico para trabalho em fachada de edifíco (aluguel de 1 m² por 1 mês) inclusive frete, montagem e desmontagem | D76: m2 | E76: 22.59
A77: 20343 | B77: DER/ES | C77: Aluguel mensal container para escritório, sem banheiro, dim. 6.00x2.40m, incl. porta, 2 janelas, abert p/ ar cond., 2 pt iluminação, 2 tomadas elét. e 1 tomada telef. Isolamento térmico (teto e paredes), piso em comp. Naval, cert. NR18, incl. laudo descontaminação. | D77: mês | E77: 1081.75
A78: 20344 | B78: DER/ES | C78: Mobilização e desmobilização de conteiner locado para barracão de obra | D78: und | E78: 1833.5
A79: 20346 | B79: DER/ES | C79: Locação de andaime metálico para fachada - tipo torre (aluguel mensal) | D79: m | E79: 15.67
A80: 20348 | B80: DER/ES | C80: Fornecimento e instalação de proteção para andaime fachadeiro considerando plataforma, rodapé e guarda-corpo em madeira, inclusive entelamento, conforme NR-18 (medido por m2 de fachada) | D80: m2 | E80: 28.17
A81: 20350 | B81: DER/ES | C81: Tapume Telha Metálica Ondulada em aço galvalume 0,50mm Branca h=2,20m, incl. montagem estr. mad. 8"x8", c/adesivo "DER-ES" 60x60cm a cada 10m, incl. faixas pint. esmalte sint. cores azul c/ h=30cm e rosa c/ h=10cm (Reaproveitamento 2x) | D81: m | E81: 143.18
A82: 20351 | B82: DER/ES | C82: Tapume madeira compensada resinada e= 12mm h=2,20m, estr. c/ mad reflorest., incl mont, pintura esmalte sint, adesivo "DER-ES" 60x60cm a cada 10m e faixas c/ pintura esmalte sintético nas cores azul c/ h=30cm e rosa c/ h=10cm | D82: m | E82: 255.43
A83: 20352 | B83: DER/ES | C83: Aluguel mensal container para escritório, dim. 6.00x2.40m, c/ banheiro (vaso+lavat+chuveiro e básc), incl. porta, 2 janelas, abert p/ ar cond., 2 pt iluminação, 2 tom. elét. e 1 tom.telef. Isolam.térmico(teto e paredes), piso em comp. Naval, cert. NR18, incl. laudo descontaminação. | D83: ms | E83: 1156.75
A84: 20353 | B84: DER/ES | C84: Aluguel mensal container para refeitorio, incl. porta, 2 janelas, abert p/ ar cond., 2 pt iluminação, 2 tomadas elét. e 1 tomada telef. Isolamento térmico (paredes e teto), piso em comp. Naval pintado, cert. NR18, incl. laudo descontaminação. | D84: ms | E84: 1156.75
A85: 20354 | B85: DER/ES | C85: Aluguel mensal container para vestiário, incl. porta, venezianas de circulação, 1 pt iluminação, Isolamento térmico (teto), piso em comp. Naval pintado, cert. NR18, incl. laudo descontaminação. | D85: ms | E85: 764.25
A86: 20355 | B86: DER/ES | C86: Aluguel mensal container sanitário, incl porta, básc, 2 ptos luz, 1 pto aterram., 3vasos, 3lavatórios, calha mictório, 6 chuveiros (1 eletrico), torn.,registros, piso comp. Naval pintado, cert NR18 e laudo descontaminação | D86: ms | E86: 1181.75
A87: 20356 | B87: DER/ES | C87: Aluguel mensal container para almoxarifado, incl. porta, 2 janelas, 1 pt iluminação, Isolamento térmico (teto), piso em comp. Naval pintado, cert. NR18, incl. laudo descontaminação. | D87: ms | E87: 759
A88: 207 | B88: DER/ES | C88: INSTALAÇÃO DO CANTEIRO DE OBRAS (UTILIZAÇÃO 1 VEZ), PROJETO PADRÃO LABOR - NR.18 (OBRAS COM PRAZO DE EXECUÇÃO SUPERIOR A 12 MESES)
A89: 20701 | B89: DER/ES | C89: Barracão para escritório com sanitário área de 14.50 m2, de chapa de compens. 12mm e pontalete 8x8cm, piso cimentado e cobertura de telha de fibroc. 6mm, incl. ponto de luz e cx. de inspeção, conf. projeto (1 utilização) | D89: m2 | E89: 837.01
A90: 20702 | B90: DER/ES | C90: Barracão para almoxarifado área de 10.90m2, de chapa de compensado de 12mm e pontalete 8x8cm, piso cimentado e cobertura de telhas de fibrocimento de 6mm, incl. ponto de luz, conf. projeto (1 utilização) | D90: m2 | E90: 611.26
A91: 20703 | B91: DER/ES | C91: Barracão para depósito de cimento área de 10.90m2, de chapa de compensado 12mm e pontaletes 8x8cm, piso cimentado e cobertura de telhas de fibrocimento de 6mm, inclusive ponto de luz, conf. projeto (1 utilização) | D91: m2 | E91: 534.9
A92: 20704 | B92: DER/ES | C92: Refeitório com paredes de chapa de compens. 12mm e pontaletes 8x8cm, piso ciment. e cob. de telhas fibroc. 6mm, incl. ponto de luz e cx. de inspeção (cons. 1.21 m2/func./turno), conf. projeto (1 utilização) | D92: m2 | E92: 475.88
A93: 20705 | B93: DER/ES | C93: Unidade de sanitário e vestiário p/ até 20 func. área de 18.15m2, paredes de chapa compens. 12mm e pontalete 8x8cm, piso cimentado, cobert. telha fibroc. 6mm, incl. instalação de luz e cx. de inspeção, conf. projeto (1 utilização) | D93: und | E93: 15898.59
A94: 20706 | B94: DER/ES | C94: Unidade de sanitário e vestiário de 20 a 40 func. área 25.40m2, paredes de chapa compens. 12mm e pontalete 8x8cm, piso cimentado, cobert. telha fibroc. 6mm, incl. inst. de luz e cx. de inspeção, conf. projeto (1 utilização) | D94: und | E94: 23875.33
A95: 20707 | B95: DER/ES | C95: Unidade de sanitário e vestiário de 40 a 60 func. área 33.90m2, paredes de chapa compens. 12mm e pontalete 8x8cm, piso cimentado, cobert. telha fibroc. 6mm, incl. inst. de luz e cx. de inspeção, conf. projeto (1 utilização) | D95: und | E95: 29398.6
A96: 20708 | B96: DER/ES | C96: Galpão para serraria e carpintaria área 12.00m2, em peça de madeira 8x8cm e contraventamento de 5x7cm, cobertura de telha de fibroc. de 6mm, inclusive ponto e cabo de alimentação da máquina, conf. projeto (1 utilização) | D96: m2 | E96: 211.88
A97: 20709 | B97: DER/ES | C97: Galpão para corte e armação com área de 6.00m2, em peças de madeira 8x8cm e contraventamento de 5x7cm, cobertura de telhas de fibroc. de 6mm, inclusive ponto e cabo de alimentação da máquina, conf. projeto (1 utilização) | D97: m2 | E97: 284.03
A98: 20710 | B98: DER/ES | C98: Reservatório de poliestileno de 500L, incl. suporte em madeira de 7x12cm e 5x7cm, elevado de 4m, conf. projeto (1 utilização) | D98: und | E98: 2079.79
A99: 20711 | B99: DER/ES | C99: Reservatório de poliestileno de 1000 L, incl. suporte em madeira de 7x12cm e 8x7cm, elevado de 4m, conf. projeto (1 utilização) | D99: und | E99: 2403.33
A100: 20712 | B100: DER/ES | C100: Rede de água com padrão de entrada dágua diâm. 3/4", conf. espec. CESAN, incl. tubos e conexões para alimentação, distribuição, extravasor e limpeza, cons. o padrão a 25m, conf. projeto (1 utilização) | D100: m | E100: 53.55
... A102: 20714 | B102: DER/ES | C102: Rede de esgoto, contendo fossa e filtro, inclusive tubos e conexões de ligação entre caixas, considerando distância de 25m, conforme projeto (1 utilização) | D102: m | E102: 414.65
A103: 208 | B103: DER/ES | C103: INSTALAÇÃO DO CANTEIRO DE OBRAS (UTILIZAÇÃO 2 VEZES), PROJETO PADRÃO LABOR - NR.18 (OBRAS COM PRAZO DE EXECUÇÃO DE 6 A 12 MESES)
A104: 20801 | B104: DER/ES | C104: Barracão para escritório com sanitário área 14.50m2, de chapa de compens. 12mm e pontalete 8x8cm, piso cimentado e cobertura de telha de fibroc. 6mm, incl. ponto de luz e cx. de inspeção, conf. projeto (2 utilizações) | D104: m2 | E104: 637.51
A105: 20802 | B105: DER/ES | C105: Barracão para almoxarifado área de 10.90m2, de chapa de compensado 12mm e pontaletes 8x8cm, piso cimentado e cobertura de telha de fibrocimento de 6mm, inclusive ponto de luz, conf. projeto (2 utilizações) | D105: m2 | E105: 471.4
A106: 20803 | B106: DER/ES | C106: Barracão para depósito de cimento área de 10.90m2, de chapa de compensado 12mm e pontaletes 8x8cm, piso cimentado e cobertura de telhas de fibrocimento de 6mm, inclusive ponto de luz, conf. projeto (2 utilizações) | D106: m2 | E106: 414.45
A107: 20804 | B107: DER/ES | C107: Refeitório com paredes de chapa de compens. 12mm e pontaletes 8x8cm, piso ciment. e cobert. de telhas fibroc. 6mm, incl. ponto de luz e cx. de inspeção (cons. 1.21m2/func./turno), conf. projeto (2 utilização) | D107: m2 | E107: 397.55
A108: 20805 | B108: DER/ES | C108: Unidade de sanitário e vestiário para até 20 func. área 18.15m2, paredes de chapa compens. 12mm e pontalete 8x8cm, piso cimentado, cobert. telha fibroc. 6mm, incl. inst. de luz e cx. de inspeção, conf. projeto (2 utilizações) | D108: und | E108: 12513.5
A109: 20806 | B109: DER/ES | C109: Unidade de sanitário e vestiário de 20 a 40 func. área 25.40m2, paredes de chapa compens. 12mm e pontalete 8x8cm, piso cimentado, cobert. telha fibroc. 6mm, incl. inst. de luz e cx. de inspeção, conf. projeto (2 utilizações) | D109: und | E109: 18837.96
A110: 20807 | B110: DER/ES | C110: Unidade de sanitário e vestiário de 40 a 60 func. área 33.90m2, paredes de chapa compens. 12mm e pontalete 8x8cm, piso cimentado, cobert. telha fibroc. 6mm, incl. inst. de luz e cx. de inspeção, conf. projeto (2 utilizações) | D110: und | E110: 23363.04
A111: 20808 | B111: DER/ES | C111: Galpão para serraria e carpintaria área 12.00m2, em peças de madeira 8x8cm e contraventamento de 5x7cm, cobertura de telhas de fibroc. de 6mm, inclusive ponto e cabo de alimentação da máquina, conf. projeto (2 utilizações) | D111: m2 | E111: 147.4
A112: 20809 | B112: DER/ES | C112: Galpão para corte e armação com área de 6.00m2, de peças de madeira 8x8cm e contraventamento de 5x7cm, cobertura de telhas de fibroc. de 6mm, inclusive ponto e cabo de alimentação da máquina, conf. projeto (2 utilizações) | D112: m2 | E112: 202.24
A113: 20810 | B113: DER/ES | C113: Reservatório de poliestileno de 500 L, incl. suporte em madeira de 7x12cm e 5x7cm, elevado de 4m, conforme projeto (2 utilizações) | D113: und | E113: 1297.06
A114: 20811 | B114: DER/ES | C114: Reservatório de poliestileno de 1000 L, inclusive suporte em madeira de 7x12cm e 5x7cm, elevado de 4m, conforme projeto (2 utilizações) | D114: und | E114: 1483.57
A115: 20812 | B115: DER/ES | C115: Rede de água, com padrão de entrada dágua diâm. 3/4", conf. espec. CESAN, incl. tubos e conexões para alimentação, distribuição, extravasor e limpeza, cons. o padrão a 25m, conf. projeto (2 utilizações) | D115: m | E115: 36.59
A116: 3 | B116: DER/ES | C116: MOVIMENTO DE TERRA
A117: 301 | B117: DER/ES | C117: ESCAVAÇÕES
A118: 30101 | B118: DER/ES | C118: Escavação manual em material de 1a. categoria, até 1.50 m de profundidade | D118: m3 | E118: 54.86
A119: 30102 | B119: DER/ES | C119: Escavação manual em material de 2a. categoria, até 1.50 m de profundidade | D119: m3 | E119: 92.84
A120: 30103 | B120: DER/ES | C120: Escavação mecânica em material de 1a. categoria | D120: m3 | E120: 16.08
A121: 30104 | B121: DER/ES | C121: Escavação mecânica em material de 2a. categoria | D121: m3 | E121: 22.49
A122: 30119 | B122: DER/ES | C122: Apiloamento do fundo de vala com maço de 30 a 60kg | D122: m2 | E122: 28.7
A123: 302 | B123: DER/ES | C123: REATERRO E COMPACTAÇÃO
A124: 30201 | B124: DER/ES | C124: Reaterro apiloado de cavas de fundação, em camadas de 20 cm | D124: m3 | E124: 59.08
A125: 30202 | B125: DER/ES | C125: Material para aterro - areia limpa (fornecimento já considerado 15% de empolamento) | D125: m3 | E125: 145.67
A126: 30203 | B126: DER/ES | C126: Lastro de brita 3 e 4, apiloado manualmente | D126: m3 | E126: 225.2
A127: 30204 | B127: DER/ES | C127: Lastro de areia | D127: m3 | E127: 204.75
A128: 30206 | B128: DER/ES | C128: Aterro manual para regularização do terreno em areia, inclusive adensamento hidráulico e fornecimento do material (máximo de 100m3) | D128: m3 | E128: 187.5
A129: 30208 | B129: DER/ES | C129: Aterro manual para regularização do terreno em argila, inclusive adensamento manual e fornecimento do material (máximo de 100m3) | D129: m3 | E129: 162.63
A130: 30209 | B130: DER/ES | C130: Aterro com areia em áreas de calçada, inclusive fornecimento e adensamento | D130: m3 | E130: 165.25
A131: 30210 | B131: DER/ES | C131: Aterro compactado utilizando compactador de placa vibratória com reaproveitamento do material | D131: m3 | E131: 31.78
A132: 30211 | B132: DER/ES | C132: Reaterro de valas, exclusive compactação | D132: m3 | E132: 7.6
A133: 303 | B133: DER/ES | C133: TRANSPORTES
A134: 30304 | B134: DER/ES | C134: Índice de preço para remoção de entulho decorrente da execução de obras (Classe A CONAMA - NBR 10.004 - Classe II-B), incluindo aluguel da caçamba, carga, transporte e descarga em área licenciada | D134: m3 | E134: 75.96
A135: 30305 | B135: DER/ES | C135: Transporte de material encosta acima, serviço inteiramente manual, a 10m de distância, considerados ao longo da encosta, inclusive carga e descarga (txdam) | D135: und | E135: 25.32
...

Sheet INSUMOS SINAPI-DER SET-2023_2
A1: Código | C1: Descrição | D1: Und. | E1: Preço
A2: 1 | C2: Insumos de mao de obra
A3: 101 | C3: Mao de obra (salarios)
A4: 10101 | B4: DER/ES | C4: Ajudante (ajudante pratico - sinduscon) | D4: H | E4: 7.46
A5: 10106 | B5: DER/ES | C5: Azulejista (oficial - sinduscon) | D5: H | E5: 8.84
A6: 10108 | B6: DER/ES | C6: Calceteiro/pintor (oficial - sinduscon) | D6: H | E6: 8.84
A7: 10111 | B7: DER/ES | C7: Carpinteiro (oficial - sinduscon) | D7: H | E7: 8.84
A8: 10115 | B8: DER/ES | C8: Eletricista (oficial - sinduscon) | D8: H | E8: 8.84
A9: 10117 | B9: DER/ES | C9: Eletrotecnico montador - sintraconst | D9: H | E9: 8.84
A10: 10118 | B10: DER/ES | C10: Encanador (oficial - sinduscon) | D10: H | E10: 8.84
A11: 10121 | B11: DER/ES | C11: Armador (oficial - sinduscon) | D11: H | E11: 8.84
A12: 10124 | B12: DER/ES | C12: Graniteiro/marmorista (oficial - sinduscon) | D12: H | E12: 8.84
A13: 10128 | B13: DER/ES | C13: Ladrilhista (oficial - sinduscon) | D13: H | E13: 8.84
A14: 10130 | B14: DER/ES | C14: Montador (sintraconst) | D14: H | E14: 13.22
A15: 10132 | B15: DER/ES | C15: Engenheiro junior | D15: H | E15: 53.26
... A23: 10157 | B23: DER/ES | C23: Operador de maquinas auxiliares (operador de maquinas pesadas i - sindicopes) | D23: H | E23: 9.61
A24: 102 | B24: DER/ES | C24: Mao de obra (salarios) - continuacao
A25: 10209 | B25: DER/ES | C25: Topografo - (tecnico 2o grau nivel c) | D25: H | E25: 18.19
A26: 10233 | B26: DER/ES | C26: Nivelador (sintec) | D26: H | E26: 6
A27: 10235 | B27: DER/ES | C27: Auxiliar de campo (sintec) | D27: H | E27: 6
A28: 10237 | B28: DER/ES | C28: Pintor (letrista) - (sintraconst) | D28: H | E28: 11.75
A29: 10260 | B29: DER/ES | C29: Ajudante montador eletromecânico - (ajudante de montagem sintraconst) | D29: H | E29: 6.86
A30: 10278 | B30: DER/ES | C30: Montador de estrutura - sintraconst | D30: H | E30: 13.22
A31: 10281 | B31: DER/ES | C31: Mecanico de refrigeracao - (sindifer) | D31: H | E31: 9.01
A32: 10282 | B32: DER/ES | C32: Tecnico de refrigeracao - (sindifer) | D32: H | E32: 15.4
A33: 10285 | B33: DER/ES | C33: Motorista iii - veiculo c/ capac. Carga acima de 12 toneladas | D33: H | E33: 9.58
A34: 10287 | B34: DER/ES | C34: Oficial da construção pesada i | D34: H | E34: 7.65
A35: 10292 | B35: DER/ES | C35: Operador de maquinas pesadas ii - sindicopes | D35: H | E35: 10.19
B36: DER/ES
A37: Categoria: Material | B37: DER/ES
B38: DER/ES
A39: Código | B39: DER/ES | C39: Descrição | D39: Und. | E39: Preço
A40: 2 | B40: DER/ES | C40: Insumos basicos - civil
A41: 203 | B41: DER/ES | C41: Elementos estruturais pre-moldados
A42: 20356 | B42: DER/ES | C42: Mourao reto de concreto base 10x10cm h=2.50m | D42: UN | E42: 58.3
A43: 204 | B43: DER/ES | C43: Agregados, aglomerantes, misturados
A44: 20416 | B44: DER/ES | C44: Concreto usinado fck 30 mpa brita 0+1 abatimento 100 +/- 20mm | D44: M3 | E44: 513
A45: 20437 | B45: DER/ES | C45: Rejunte epoxi cor branca | D45: KG | E45: 85
A46: 20463 | B46: DER/ES | C46: Rejunte juntaplus fina cor cinza | D46: KG | E46: 7.83
A47: 20468 | B47: DER/ES | C47: Rejunte porcelanato quartzolit | D47: KG | E47: 15.57
A48: 205 | B48: DER/ES | C48: Agregados, aglomerantes e misturas
A49: 20503 | B49: DER/ES | C49: Areia lavada media | D49: M3 | E49: 126.67
A50: 20505 | B50: DER/ES | C50: Cal hidratado p/ argamassa ch iii | D50: KG | E50: 0.92
A51: 20508 | B51: DER/ES | C51: Cimento portland cp iii - 40 | D51: KG | E51: 0.59
A52: 20509 | B52: DER/ES | C52: Cimento branco nao estrutural | D52: KG | E52: 7.08
A53: 20510 | B53: DER/ES | C53: Cimento colante industrializado ac i | D53: KG | E53: 0.76
A54: 20514 | B54: DER/ES | C54: Concreto usinado fck 20 mpa brita 0+1 abatimento 100 +/- 20mm | D54: M3 | E54: 471.25
A55: 20517 | B55: DER/ES | C55: Brita 1 | D55: M3 | E55: 152.5
A56: 20518 | B56: DER/ES | C56: Brita 2 | D56: M3 | E56: 152.5
A57: 20519 | B57: DER/ES | C57: Brita 3 | D57: M3 | E57: 152.5
A58: 20520 | B58: DER/ES | C58: Brita 4 | D58: M3 | E58: 152.5
A59: 20521 | B59: DER/ES | C59: Pedra de mao (rachao) | D59: M3 | E59: 154.33
A60: 20522 | B60: DER/ES | C60: Pedrisco | D60: M3 | E60: 214.52
... A70: 20588 | B70: DER/ES | C70: Rejunte pre-fabricada | D70: KG | E70: 7.83
A71: 207 | B71: DER/ES | C71: Agregados, aglomerantes e misturas
A72: 20732 | B72: DER/ES | C72: Argam colante flexivel ac iii p/ assent. Porcelanato e pedras (granito e mármore) | D72: KG | E72: 2.33
A73: 20746 | B73: DER/ES | C73: Argamassa tixotropica sika monotop 622 br | D73: KG | E73: 6.2
A74: 209 | B74: DER/ES | C74: Madeiras
A75: 20910 | B75: DER/ES | C75: Formica branca acabamento frost 0,80mm | D75: M2 | E75: 50.43
A76: 20975 | B76: DER/ES | C76: Peca em madeira pinus 10 x 2.5 cm (bruta) | D76: M | E76: 5.61
A77: 20977 | B77: DER/ES | C77: Peca em madeira 7 x 2 cm (bruta) | D77: M | E77: 7.67
A78: 20982 | B78: DER/ES | C78: Peca em madeira 7x5cm (bruta) | D78: M | E78: 11.67
A79: 20985 | B79: DER/ES | C79: Sarrafo de madeira pinus 10 x 2.5cm | D79: M | E79: 4.08
A80: 20987 | B80: DER/ES | C80: Tabua de madeira pinus 30 x 2.5 cm (taipa de 1ª) | D80: M2 | E80: 48.88
A81: 20988 | B81: DER/ES | C81: Tabua de madeira pinus 30 x 2.5 cm | D81: M | E81: 14.66
A82: 210 | B82: DER/ES | C82: Madeiras
A83: 21005 | B83: DER/ES | C83: Madeira de lei para telhado colonial/telha francesa | D83: M3 | E83: 7000
A84: 21009 | B84: DER/ES | C84: Pontalete de madeira bruta de 3ª 8.0 x 8.0 cm | D84: M | E84: 9.74
A85: 21018 | B85: DER/ES | C85: Sarrafo de madeira de lei 8 x 2.5 cm (bruta) | D85: M | E85: 17.3
A86: 21023 | B86: DER/ES | C86: Taco p/ fixacao de batente/rodape 10x10x2,5 cm | D86: UN | E86: 4.15
A87: 21028 | B87: DER/ES | C87: Chapa compensado naval esp. 15 mm, dim. 2.20 x 1.60 m | D87: FL | E87: 244.2
A88: 21030 | B88: DER/ES | C88: Chapa compensada resinada esp. 6mm | D88: M2 | E88: 22.14
A89: 21031 | B89: DER/ES | C89: Chapa compensada resinada esp. 10mm | D89: M2 | E89: 28.53
A90: 21032 | B90: DER/ES | C90: Chapa compensada resinada esp. 12mm | D90: M2 | E90: 42.64
A91: 21033 | B91: DER/ES | C91: Chapa compensada plastificada esp. 12mm | D91: M2 | E91: 47.61
A92: 21040 | B92: DER/ES | C92: Peca em madeira de lei 8.0 x 8.0 cm | D92: M | E92: 55.58
A93: 21041 | B93: DER/ES | C93: Peca em madeira de lei 5.0 x 10.0 cm (aparelhada) | D93: M | E93: 31.77
A94: 21042 | B94: DER/ES | C94: Peca em madeira de lei 7.0 x 12.0 cm (aparelhada) | D94: M | E94: 63.92
... A100: 21091 | B100: DER/ES | C100: Formica lisa brilhante | D100: M2 | E100: 51.66
A101: 211 | B101: DER/ES | C101: Madeiras - continuacao
A102: 21108 | B102: DER/ES | C102: Tabua em madeira de lei de 20 cm de largura | D102: M | E102: 72.17
A103: 21109 | B103: DER/ES | C103: Escora de eucalipto (comp.=3.50m) | D103: DZ | E103: 182.33
A104: 21111 | B104: DER/ES | C104: Peca em madeira e lei 6x16cm (bruta) | D104: M | E104: 54.9
A105: 21118 | B105: DER/ES | C105: Peca em madeira de lei 7x12cm (bruta) | D105: M | E105: 50.84
A106: 21144 | B106: DER/ES | C106: Peca em madeira de lei 7x5cm (bruta) | D106: M | E106: 23.48
A107: 21151 | B107: DER/ES | C107: Peca em madeira de lei 2x1 cm (bruta) | D107: M | E107: 4.69
A108: 21170 | B108: DER/ES | C108: Peca em madeira de lei 8.5 x 2 cm (bruta) | D108: M | E108: 17.33
A109: 212 | B109: DER/ES | C109: Formas e escoramentos
A110: 21205 | B110: DER/ES | C110: Andaime met tubular fachada - locacao (m/mês) | D110: M | E110: 15.67
A111: 21211 | B111: DER/ES | C111: Andaime para fachada (locação mensal) | D111: M2 | E111: 16.67
A112: 213 | B112: DER/ES | C112: Madeiras - continuacao
A113: 21305 | B113: DER/ES | C113: Peca em madeira de lei 7 x 5 cm (aparelhada) | D113: M | E113: 30.45
A114: 21368 | B114: DER/ES | C114: Ripa em madeira (material de 3ª) 5x2cm pinus ou equivalente | D114: M | E114: 4.6
A115: 215 | B115: DER/ES | C115: Armaduras para concreto
A116: 21516 | B116: DER/ES | C116: Aco ca-50 de 6.3mm | D116: KG | E116: 6.37
A117: 21517 | B117: DER/ES | C117: Aco ca-50 de 8.0mm | D117: KG | E117: 6.26
A118: 21521 | B118: DER/ES | C118: Aco ca-50 de 20.0mm | D118: KG | E118: 6.21
A119: 21532 | B119: DER/ES | C119: Aco ca-60 de 5.0mm | D119: KG | E119: 7.72
A120: 21543 | B120: DER/ES | C120: Tela soldada em aço tipo telcon q-138 p/ armadura | D120: M2 | E120: 18.84
A121: 220 | B121: DER/ES | C121: Lajes e paineis pre-fabricados
...

Sheet BDI
B2: PREFEITURA MUNICIPAL DE SÃO ROQUE DO CANAÃ ESTADO DO ESPÍRITO SANTO SECRETARIA MUNICIPAL DE OBRAS E SERVIÇOS URBANOS – SETOR DE ENGENHARIA TAXA DE BDI PADRÃO APLICÁVEL
B4: OBRA: | C4: Reforma Unidade de Saúde Ethevaldo Francisco Roldi
B5: LOCAL: | C5: Rua Olivio Perini- n: 107, Cinco Casinhas - São Roque do Canaã | E5: DATA: FEV/2024
B7: 1. Regime de Contribuição Previdenciária
C8: Sem Desoneração
B10: 2. Tipo de Intervenção
C11: Edificações
B13: 3. Incidências sobre o custo
C15: Administração Central - AC* | D15: 4.06 | E15: %
C16: Administração Local - AL* | D16: 0 | E16: %
C17: Riscos, Garantias e Seguros - R* | D17: 1 | E17: %
C18: Despesas e Encargos Financeiros - DF* | D18: 0.61 | E18: %
C20: Lucro - L* | D20: 8 | E20: %
B22: 4 – Incidências sobre o preço de venda
C24: Despesas Tributárias - DT | D24: =D25+D26+D27 -> 6.65 | E24: %
C25: ISS* | D25: 3 | E25: %
C26: COFINS* | D26: 3 | E26: %
C27: PIS* | D27: 0.65 | E27: %
B29: 5 – BDI | C29: ((1+(AC+S+R+G))(1+DF)(1+L))/(1 – I)) -1 = | D29: =((1+D15/100+D16/100+D17/100)*(1+D18/100)*(1+D20/100))/(1-D24/100)-1 -> 0.22289165
B32: 6 – BDI MATERIAL
C33: Valor obtido da Resolução TC Nº 366, de 22 de novembro de 2022 | D33: 0.1557
B35: Observações: Os valores de administração central; administração local; riscos, garantias e seguros; CONFINS; PIS; despesas e encargos financeiros; e lucro foram retirados da Resolução TC Nº 366, de 22 de novembro de 2022, bem como os dados para cálculo do BDI.
B36: ISS: De acordo com o Código Tributário do município de São Roque do Canaã, local onde a obra será executada, a alíquota do ISS é de 5% em relação à mão de obra do serviço. No entanto, segundo o art 91 § 8º da Lei Complementar 02/2022 da PMSRC, quando se tornar difícil a verificação do preço dos materiais aplicados à obra ou caso o contribuinte queira optar pelo regime presumido de dedução de materiais, sem a obrigatoriedade da comprovação, poderá ser optado a utilização da base de cálculo estimada do ISSQN no valor de 40% (quarenta por cento). Portanto o valor do ISS adotado é de 3,0% do custo total da obra.
